Workbook

Sheet Índice global
B2: > RELATÓRIO DO ORÇAMENTO DO ESTADO* > ELEMENTOS INFORMATIVOS E COMPLEMENTARES* Quadros | Gráficos | Tabelas
B3: RELATÓRIO | ÍNDICE DOS QUADROS
B4: RELATÓRIO | ÍNDICE DOS GRÁFICOS
B5: RELATÓRIO | ÍNDICE DOS ANEXOS
B6: ELEMENTOS INFORMATIVOS E COMPLEMENTARES | ÍNDICE DE QUADROS GRÁFICOS E TABELAS
B8: * O presente ficheiro é uma publicação do Ministério das Finanças. Compila os quadros, gráficos e tabelas que integram o «Relatório do Orçamento do Estado para 2027», bem como os respetivos «Elementos Informativos e Complementares». Em caso de eventual inconsistência, prevalecem os valores dos documentos orçamentais originais (Articulado, Mapas Contabilísticos [Mapas da Lei], Relatório, Elementos Informativos e Complementares).
B9: outubro de 2026

Sheet Rel. OE2027 | Quadros
B4: ÍNDICE DE QUADROS DO RELATÓRIO QUE ACOMPANHA A PROPOSTA DE ORÇAMENTO DO ESTADO PARA 2027
B5: ='CAP. 2'!A5 -> 2. Economia Portuguesa: Evolução Recente e Perspetivas para 2027
B6: ='Q-2.1'!$B$9 -> Quadro 2.1. Enquadramento internacional: principais hipóteses externas
B7: ='Q-2.2'!$B$9 -> Quadro 2.2. PIB e componentes da despesa
B8: ='Q-2.3'!$B$9 -> Quadro 2.3. Cenário macroeconómico
B9: ='Q-2.4'!$B$9 -> Quadro 2.4. Previsões de outras instituições para 2026-2027
B10: ='CAP. 3'!A5 -> 3. Situação Financeira das Administrações Públicas: Contabilidade Nacional
B11: ='Q-3.1'!$B$9 -> Quadro 3.1. Conta das Administrações Públicas: 2026-2027
B12: ='Q-3.2'!$B$9 -> Quadro 3.2. Principais medidas de política orçamental com impacto em 2027
B13: ='Q-3.3'!$B$9 -> Quadro 3.3. Passagem de saldos de contabilidade pública a contabilidade nacional
B14: ='Q-3.4'!$B$9 -> Quadro 3.4. Despesa líquida e conta de controlo
B15: ='Q-3.5'!$B$9 -> Quadro 3.5. Despesa líquida e conta de controlo ajustada
B16: ='Q-3.6'!$B$9 -> Quadro 3.6. Dívida pública
B17: ='CAP. 4'!A5 -> 4. Situação Financeira das Administrações Públicas: Contabilidade Pública
B18: ='Q-4.1'!$B$9 -> Quadro 4.1. Conta das Administrações Públicas em contabilidade pública
B19: ='Q-4.2'!$B$9 -> Quadro 4.2. Conta consolidada da Administração Central: contabilidade pública
B20: ='Q-4.3'!$B$9 -> Quadro 4.3. Receita da Administração Central
B21: ='Q-4.4'!$B$9 -> Quadro 4.4. Receita fiscal do Estado
B22: ='Q-4.5'!$B$9 -> Quadro 4.5. Despesa fiscal do Estado por imposto
B23: ='Q-4.6'!$B$9 -> Quadro 4.6. Despesa fiscal do Estado por função
B24: ='Q-4.7'!$B$9 -> Quadro 4.7. Evolução da despesa efetiva consolidada da Administração Central
B25: ='Q-4.8'!$B$9 -> Quadro 4.8. Despesas com o pessoal da Administração Central
B26: ='Q-4.9'!$B$9 -> Quadro 4.9. Despesa com juros e outros encargos da Administração Central
B27: ='Q-4.10'!$B$9 -> Quadro 4.10. Despesa com transferências correntes e de capital da Administração Central
B28: ='Q-4.11'!$B$9 -> Quadro 4.11. Orçamento da Entidade Contabilística Estado
B29: ='Q-4.12'!$B$9 -> Quadro 4.12. Receitas e despesas da Administração Local
B30: ='Q-4.13'!$B$9 -> Quadro 4.13. Transferências do Orçamento do Estado para a Administração Local
B31: ='Q-4.14'!$B$9 -> Quadro 4.14. Receitas e despesas da Administração Regional
B32: ='Q-4.15'!$B$9 -> Quadro 4.15. Transferências do Orçamento do Estado para a Administração Regional
B33: ='Q-4.16'!$B$9 -> Quadro 4.16. Transferências totais para a Administração Local e Regional
B34: ='Q-4.17'!$B$9 -> Quadro 4.17. Principais receitas e despesas da Segurança Social
B35: ='Q-4.18'!$B$9 -> Quadro 4.18. Investimentos estruturantes: Administração Central e Segurança Social — Parte I
B36: ='Q-4.19'!$B$9 -> Quadro 4.19. Investimentos estruturantes: Administração Central e Segurança Social — Parte II
B37: ='Q-4.20'!$B$9 -> Quadro 4.20. Investimentos estruturantes: Administração Central e Segurança Social — Parte III
B38: ='Q-4.21'!$B$9 -> Quadro 4.21. Investimentos estruturantes: Administração Central e Segurança Social — Parte IV
B39: ='Q-4.22'!$B$9 -> Quadro 4.22. Síntese evolutiva das participações do Estado
B40: ='Q-4.23'!$B$9 -> Quadro 4.23. Dividendos pagos e/ou a pagar ao Estado / Entidade do Tesouro e Finanças pelas empresas públicas
B41: ='Q-4.24'!$B$9 -> Quadro 4.24. Fluxos financeiros entre Portugal e a União Europeia
B42: ='Q-4.25'!$B$9 -> Quadro 4.25. Previsão dos encargos plurianuais com as parcerias público-privadas
B43: ='Q-4.26'!$B$9 -> Quadro 4.26. Estrutura da dívida direta do Estado
B44: ='Q-4.27'!$B$9 -> Quadro 4.27. Necessidades e fontes de financiamento do Estado em 2025-2027
B45: ='Q-4.28'!$B$9 -> Quadro 4.28. Composição do financiamento do Estado em 2026
B46: ='Q-4.29'!$B$9 -> Quadro 4.29. Composição do financiamento do Estado em 2027
B47: ='Q-4.30'!$B$9 -> Quadro 4.30. Situação da tesouraria: saldos pontuais
B48: ='Q-4.31'!$B$9 -> Quadro 4.31. Centralização de fundos de terceiros
B49: ='Q-4.32'!$B$9 -> Quadro 4.32. Despesa total consolidada de cada Programa Legado
B50: ='Q-4.33'!$B$9 -> Quadro 4.33. Despesa: atividades e projetos
B51: ='Q-4.34'!$B$9 -> Quadro 4.34. Projetos: por tipo de despesa e fonte de financiamento
B52: ='Q-4.35'!$B$9 -> Quadro 4.35. Projetos: por Programa Legado
B53: ='Q-4.36'!$B$9 -> Quadro 4.36. Projetos: por Programa Legado e fonte de financiamento
B54: ='Q-4.37'!$B$9 -> Quadro 4.37. Projetos novos e em curso
B55: ='Q-4.38'!$B$9 -> Quadro 4.38. Projetos por agrupamento económico
B56: ='Q-4.39'!$B$9 -> Quadro 4.39. Projetos: regionalização — óticas NUTS I e II
B57: ='Q-4.40'!$B$9 -> Quadro 4.40. Plano de Transformação, Recuperação e Resiliência: despesa por Programa Legado
B58: ='Q-4.41'!$B$9 -> Quadro 4.41. Quadro plurianual das despesas públicas
B59: ='Q-4.42'!$B$9 -> Quadro 4.42. Recursos humanos nas Administrações Públicas
B60: ='CAP. 5'!A5 -> 5. Orçamentação por Programas e Políticas Públicas Setoriais
B61: ='Q-5.1'!$B$9 -> Quadro 5.1. Objetivos e indicadores da Missão de Base Orgânica Encargos Gerais do Estado
B62: ='Q-5.2'!$B$9 -> Quadro 5.2. Órgãos de Soberania (PL01) — Conta do Programa Legado
B63: ='Q-5.3'!$B$9 -> Quadro 5.3. Órgãos de Soberania (PL01) — Dotações específicas
B64: ='Q-5.4'!$B$9 -> Quadro 5.4. Órgãos de Soberania (PL01) — Fundo de financiamento da descentralização
B65: ='Q-5.5'!$B$9 -> Quadro 5.5. Objetivos e indicadores da Missão de Base Orgânica Presidência do Conselho de Ministros
B66: ='Q-5.6'!$B$9 -> Quadro 5.6. Governação (PL02) — Conta do Programa Legado
B67: ='Q-5.7'!$B$9 -> Quadro 5.7. Governação (PL02) — Dotações específicas
B68: ='Q-5.8'!$B$9 -> Quadro 5.8. Objetivos e indicadores da Missão de Base Orgânica Negócios Estrangeiros
B69: ='Q-5.9'!$B$9 -> Quadro 5.9. Representação Externa (PL03) — Conta do Programa Legado
B70: ='Q-5.10'!$B$9 -> Quadro 5.10. Objetivos e indicadores da Missão de Base Orgânica Finanças
B71: ='Q-5.11'!$B$9 -> Quadro 5.11. Finanças (PL04) — Conta do Programa Legado
B72: ='Q-5.12'!$B$9 -> Quadro 5.12. Finanças (PL04) — Dotações específicas
B73: ='Q-5.13'!$B$9 -> Quadro 5.13. Finanças (PL04) — Despesas excecionais
B74: ='Q-5.14'!$B$9 -> Quadro 5.14. Gestão da Dívida Pública (PL05) — Conta do Programa Legado
B75: ='Q-5.15'!$B$9 -> Quadro 5.15. Objetivos e indicadores da Missão de Base Orgânica Economia e Coesão Teritorial
B76: ='Q-5.16'!$B$9 -> Quadro 5.16. Economia (PL06) — Conta do Programa Legado
B77: ='Q-5.17'!$B$9 -> Quadro 5.17. Economia (PL06) — Dotações específicas
B78: ='Q-5.18'!$B$9 -> Quadro 5.18. Coesão Territorial (PL07) — Conta do Programa Legado
B79: ='Q-5.19'!$B$9 -> Quadro 5.19. Objetivos e indicadores da Missão de Base Orgânica Reforma do Estado
B80: ='Q-5.20'!$B$9 -> Quadro 5.20. Reforma do Estado (PL08) — Conta do Programa Legado
B81: ='Q-5.21'!$B$9 -> Quadro 5.21. Objetivos e indicadores da Missão de Base Orgânica Defesa Nacional
B82: ='Q-5.22'!$B$9 -> Quadro 5.22. Defesa (PL09) — Conta do Programa Legado
B83: ='Q-5.23'!$B$9 -> Quadro 5.23. Defesa (PL09) — Dotações específicas
B84: ='Q-5.24'!$B$9 -> Quadro 5.24. Objetivos e indicadores da Missão de Base Orgânica Infraestruturas e Habitação
B85: ='Q-5.25'!$B$9 -> Quadro 5.25. Infraestruturas e Habitação (PL10) — Conta do Programa Legado
B86: ='Q-5.26'!$B$9 -> Quadro 5.26. Infraestruturas e Habitação (PL10) — Dotações específicas
B87: ='Q-5.27'!$B$9 -> Quadro 5.27. Objetivos e indicadores da Missão de Base Orgânica Justiça
B88: ='Q-5.28'!$B$9 -> Quadro 5.28. Justiça (PL11) — Conta do Programa Legado
B89: ='Q-5.29'!$B$9 -> Quadro 5.29. Objetivos e indicadores da Missão de Base Orgânica Administração Interna
B90: ='Q-5.30'!$B$9 -> Quadro 5.30. Segurança Interna (PL12) — Conta do Programa Legado
B91: ='Q-5.31'!$B$9 -> Quadro 5.31. Segurança Interna (PL12) — Dotações específicas
B92: ='Q-5.32'!$B$9 -> Quadro 5.32. Objetivos e indicadores da Missão de Base Orgânica Educação, Ciência e Inovação
B93: ='Q-5.33'!$B$9 -> Quadro 5.33. Educação (PL13) — Conta do Programa Legado
B94: ='Q-5.34'!$B$9 -> Quadro 5.34. Educação (PL13) — Dotações específicas
B95: ='Q-5.35'!$B$9 -> Quadro 5.35. Ensino Superior, Ciência e Inovação (PL14) — Conta do Programa Legado
B96: ='Q-5.36'!$B$9 -> Quadro 5.36. Objetivos e indicadores da Missão de Base Orgânica Saúde
B97: ='Q-5.37'!$B$9 -> Quadro 5.37. Saúde (PL15) — Conta do Programa Legado
B98: ='Q-5.38'!$B$9 -> Quadro 5.38. Saúde (PL15) — Dotações específicas
B99: ='Q-5.39'!$B$9 -> Quadro 5.39. Objetivos e indicadores da Missão de Base Orgânica Trabalho, Solidariedade e Segurança Social
B100: ='Q-5.40'!$B$9 -> Quadro 5.40. Objetivos e indicadores da Missão de Base Orgânica Orçamento da Segurança Social
B101: ='Q-5.41'!$B$9 -> Quadro 5.41. Trabalho, Solidariedade e Segurança Social (PL16) — Conta do Programa Legado
B102: ='Q-5.42'!$B$9 -> Quadro 5.42. Trabalho, Solidariedade e Segurança Social (PL16) — Dotações específicas
B103: ='Q-5.43'!$B$9 -> Quadro 5.43. Objetivos e indicadores da Missão de Base Orgânica Ambiente e Energia
...

Sheet Rel. OE2027 | Gráficos
B4: ÍNDICE DE GRÁFICOS DO RELATÓRIO QUE ACOMPANHA A PROPOSTA DE ORÇAMENTO DO ESTADO PARA 2027
B5: ='CAP. 2'!A5 -> 2. Economia Portuguesa: Evolução Recente e Perspetivas para 2027
B6: ='G-2.1'!$B$9 -> Gráfico 2.1. Índice de incerteza global e do comércio
B7: ='G-2.2'!$B$9 -> Gráfico 2.2. Média do Preço do Petróleo brent e do gasóleo
B8: ='G-2.3'!$B$9 -> Gráfico 2.3. PIB das principais economias mundiais
B9: ='G-2.4'!$B$9 -> Gráfico 2.4. Taxa de inflação
B10: ='G-2.5'!$B$9 -> Gráfico 2.5. Taxa de juro de curto prazo
B11: ='G-2.6'!$B$9 -> Gráfico 2.6. Yields de dívida soberana a dez anos nas economias avançadas
B12: ='G-2.7'!$B$9 -> Gráfico 2.7. PIB e componentes
B13: ='G-2.8'!$B$9 -> Gráfico 2.8. Consumo privado e componentes
B14: ='G-2.9'!$B$9 -> Gráfico 2.9. Taxa de poupança e rendimento disponível
B15: ='G-2.10'!$B$9 -> Gráfico 2.10. Formação bruta de capital fixo e componentes
B16: ='G-2.11'!$B$9 -> Gráfico 2.11. Evolução do stock de capital público
B17: ='G-2.12'!$B$9 -> Gráfico 2.12. Stock de capital público por tipo de ativo
B18: ='G-2.13'!$B$9 -> Gráfico 2.13. Evolução das exportações em termos reais
B19: ='G-2.14'!$B$9 -> Gráfico 2.14. Emprego e taxa de desemprego
B20: ='G-2.15'!$B$9 -> Gráfico 2.15. Contributos para a evolução da inflação: índice de preços no consumidor
B21: ='G-2.16'!$B$9 -> Gráfico 2.16. Inflação: índice harmonizado de preços no consumidor
B22: ='CAP. 3'!A5 -> 3. Situação Financeira das Administrações Públicas: Contabilidade Nacional
B23: ='G-3.1'!$B$9 -> Gráfico 3.1. Passagem do saldo orçamental de 2025 para o saldo de 2026
B24: ='G-3.2'!$B$9 -> Gráfico 3.2. Carga fiscal de impostos
B25: ='G-3.3'!$B$9 -> Gráfico 3.3. Despesa corrente primária sem PRR e sem medidas extraordinárias
B26: ='G-3.4'!$B$9 -> Gráfico 3.4. Investimento e despesa de capital total
B27: ='G-3.5'!$B$9 -> Gráfico 3.5. Trajetória da dívida pública
B28: ='G-3.6'!$B$9 -> Gráfico 3.6. Ratings da República
B29: ='CAP. 4'!A5 -> 4. Situação Financeira das Administrações Públicas: Contabilidade Pública
B30: ='G-4.1'!$B$9 -> Gráfico 4.1. Despesa fiscal do Estado
B31: ='G-4.2'!$B$9 -> Gráfico 4.2. Despesa fiscal do Estado por função
B32: ='G-4.3'!$B$9 -> Gráfico 4.3. Despesa fiscal do Estado por tipo
B33: ='G-4.4'!$B$9 -> Gráfico 4.4. Despesa fiscal do Estado: IRS por função
B34: ='G-4.5'!$B$9 -> Gráfico 4.5. Despesa fiscal do Estado: IRS por tipo
B35: ='G-4.6'!$B$9 -> Gráfico 4.6. Despesa fiscal do Estado: IRC por função
B36: ='G-4.7'!$B$9 -> Gráfico 4.7. Despesa fiscal do Estado: IRC por tipo
B37: ='G-4.8'!$B$9 -> Gráfico 4.8. Despesa fiscal do Estado: IVA por função
B38: ='G-4.9'!$B$9 -> Gráfico 4.9. Despesa fiscal do Estado: IVA por tipo
B39: ='G-4.10'!$B$9 -> Gráfico 4.10. Despesa fiscal do Estado: IEC e ISV por função
B40: ='G-4.11'!$B$9 -> Gráfico 4.11. Despesa fiscal do Estado: IEC e ISV por tipo
B41: ='G-4.12'!$B$9 -> Gráfico 4.12. Despesa fiscal do Estado: IS por função
B42: ='G-4.13'!$B$9 -> Gráfico 4.13. Despesa fiscal do Estado: IS por tipo
B43: ='G-4.14'!$B$9 -> Gráfico 4.14. Despesa fiscal do Estado: IUC por função
B44: ='G-4.15'!$B$9 -> Gráfico 4.15. Despesa fiscal do Estado: IUC por tipo
B45: ='G-4.16'!$B$9 -> Gráfico 4.16. Saldo orçamental da Administração Regional e Local
B46: ='CAP. 5'!A5 -> 5. Orçamentação por Programas e Políticas Públicas Setoriais
B47: ='G-5.1'!$B$9 -> Gráfico 5.1. Despesa da Missão de Base Orgânica Encargos Gerais do Estado desagregada nas principais fontes de financiamento e programas
B48: ='G-5.2'!$B$9 -> Gráfico 5.2. Despesa da Missão de Base Orgânica Presidência do Conselho de Ministros desagregada nas principais fontes de financiamento e programas
B49: ='G-5.3'!$B$9 -> Gráfico 5.3. Despesa da Missão de Base Orgânica Negócios Estrangeiros desagregada nas principais fontes de financiamento e programas
B50: ='G-5.4'!$B$9 -> Gráfico 5.4. Despesa da Missão de Base Orgânica Finanças desagregada nas principais fontes de financiamento e programas
B51: ='G-5.5'!$B$9 -> Gráfico 5.5. Despesa da Missão de Base Orgânica Economia e Coesão Territorial desagregada nas principais fontes de financiamento e programas
B52: ='G-5.6'!$B$9 -> Gráfico 5.6. Despesa da Missão de Base Orgânica Reforma do Estado desagregada nas principais fontes de financiamento e programas
B53: ='G-5.7'!$B$9 -> Gráfico 5.7. Despesa da Missão de Base Orgânica Defesa Nacional desagregada nas principais fontes de financiamento e programas
B54: ='G-5.8'!$B$9 -> Gráfico 5.8. Despesa da Missão de Base Orgânica Infraestruturas e Habitação desagregada nas principais fontes de financiamento e programas
B55: ='G-5.9'!$B$9 -> Gráfico 5.9. Despesa da Missão de Base Orgânica Justiça desagregada nas principais fontes
B56: ='G-5.10'!$B$9 -> Gráfico 5.10. Despesa da Missão de Base Orgânica Administração Interna desagregada nas principais fontes de financiamento e programas
B57: ='G-5.11'!$B$9 -> Gráfico 5.11. Despesa da Missão de Base Orgânica Educação, Ciência e Inovação desagregada nas principais fontes de financiamento e programas
B58: ='G-5.12'!$B$9 -> Gráfico 5.12. Despesa da Missão de Base Orgânica Saúde desagregada nas principais fontes de financiamento e programas
B59: ='G-5.13'!$B$9 -> Gráfico 5.13. Despesa da Missão de Base Orgânica Trabalho, Solidariedade e Segurança Social desagregada nas principais fontes de financiamento e programas
B60: ='G-5.14'!$B$9 -> Gráfico 5.14. Despesa da Missão de Base Orgânica Ambiente e Energia desagregada nas principais fontes de financiamento e programas
B61: ='G-5.15'!$B$9 -> Gráfico 5.15. Despesa da Missão de Base Orgânica Cultura, Juventude e Desporto desagregada nas principais fontes de financiamento e programas
B62: ='G-5.16'!$B$9 -> Gráfico 5.16. Despesa da Missão de Base Orgânica Agricultura e Mar desagregada nas principais fontes de financiamento e programas
B63: ='CAP. 6'!A5 -> 6. Riscos Orçamentais e Análise de Sustentabilidade
B64: ='G-6.1'!$B$9 -> Gráfico 6.1. Variação do crescimento da procura externa em 2 pp
B65: ='G-6.2'!$B$9 -> Gráfico 6.2. Variação do preço do petróleo em 20%
B66: ='G-6.3'!$C$9 -> Gráfico 6.3. Variação da taxa de juro de curto prazo em 2 pp
B67: ='G-6.4'!$B$9 -> Gráfico 6.4. Variação do crescimento da procura interna em 1 pp
B68: ='G-6.5'!$B$9 -> Gráfico 6.5. Curva de rendimentos da dívida pública portuguesa
B69: ='G-6.6'!$B$9 -> Gráfico 6.6. Dívida pública: cenário determinístico
B70: ='G-6.7'!$B$9 -> Gráfico 6.7. Dívida pública: simulação estocástica
B71: ='G-6.8'!$B$9 -> Gráfico 6.8. Projeção para os saldos do sistema previdencial — repartição
B72: ='G-6.9'!$B$9 -> Gráfico 6.9. Impacto no saldo de alterações metodológicas e alteração dos dados base
B73: ='G-6.10'!$B$9 -> Gráfico 6.10. Projeção para a carteira do Fundo de Estabilização Financeira da Segurança Social
B74: ='CAP. 7'!A5 -> 7. Reforma das Finanças Públicas
B75: ='G-7.1'!$B$9 -> Gráfico 7.1. Revisão de despesa: poupanças por ciclos orçamentais e tópicos
B76: ='G-7.2'!$B$9 -> Gráfico 7.2. Evolução da afetação do Orçamento do Estado aos Objetivos de Desenvolvimento Sustentável
B77: ='G-7.3'!$B$9 -> Gráfico 7.3. Despesa favorável e não favorável face aos objetivos climáticos e ambientais
B78: ='G-7.4'!$B$9 -> Gráfico 7.4. Despesa favorável da Administração Central por objetivo ambiental
B79: ='G-7.5'!$B$9 -> Gráfico 7.5. Despesa da Administração Central, favorável e não favorável, por Ministério
B80: ='G-7.6'!$B$9 -> Gráfico 7.6. Receita verde

Sheet Rel. OE2027 | Anexos
B4: ÍNDICE DE QUADROS DOS ANEXOS DO RELATÓRIO QUE ACOMPANHA A PROPOSTA DE ORÇAMENTO DO ESTADO PARA 2027
B5: ='Q-A1.1'!$B$9 -> Quadro A1.1. Quadro de políticas invariantes
B6: ='Q-A2.1'!$B$9 -> Quadro A2.1. Contas das Administrações Públicas: ótica da contabilidade nacional
B7: ='Q-A2.2'!$B$9 -> Quadro A2.2. Contas das Administrações Públicas: variações absoluta e relativa — ótica da contabilidade nacional
B8: ='Q-A2.3'!$B$9 -> Quadro A2.3. Contas das Administrações Públicas: ótica da contabilidade pública
B9: ='Q-A2.4'!$B$9 -> Quadro A2.4. Conta das Administrações Públicas: variações absoluta e relativa — ótica da contabilidade pública
B10: ='Q-A3.1'!$B$9 -> Quadro A3.1. Alterações ao perímetro da Administração Central em 2027 (excluindo as novas entidades públicas reclassificadas)
B11: ='Q-A3.2'!$B$9 -> Quadro A3.2. Alterações ao perímetro das Entidades Públicas Reclassificadas na Administração Central em 2027
B12: ='Q-A3.3'!$B$9 -> Quadro A3.3. Entidades não incluídas no Orçamento do Estado para 2027 face à lista do Instituto Nacional de Estatística
B13: ='Q-A4.1'!$B$9 -> Quadro A4.1. Lista de entidades da Administração Central e Segurança Social
B14: ='Q-A5.1'!$B$9 -> Quadro A5.1. Transferências para entidades não integradas no setor da Administração Central
B15: ='Q-A6.1'!$B$9 -> Quadro A6.1. Fluxos para as Regiões Autónomas
B16: ='Q-A6.2'!$B$9 -> Quadro A6.2. Fluxos para a Administração Local
B17: ='Q-A7.1'!$B$9 -> Quadro A7.1. Balanço consolidado da Segurança Social: 2025
B18: ='Q-A7.2'!$B$9 -> Quadro A7.2. Demonstração dos resultados por naturezas consolidada da Segurança Social do período findo em 31 de dezembro de 2025

Sheet Elem. Inform. Comp.
B4: ELEMENTOS INFORMATIVOS E COMPLEMENTARES DO RELATÓRIO QUE ACOMPANHAM A PROPOSTA DE ORÇAMENTO DO ESTADO PARA 2027
B5: 1. Notas Metodológicas
B6: ='EIC-G-1.1'!$B$9 -> Gráfico 1.1. Diagrama de interdependência do modelo macroeconométrico
B7: ='EIC-Q-1.1'!$B$9 -> Quadro 1.1. Estrutura de referência de orçamentação verde
B8: ='EIC-G-1.2'!$B$9 -> Gráfico 1.2. Taxonomia europeia de objetivos climáticos e ambientais
B9: ='EIC | Cap. 2'!$A$5 -> 2. Relatório sobre a Sustentabilidade Financeira da Segurança Social
B10: ='EIC-G-2.1'!$B$9 -> Gráfico 2.1. Sistema Previdencial-Repartição: receitas, despesas e saldo corrente
B11: ='EIC-G-2.2'!$B$9 -> Gráfico 2.2. Sistema Previdencial-Repartição: saldo e transferências para o FEFSS
B12: ='EIC-Q-2.1'!$B$9 -> Quadro 2.1. Sistema Previdencial-Repartição: distribuição da despesa corrente
B13: ='EIC-Q-2.2'!$B$9 -> Quadro 2.2. Número de pessoas singulares com contribuições pagas à Segurança Social
B14: ='EIC-Q-2.3'!$B$9 -> Quadro 2.3. Remunerações totais declaradas médias
B15: ='EIC-Q-2.4'!$B$9 -> Quadro 2.4. Receita com contribuições e quotizações - Sistema Previdencial-Repartição
B16: ='EIC-Q-2.5'!$B$9 -> Quadro 2.5. Idade média: pessoas singulares
B17: ='EIC-G-2.3'!$B$9 -> Gráfico 2.3. Número de pessoas singulares, por sexo e escalão etário
B18: ='EIC-G-2.4'!$B$9 -> Gráfico 2.4. Remuneração média mensal declarada, por sexo e escalão etário
B19: ='EIC-G-2.5'!$B$9 -> Gráfico 2.5. Carreira contributiva média, por idade e sexo
B20: ='EIC-G-2.6'!$B$9 -> Gráfico 2.6. Remuneração média mensal declarada, por sexo e enquadramento contributivo
B21: ='EIC-G-2.7'!$B$9 -> Gráfico 2.7. Nacionalidade das pessoas singulares com contribuições
B22: ='EIC-G-2.8'!$B$9 -> Gráfico 2.8. Nacionalidade por tipo de enquadramento contributivo
B23: ='EIC-G-2.9'!$B$9 -> Gráfico 2.9. Distribuição percentual de pessoas singulares, por nacionalidade, sexo e escalão etário
B24: ='EIC-G-2.10'!$B$9 -> Gráfico 2.10. Remunerações médias mensais declaradas por nacionalidade
B25: ='EIC-Q-2.6'!$B$9 -> Quadro 2.6. Despesa do Sistema Previdencial-Repartição: pensões, prestações e outros
B26: ='EIC-Q-2.7'!$B$9 -> Quadro 2.7. Número de pensões de velhice, invalidez e sobrevivência
B27: ='EIC-Q-2.8'!$B$9 -> Quadro 2.8. Despesa com pensões de velhice - Sistema Previdencial-Repartição
B28: ='EIC-Q-2.9'!$B$9 -> Quadro 2.9. Número de pensões de velhice
B29: ='EIC-G-2.11'!$B$9 -> Gráfico 2.11. Pensões de velhice, por sexo e escalão etário
B30: ='EIC-Q-2.10'!$B$9 -> Quadro 2.10. Valor médio da pensão de velhice
B31: ='EIC-Q-2.11'!$B$9 -> Quadro 2.11. Valor médio da pensão estatutária de velhice
B32: ='EIC-G-2.12'!$B$9 -> Gráfico 2.12. Valor médio da pensão estatutária de velhice, por sexo e escalão etário
B33: ='EIC-G-2.13'!$B$9 -> Gráfico 2.13. Valor médio da pensão de velhice, por sexo e escalão etário
B34: ='EIC-G-2.14'!$B$9 -> Gráfico 2.14. Carreira contributiva média dos pensionistas de velhice, por sexo e escalão etário
B35: ='EIC-Q-2.12'!$B$9 -> Quadro 2.12. Número de pensões de velhice por escalões do valor de pensão
B36: ='EIC-G-2.15'!$B$9 -> Gráfico 2.15. Pensões de velhice, por escalão etário e escalão do valor
B37: ='EIC-G-2.16'!$B$9 -> Gráfico 2.16. Novas pensões de velhice, por escalão etário e escalão do valor
B38: ='EIC-Q-2.13'!$B$9 -> Quadro 2.13. Número de novas pensões de velhice por escalões do valor de pensão
B39: ='EIC-Q-2.14'!$B$9 -> Quadro 2.14. Idade média dos pensionistas de velhice
B40: ='EIC-Q-2.15'!$B$9 -> Quadro 2.15. Carreira contributiva média dos pensionistas de velhice
B41: ='EIC-Q-2.16'!$B$9 -> Quadro 2.16. Despesa com pensões de invalidez
B42: ='EIC-Q-2.17'!$B$9 -> Quadro 2.17. Número de pensões de invalidez
B43: ='EIC-Q-2.18'!$B$9 -> Quadro 2.18. Valor médio da pensão de invalidez
B44: ='EIC-Q-2.19'!$B$9 -> Quadro 2.19. Número de pensões de invalidez por escalões do valor de pensão
B45: ='EIC-Q-2.20'!$B$9 -> Quadro 2.20. Número de novas pensões de invalidez por escalões do valor de pensão
B46: ='EIC-Q-2.21'!$B$9 -> Quadro 2.21. Idade média dos pensionistas por invalidez
B47: ='EIC-G-2.17'!$B$9 -> Gráfico 2.17. Carreira contributiva média dos pensionistas de invalidez, por sexo e escalão etário
B48: ='EIC-Q-2.22'!$B$9 -> Quadro 2.22. Carreira contributiva média dos pensionistas por invalidez
B49: ='EIC-Q-2.23'!$B$9 -> Quadro 2.23. Despesa com pensões de sobrevivência
B50: ='EIC-Q-2.24'!$B$9 -> Quadro 2.24. Número de pensões de sobrevivência
B51: ='EIC-G-2.18'!$B$9 -> Gráfico 2.18. Pensões de sobrevivência, por sexo e escalão etário
B52: ='EIC-Q-2.25'!$B$9 -> Quadro 2.25. Valor médio da pensão de sobrevivência
B53: ='EIC-G-2.19'!$B$9 -> Gráfico 2.19. Valor médio da pensão de sobrevivência, por sexo e escalão etário
B54: ='EIC-Q-2.26'!$B$9 -> Quadro 2.26. Número de pensões de sobrevivência por escalões do valor de pensão
B55: ='EIC-Q-2.27'!$B$9 -> Quadro 2.27. Número de novas pensões de sobrevivência por escalões do valor de pensão
B56: ='EIC-Q-2.28'!$B$9 -> Quadro 2.28. Receitas do FEFSS
B57: ='EIC-Q-2.29'!$B$9 -> Quadro 2.29. Valor total, receitas e gestão do FEFSS
B58: ='EIC-Q-2.30'!$B$9 -> Quadro 2.30. Taxa de rentabilidade do FEFSS
B59: ='EIC-G-2.20'!$B$9 -> Gráfico 2.20. Componente atuarial do Modelo de Projeções (ModPensPor)
B60: ='EIC-Q-2.31'!$B$9 -> Quadro 2.31. Hipóteses demográficas
B61: ='EIC-G-2.21'!$B$9 -> Gráfico 2.21. População residente em Portugal, 2005-2070
B62: ='EIC-G-2.22'!$B$9 -> Gráfico 2.22. Indicadores de Envelhecimento
B63: ='EIC-G-2.23'!$B$9 -> Gráfico 2.23. Esperança de vida aos 65 anos
B64: ='EIC-G-2.24'!$B$9 -> Gráfico 2.24. Pirâmide etária por sexo
B65: ='EIC-Q-2.32'!$B$9 -> Quadro 2.32. Indicadores macroeconómicos - OE2026 e OE2027
B66: ='EIC-Q-2.33'!$B$9 -> Quadro 2.33. Conta da Segurança Social - Sistema Previdencial-Repartição
B67: ='EIC-Q-2.34'!$B$9 -> Quadro 2.34. Projeção da conta da Segurança Social - Sistema Previdencial-Repartição e FEFSS
B68: ='EIC-G-2.25'!$B$9 -> Gráfico 2.25. Receitas, despesas e saldo do Sistema Previdencial-Repartição
B69: ='EIC-G-2.26'!$B$9 -> Gráfico 2.26. Ativos do FEFSS
B70: ='EIC-Q-2.35'!$B$9 -> Quadro 2.35. Desagregação da diferença entre as projeções do OE2026 e a nova projeção da receita com contribuições e quotizações
B71: ='EIC-Q-2.36'!$B$9 -> Quadro 2.36. Desagregação da diferença entre as projeções do OE2026 e a nova projeção da despesa com pensões
B72: ='EIC-G-2.27'!$B$9 -> Gráfico 2.27. Projeção do saldo do Sistema Previdencial-Repartição - Cenário Base, Cenário Mais Produtividade (+P) e Cenário Menos Produtividade (-P)
B73: ='EIC-G-2.28'!$B$9 -> Gráfico 2.28. Projeção do saldo do Sistema Previdencial-Repartição - Cenário Base, Cenário Mais Imigração (+M) e Cenário Menos Imigração (-M)
B74: ='EIC-G-2.29'!$B$9 -> Gráfico 2.29. Projeção do FEFSS - Cenário Base, Cenário mais 0,5 p.p. de rentabilidade real e Cenário menos 0,5 pp de rentabilidade real
B75: ='EIC-G-2.30'!$B$9 -> Gráfico 2.30. Sistema Previdencial da Segurança Social: receita, despesa e saldo corrente
B76: ='EIC | Cap. 3'!$A$5 -> 3. Projeto de Plano Orçamental para 2027
B77: ='EIC-T-1'!$B$9 -> Tabela 1. Evolução da despesa líquida
B78: ='EIC-T-2'!$B$9 -> Tabela 2. Objetivos orçamentais das Administrações Públicas
B79: ='EIC-T-3'!$B$9 -> Tabela 3. Hipóteses subjacentes
B80: ='EIC-T-4'!$B$9 -> Tabela 4. Perspetivas macroeconómicas
B81: ='EIC-T-5'!$B$9 -> Tabela 5. Projeções da receita e despesa das Administrações Públicas no cenário de políticas invariantes por principais componentes
B82: ='EIC-T-6'!$B$9 -> Tabela 6. Projeções da receita e despesa das Administrações Públicas divididas nas principais componentes
B83: ='EIC-T-7'!$B$9 -> Tabela 7. Medidas discricionárias
B84: ='EIC-T-8'!$B$9 -> Tabela 8. Plano de Recuperação e Resiliência — Subvenções
B85: ='EIC-T-9'!$B$9 -> Tabela 9. Plano de Recuperação e Resiliência — Empréstimos
B86: ='EIC-T-10'!$B$9 -> Tabela 10. Impactos distributivos por decil de rendimento por adulto equivalente
B87: ='EIC-G-1'!$B$9 -> Gráfico 1. Impactos distributivos por decil de rendimento por adulto equivalente
B88: ='EIC-T-11'!$B$9 -> Tabela 11. Impactos em indicadores de desigualdade e na taxa de risco de pobreza
B89: ='EIC-T-12'!$B$9 -> Tabela 12. Recomendações específicas por país

Sheet CAP. 2
A5: 2. Economia Portuguesa: Evolução Recente e Perspetivas para 2027

Sheet G-2.1
B9: Gráfico 2.1. Índice de incerteza global e do comércio
B10: (índice)
B27: Fonte: World Uncertainty Index.

Sheet G-2.2
B9: Gráfico 2.2. Média do Preço do Petróleo brent e do gasóleo
B10: (valores médios mensais)
B27: Fonte: Investing.com; MarketWatch.com.

Sheet G-2.3
B9: Gráfico 2.3. PIB das principais economias mundiais
B10: (taxa de variação homóloga, percentagem)
B27: Fontes: Organização para a Cooperação e Desenvolvimento Económico; Eurostat; Bureau of Economic Analysis.

Sheet G-2.4
B9: Gráfico 2.4. Taxa de inflação
B10: (taxa de variação homóloga, percentagem)
B28: Fontes: Eurostat; Organização para a Cooperação e Desenvolvimento Económico.

Sheet G-2.5
B9: Gráfico 2.5. Taxa de juro de curto prazo
B10: (média mensal, percentagem)
B28: Fonte: Banco Central Europeu — área do euro; Secured overnight financing rate — EUA.

Sheet G-2.6
B9: Gráfico 2.6. Yields de dívida soberana a dez anos nas economias avançadas
B10: (média mensal, percentagem)
B27: Fontes: Banco Central Europeu.

Sheet Q-2.1
B9: Quadro 2.1. Enquadramento internacional: principais hipóteses externas
C11: Fontes | D11: 2025 | E11: 2026 | F11: 2027
B12: Euribor a 3 meses (média anual, %) | C12: BCE | D12: 2.2 | E12: 2.4 | F12: 2.8
B13: Taxas de juro de longo prazo da área do euro, (%) | C13: BCE | D13: 3.1 | E13: 3.4 | F13: 3.7
B14: Euribor a 3 meses (média anual, %) | C14: Cálculos MF com base em dados IGCP | D14: 2.1790083 | E14: 2.4608333 | F14: 3.4160833
B15: Taxas de juro de longo prazo da área do euro, (%) | C15: BCE | D15: 3.0722266 | E15: 3.5 | F15: 3.8
B16: Taxa de câmbio (USD/EUR) (média anual) | C16: Cálculos MF com base em dados CME Group | D16: 1.1293425 | E16: 1.1606515 | F16: 1.166575
B17: Preço do petróleo Brent (USD/bbl) | C17: Cálculos MF com base em dados CME Group | D17: 68.073027 | E17: 92.613193 | F17: 86.056667
B18: Preço do petróleo Brent (Eur/bbl) | C18: Cálculos MF com base em dados CME Group | D18: 60.27669 | E18: 79.794144 | F18: 73.768653
B19: Procura externa (taxa de variação homóloga) | C19: BCE | D19: 4.5341848 | E19: 2.7 | F19: 3.2068151
B20: Notas: As hipóteses para o preço do petróleo baseiam-se nos futuros do dia 15 de setembro de 2026 e as hipóteses para a Euribor nas expetativas de mercado a 16 de setembro. As hipóteses para a taxa de juro de longo prazo são as subjacentes ao exercício de projeção do Eurosistema de setembro de 2026. Fontes: Ministério das Finanças; CME Group; Banco Central Europeu.

Sheet Q-2.2
B9: Quadro 2.2. PIB e componentes da despesa
B10: (percentagem, pontos percentuais)
C11: variação homóloga | H11: variação em cadeia | M11: variação anual
C12: 2025 | E12: 2026 | H12: 2025 | J12: 2026
C13: 3.º T | D13: 4.º T | E13: 1.º T | F13: 2.º T | H13: 3.º T | I13: 4.º T | J13: 1.º T | K13: 2.º T | M13: 2025
B14: PIB e componentes da despesa
B15: PIB | C15: 2.0576402 | D15: 1.8848594 | E15: 2.358552 | F15: 2.6358328 | H15: 0.46093196 | I15: 0.96602601 | J15: 0.24680767 | K15: 0.93830173 | M15: 1.8839703
B16: Consumo privado | C16: 4.2926458 | D16: 2.8650872 | E16: 3.3876427 | F16: 3.7587089 | H16: 1.4771106 | I16: 0.77981959 | J16: 0.56898562 | K16: 0.88319312 | M16: 3.7092817
B17: Bens alimentares | C17: 2.437291 | D17: 2.5470955 | E17: 2.4905526 | F17: 1.5509206 | H17: 0.28599903 | I17: 0.68913831 | J17: 0.066800025 | K17: 0.50112507 | M17: 2.3059745
B18: Bens duradouros | C18: 10.154276 | D18: 5.7861375 | E18: 6.3162029 | F18: 9.8443536 | H18: 3.2786503 | I18: 0.949239 | J18: 0.96517803 | K18: 4.3500158 | M18: 8.6015435
B19: Bens correntes n/ alim. e serviços | C19: 4.0615357 | D19: 2.5608602 | E19: 3.2412316 | F19: 3.5228811 | H19: 1.5724374 | I19: 0.78241365 | J19: 0.63154189 | K19: 0.49433805 | M19: 3.4533628
B20: Consumo público | C20: 2.0719279 | D20: 1.9699537 | E20: 1.8926416 | F20: 1.7217042 | H20: 0.48573432 | I20: 0.39129344 | J20: 0.46666024 | K20: 0.3670598 | M20: 2.0737133
B21: Investimento (FBCF) | C21: 3.3719052 | D21: 6.9094289 | E21: 11.434053 | F21: 6.379288 | H21: 3.4883223 | I21: 2.93178 | J21: 2.2945668 | K21: -2.3744075 | M21: 4.3042099
B22: Outras máquinas e equipamentos | C22: -7.9769211 | D22: 13.872612 | E22: 28.194024 | F22: 11.293837 | H22: 3.2792243 | I22: 15.445829 | J22: 6.9208588 | K22: -12.699353 | M22: 3.0013007
B23: Equipamento de transporte | C23: 12.950442 | D23: -3.6347944 | E23: 21.51664 | F23: 22.161789 | H23: 21.632339 | I23: -15.752989 | J23: 11.960634 | K23: 6.4796153 | M23: -0.93974233
B24: Construção | C24: 6.7825963 | D24: 5.5782996 | E24: 4.3756036 | F24: 1.7437482 | H24: 1.6688913 | I24: 1.0324187 | J24: -1.158787 | K24: 0.21225358 | M24: 5.3939955
B25: Exportações de bens e serviços | C25: 0.5074308 | D25: -0.57553407 | E25: 1.8950409 | F25: 4.6366058 | H25: 0.91750472 | I25: -0.50814733 | J25: 2.2998538 | K25: 1.8719474 | M25: 0.047130763
B26: Bens | C26: 0.20451238 | D26: -0.22207569 | E26: 2.946194 | F26: 4.5649313 | H26: 0.76725349 | I26: -0.56678149 | J26: 3.1503973 | K26: 1.172908 | M26: -0.26843631
... B29: PIB da área do euro | C29: 1.1678886 | D29: 1.0724056 | E29: 0.56926601 | F29: 1.171654 | H29: 0.31137545 | I29: 0.23308629 | J29: -0.0098625692 | K29: 0.63299461 | M29: 1.3082068
B30: Contributos para o crescimento real do PIB (p.p.)
B31: Procura interna | C31: 3.9008019 | D31: 3.6261903 | E31: 4.82092 | F31: 3.7737849 | H31: 1.6211601 | I31: 0.24193329 | J31: 1.9053198 | K31: -0.022635653 | M31: 4
B32: Procura externa líquida | C32: -1.8447816 | D32: -1.7447762 | E32: -2.4627899 | F32: -1.1384435 | H32: -1.1613362 | I32: 0.72289548 | J32: -1.6558255 | K32: 0.96004668 | M32: -2.1082705
B33: Fontes: Instituto Nacional de Estatística; Eurostat.

Sheet G-2.7
B9: Gráfico 2.7. PIB e componentes
B10: (taxa de variação homóloga, percentagem, pontos percentuais)
B28: Fonte: Instituto Nacional de Estatística.

Sheet G-2.8
B9: Gráfico 2.8. Consumo privado e componentes
B10: (taxa de variação homóloga, percentagem, pontos percentuais)
B29: Fonte: Instituto Nacional de Estatística.

Sheet Q-2.3
B9: Quadro 2.3. Cenário macroeconómico
B10: (percentagem, pontos percentuais)
C11: 2025 | D11: 2026(e) | E11: 2027(p)
C12: INE | D12: MF - OE2027
B13: PIB e componentes da despesa (taxa de crescimento real, %)
B14: PIB | C14: 1.8839703 | D14: 2.323469 | E14: 2.077393
B15: Consumo privado | C15: 3.7092817 | D15: 3.0944029 | E15: 2.0846155
B16: Consumo público | C16: 2.0737133 | D16: 1.7499373 | E16: 1.1854922
B17: Investimento (FBCF) | C17: 4.3042099 | D17: 5.6964801 | E17: 2.009946
B18: Exportações de bens e serviços | C18: 0.047130763 | D18: 3.4726593 | E18: 3.0728152
B19: Importações de bens e serviços | C19: 4.5915872 | D19: 6.0071436 | E19: 2.8083223
B20: Contributos para o crescimento do PIB (p.p.)
B21: Procura interna | C21: 3.9918783 | D21: 3.4763567 | E21: 2.1
B22: Procura externa líquida | C22: -2.107908 | D22: -1.1528878 | E22: 0.1
B23: Evolução dos preços (taxa de variação, %)
B24: Deflator do PIB | C24: 4.011684 | D24: 3.0966426 | E24: 2.4695796
B25: IHPC | C25: 2.194661 | D25: 2.886576 | E25: 2.27776
B26: Evolução do mercado de trabalho (taxa de variação, %)
B27: Emprego (ótica de Contas Nacionais) | C27: 2.3078988 | D27: 1.7327774 | E27: 1.4151977
B28: Taxa de desemprego (% da população ativa) | C28: 6.005479 | D28: 5.7910059 | E28: 5.7077768
B29: Produtividade aparente do trabalho | C29: -0.41436544 | D29: 0.58063049 | E29: 0.65295469
B30: Remunerações por trabalhador | C30: 4.8092061 | D30: 4.7304309 | E30: 4.5396303
B31: Saldo das balanças corrente e de capital (em % do PIB)
B32: Capacidade/necessidade líquida de financiamento face ao exterior | C32: 2.524913 | D32: 1.5863338 | E32: 1.248064
B33: Saldo da balança corrente | C33: 0.99211853 | D33: -0.25981555 | E33: -0.37693203
B34: do qual: saldo da balança de bens e serviços | C34: 0.74060189 | D34: -0.73528956 | E34: -0.55766871
B35: Saldo da balança de capital | C35: 1.5327945 | D35: 1.8461494 | E35: 1.6249961
B36: Nota: (e) estimativa; (p) previsão. Fontes: Instituto Nacional de Estatística; Ministério das Finanças.

Sheet G-2.9
B9: Gráfico 2.9. Taxa de poupança e rendimento disponível
B10: (percentagem)
B28: Fonte: Instituto Nacional de Estatística.

Sheet G-2.10
B9: Gráfico 2.10. Formação bruta de capital fixo e componentes
B10: (percentagem, pontos percentuais)
B28: Fonte: Instituto Nacional de Estatística.

Sheet G-2.11
B9: Gráfico 2.11. Evolução do stock de capital público
B10: (percentagem do PIB, preços constantes)
B27: Nota: e – estimado, p – projetado. Fonte: Instituto Nacional de Estatística e cálculos do Gabinete de Planeamento, Estudos, Avaliação e Relações Internacionais

Sheet G-2.12
B9: Gráfico 2.12. Stock de capital público por tipo de ativo
B10: (percentagem do PIB, preços constantes)
B31: Nota: e — estimado, p — projetado. Fontes: Instituto Nacional de Estatística e cálculos do Gabinete de Planeamento, Estudos, Avaliação e Relações Internacionais.

Sheet G-2.13
B9: Gráfico 2.13. Evolução das exportações em termos reais
B10: (percentagem, pontos percentuais)
B28: Fonte: Instituto Nacional de Estatística.

Sheet G-2.14
B9: Gráfico 2.14. Emprego e taxa de desemprego
B10: (nível em milhares e percentagem)
B29: Fonte: Instituto Nacional de Estatística.

Sheet G-2.15
B9: Gráfico 2.15. Contributos para a evolução da inflação: índice de preços no consumidor
B10: (percentagem, pontos percentuais)
B27: Fonte: Instituto Nacional de Estatística.

Sheet G-2.16
B9: Gráfico 2.16. Inflação: índice harmonizado de preços no consumidor
B10: (taxa de variação homóloga, percentagem)
B28: Fonte: Eurostat.

Sheet Q-2.4
B9: Quadro 2.4. Previsões de outras instituições para 2026-2027
B10: (percentagem, pontos percentuais)
C11: 2026(e) | J11: 2027(p)
C12: MF | D12: BdP | E12: CFP | F12: OCDE | G12: FMI | H12: CE | J12: MF | K12: BdP | L12: CFP | M12: OCDE | N12: FMI | O12: CE
B13: PIB e componentes da despesa (taxa de crescimento real, %)
B14: PIB | C14: 2.3 | D14: 2.3 | E14: 2.2 | F14: 1.8 | G14: 1.7 | H14: 1.7 | J14: 2.1 | K14: 1.8 | L14: 1.8 | M14: 1.7 | N14: 1.6 | O14: 1.8
B15: Consumo privado | C15: 3.1 | D15: 3.1 | E15: 3.2 | F15: 1.9 | G15: 1.8 | H15: 1.9 | J15: 2.1 | K15: 1.5 | L15: 2.4 | M15: 1.9 | N15: 2.1 | O15: 2.3
B16: Consumo público | C16: 1.7 | D16: 1.8 | E16: 1.7 | F16: 1.4 | G16: 2 | H16: 2.1 | J16: 1.2 | K16: 0.9 | L16: 0.7 | M16: 0.8 | N16: 0 | O16: 1.1
B17: Investimento (FBCF) | C17: 5.7 | D17: 5.6 | E17: 5.9 | F17: 5.2 | G17: 8.1 | H17: 3.9 | J17: 2 | K17: 2.2 | L17: 1.5 | M17: 1.7 | N17: -2.5 | O17: 1.6
B18: Exportações de bens e serviços | C18: 3.5 | D18: 3.5 | E18: 3.6 | F18: 0.8 | G18: 1 | H18: 0.6 | J18: 3.1 | K18: 3 | L18: 2.5 | M18: 2.4 | N18: 3.8 | O18: 2.2
B19: Importações de bens e serviços | C19: 6 | D19: 6 | E19: 6.5 | F19: 2.1 | G19: 4 | H19: 2 | J19: 2.8 | K19: 2.2 | L19: 2.4 | M19: 2.4 | N19: 2 | O19: 2.5
B20: Contributos para o crescimento do PIB (p.p.)
B21: Procura interna | C21: 3.5 | D21: - | E21: 3.6 | F21: 2.3 | G21: 3.2 | H21: 2.3 | J21: 2 | K21: - | L21: 1.9 | M21: 1.7 | N21: 0.8 | O21: 1.9
B22: Procura externa líquida | C22: -1.2 | D22: - | E22: -1.5 | F22: -0.5 | G22: -1.5 | H22: -0.6 | J22: 0 | K22: - | L22: 0 | M22: 0 | N22: 0.8 | O22: -0.1
B23: Evolução dos preços (taxa de variação, %)
B24: Deflator do PIB | C24: 3.1 | D24: 3.6 | E24: 3.1 | F24: 2.9 | G24: 3.2 | H24: 2.8 | J24: 2.5 | K24: 3.1 | L24: 2.8 | M24: 2.8 | N24: 2.3 | O24: 2.6
B25: Taxa de inflação (IHPC) | C25: 2.9 | D25: 3.1 | E25: 3.2 | F25: 3.2 | G25: 3.4 | H25: 3 | J25: 2.3 | K25: 2.4 | L25: 2.6 | M25: 2.5 | N25: 2.3 | O25: 2.3
B26: Evolução do mercado de trabalho (taxa de variação, %)
B27: Emprego (ótica de Contas Nacionais) | C27: 1.7 | D27: 1.7 | E27: 1.7 | F27: 1.1 | G27: 1.7 | H27: 1.1 | J27: 1.4 | K27: 0.7 | L27: 1.1 | M27: 0.4 | N27: 1.3 | O27: 0.9
B28: Taxa de desemprego (% da população ativa) | C28: 5.8 | D28: 5.6 | E28: 5.9 | F28: 5.8 | G28: 5.9 | H28: 5.7 | J28: 5.7 | K28: 5.6 | L28: 5.8 | M28: 5.8 | N28: 5.9 | O28: 5.7
B29: Produtividade aparente do trabalho | C29: 0.6 | D29: - | E29: 0.5 | F29: 0.7 | G29: - | H29: 0.6 | J29: 0.7 | K29: - | L29: 0.8 | M29: 1.3 | N29: - | O29: 0.9
B30: Remunerações por trabalhador | C30: 4.7 | D30: - | E30: 4.9 | F30: 4.2 | G30: - | H30: 4.4 | J30: 4.5 | K30: - | L30: 3.9 | M30: 4 | N30: - | O30: 3.7
B31: Saldo das balanças corrente e de capital (em % do PIB)
B32: Capacidade/necessidade líquida de financiamento face ao exterior | C32: 1.6 | D32: 2.5 | E32: 1.9 | F32: - | G32: 2.7 | H32: 2 | J32: 1.3 | K32: 0.9 | L32: 1.6 | M32: - | N32: 2.1 | O32: 1.5
B33: Saldo da balança corrente | C33: -0.3 | D33: - | E33: -0.1 | F33: -0.1 | G33: 0.1 | H33: 0.1 | J33: -0.3 | K33: - | L33: -0.4 | M33: 0.4 | N33: 0.5 | O33: 0.2
B34: do qual: saldo da balança de bens e serviços | C34: -0.7 | D34: -0.4 | E34: -0.7 | F34: 0 | G34: -0.4 | H34: 0 | J34: -0.6 | K34: 0.2 | L34: -0.6 | M34: 0.2 | N34: 0.7 | O34: 0.3
B35: Saldo da balança de capital | C35: 1.8 | D35: - | E35: 1.9 | F35: - | G35: 2.6 | H35: 1.9 | J35: 1.6 | K35: - | L35: 2 | M35: - | N35: 1.6 | O35: 1.2
B36: Nota: e — estimativa; p — previsão. Fontes: Ministério das Finanças (MF) — Orçamento do Estado para 2027; Banco de Portugal (BdP) — Boletim Económico, 15 de junho de 2026; Conselho das Finanças Públicas (CFP) — Perspetivas Económicas e Orçamentais 2026-2030 (Atualização), 24 de setembro de 2026; Comissão Europeia (CE) — European Economic Forecast: Spring 2026, 21 de maio de 2026; Fundo Monetário Internacional (FMI) — Article IV Consultation, 24 de junho de 2026; Organização para a Cooperação e Desenvolvimento Económico (OCDE) — Economic Outlook, 3 de junho de 2026.

Sheet CAP. 3
A5: 3. Situação Financeira das Administrações Públicas: Contabilidade Nacional

Sheet G-3.1
B9: Gráfico 3.1. Passagem do saldo orçamental de 2025 para o saldo de 2026
B10: (pontos percentuais do PIB)
B30: Nota: um ajustamento positivo (negativo) melhora (agrava) o saldo orçamental das Administrações Públicas. Fontes: Instituto Nacional de Estatística e Ministério das Finanças.

Sheet Q-3.1
B9: Quadro 3.1. Conta das Administrações Públicas: 2026-2027
B10: (milhões de euros; percentagem do PIB)
C11: 2025 | D11: 2026 | E11: 2027 Orçamento | F11: 2025 | G11: 2026 | H11: 2027 Orçamento | I11: 2027/2026
C12: milhões de euros | F12: % do PIB | I12: tvh (%)
B13: Receita corrente | C13: 128849 | D13: 138620 | E13: 140879 | F13: 41.8 | G13: 42.6 | H13: 41.4 | I13: 1.6
B14: Receita fiscal | C14: 75314 | D14: 78322 | E14: 80886 | F14: 24.4 | G14: 24.1 | H14: 23.8 | I14: 3.3
B15: Impostos s/ produção e importação | C15: 44510 | D15: 46746 | E15: 48667 | F15: 14.4 | G15: 14.4 | H15: 14.3 | I15: 4.1
B16: Impostos correntes s/ rendimento, património | C16: 30804 | D16: 31576 | E16: 32219 | F16: 10 | G16: 9.7 | H16: 9.5 | I16: 2
B17: Contribuições sociais | C17: 38745 | D17: 41815 | E17: 44636 | F17: 12.6 | G17: 12.8 | H17: 13.1 | I17: 6.7
B18: das quais: efetivas | C18: 33045 | D18: 35721 | E18: 38258 | F18: 10.7 | G18: 11 | H18: 11.2 | I18: 7.1
B19: Vendas | C19: 8761 | D19: 8940 | E19: 9127 | F19: 2.8 | G19: 2.7 | H19: 2.7 | I19: 2.1
B20: Outra receita corrente | C20: 6029 | D20: 9543 | E20: 6230 | F20: 2 | G20: 2.9 | H20: 1.8 | I20: -34.7
B21: PRR | C21: 603 | D21: 3441 | E21: 0 | F21: 0.2 | G21: 1.1 | H21: 0 | I21: -
B22: sem PRR | C22: 5426 | D22: 6102 | E22: 6230 | F22: 1.8 | G22: 1.9 | H22: 1.8 | I22: 2.1
B23: Receita de capital | C23: 3845 | D23: 7939 | E23: 2477 | F23: 1.2 | G23: 2.4 | H23: 0.7 | I23: -68.8
B24: PRR | C24: 2562 | D24: 5636 | E24: 0 | F24: 0.8 | G24: 1.7 | H24: 0 | I24: -
B25: sem PRR | C25: 1283 | D25: 2303 | E25: 2477 | F25: 0.4 | G25: 0.7 | H25: 0.7 | I25: 7.6
B26: Receita total | C26: 132694 | D26: 146559 | E26: 143356 | F26: 43 | G26: 45 | H26: 42.1 | I26: -2.2
B27: PRR | C27: 3165 | D27: 9077 | E27: 0 | F27: 1 | G27: 2.8 | H27: 0
B28: sem PRR | C28: 129529 | D28: 137481 | E28: 143356 | F28: 42 | G28: 42.2 | H28: 42.1 | I28: 4.3
B29: Despesa corrente | C29: 118843 | D29: 129047 | E29: 132435 | F29: 38.5 | G29: 39.6 | H29: 38.9 | I29: 2.6
B30: Consumo intermédio | C30: 15408 | D30: 17440 | E30: 16744 | F30: 5 | G30: 5.4 | H30: 4.9 | I30: -4
B31: PRR | C31: 235 | D31: 1432 | E31: 0 | F31: 0.1 | G31: 0.4 | H31: 0 | I31: -
B32: sem PRR | C32: 15173 | D32: 16008 | E32: 16744 | F32: 4.9 | G32: 4.9 | H32: 4.9 | I32: 4.6
B33: Despesas com pessoal | C33: 32631 | D33: 34171 | E33: 35983 | F33: 10.6 | G33: 10.5 | H33: 10.6 | I33: 5.3
B34: PRR | C34: 69 | D34: 58 | E34: 0 | F34: 0 | G34: 0 | H34: 0 | I34: -
B35: sem PRR | C35: 32562 | D35: 34114 | E35: 35983 | F35: 10.6 | G35: 10.5 | H35: 10.6 | I35: 5.5
B36: Prestações sociais | C36: 55011 | D36: 57801 | E36: 59991 | F36: 17.8 | G36: 17.8 | H36: 17.6 | I36: 3.8
B37: em dinheiro | C37: 49064 | D37: 51456 | E37: 53455 | F37: 15.9 | G37: 15.8 | H37: 15.7 | I37: 3.9
B38: PRR | C38: 44 | D38: 53 | E38: 0 | F38: 0 | G38: 0 | H38: 0 | I38: -
B39: sem PRR | C39: 49020 | D39: 51403 | E39: 53455 | F39: 15.9 | G39: 15.8 | H39: 15.7 | I39: 4
B40: em espécie | C40: 5947 | D40: 6344 | E40: 6536 | F40: 1.9 | G40: 1.9 | H40: 1.9 | I40: 3
B41: Juros | C41: 6028 | D41: 6669 | E41: 8217 | F41: 2 | G41: 2 | H41: 2.4 | I41: 23.2
B42: Subsídios | C42: 1788 | D42: 2222 | E42: 1936 | F42: 0.6 | G42: 0.7 | H42: 0.6 | I42: -12.9
B43: PRR | C43: 66 | D43: 34 | E43: 0 | F43: 0 | G43: 0 | H43: 0 | I43: -
B44: sem PRR | C44: 1723 | D44: 2188 | E44: 1936 | F44: 0.6 | G44: 0.7 | H44: 0.6 | I44: -11.5
B45: Outra despesa corrente | C45: 7976 | D45: 10744 | E45: 9564 | F45: 2.6 | G45: 3.3 | H45: 2.8 | I45: -11
B46: PRR | C46: 237 | D46: 1944 | E46: 0 | F46: 0.1 | G46: 0.6 | H46: 0 | I46: -
B47: sem PRR | C47: 7739 | D47: 8800 | E47: 9564 | F47: 2.5 | G47: 2.7 | H47: 2.8 | I47: 8.7
B48: Despesa de capital | C48: 11805 | D48: 17425 | E48: 10646 | F48: 3.8 | G48: 5.4 | H48: 3.1 | I48: -38.9
B49: Formação bruta de capital fixo | C49: 8843 | D49: 14035 | E49: 9687 | F49: 2.9 | G49: 4.3 | H49: 2.8 | I49: -31
B50: PRR | C50: 1334 | D50: 4966 | E50: 0 | F50: 0.4 | G50: 1.5 | H50: 0 | I50: -
B51: sem PRR | C51: 7510 | D51: 9069 | E51: 9687 | F51: 2.4 | G51: 2.8 | H51: 2.8 | I51: 6.8
B52: Outra despesa de capital | C52: 2962 | D52: 3390 | E52: 959 | F52: 1 | G52: 1 | H52: 0.3 | I52: -71.7
B53: PRR | C53: 2000 | D53: 2620 | E53: 0 | F53: 0.6 | G53: 0.8 | H53: 0 | I53: -
B54: sem PRR | C54: 962 | D54: 770 | E54: 959 | F54: 0.3 | G54: 0.2 | H54: 0.3 | I54: 24.5
B55: Despesa total | C55: 130648 | D55: 146472 | E55: 143081 | F55: 42.3 | G55: 45 | H55: 42 | I55: -2.3
B56: PRR | C56: 3984 | D56: 11106 | E56: 0 | F56: 1.3 | G56: 3.4 | H56: 0
B57: sem PRR | C57: 126664 | D57: 135366 | E57: 143081 | F57: 41.1 | G57: 41.6 | H57: 42 | I57: 5.7
B58: Cap.(+)/neces.(-) líquida de financiamento | C58: 2045 | D58: 86 | E58: 275 | F58: 0.7 | G58: 0 | H58: 0.1
B59: Saldo primário | C59: 8074 | D59: 6756 | E59: 8492 | F59: 2.6 | G59: 2.1 | H59: 2.5
B60: PIB nominal | C60: 308538 | D60: 325495 | E60: 340539 | I60: 4.6
B61: Fonte: Ministério das Finanças.

Sheet G-3.2
B9: Gráfico 3.2. Carga fiscal de impostos
B10: (percentagem do PIB)
B30: Fonte: Ministério das Finanças.

Sheet G-3.3
B9: Gráfico 3.3. Despesa corrente primária sem PRR e sem medidas extraordinárias
B10: (em percentagem do PIB, taxa de variação)
B30: Fonte: Ministério das Finanças.

Sheet G-3.4
B9: Gráfico 3.4. Investimento e despesa de capital total
B10: (em percentagem do PIB)
B30: Fonte: Ministério das Finanças.

Sheet Q-3.2
B9: Quadro 3.2. Principais medidas de política orçamental com impacto em 2027
B10: (milhões de euros)
C11: Impacto incremental em 2027
B12: Medidas receita | C12: -84.078342
B13: IVA | C13: 206
B14: Habitação - redução IVA construção de 23% para 6% (i) | C14: -94
B15: Combate à fraude no setor dos combustíveis | C15: 300
B16: IRS | C16: -476.79543
B17: Habitação - redução IRS rendas moderadas de 25% para 10% (i) | C17: -209.18312
B18: Atualização dedução específica e escalões (i) | C18: -431.41432
B19: Receita decorrente do aumento de salários (i) | C19: 284.32712
B20: Atualização do limite do mínimo de existência | C20: -120.52512
B21: IRC | C21: -175.8
B22: Redução taxa em 1 p.p. (i) | C22: -300
B23: SIFIDE indireto (reversão) (i) | C23: 124.2
... B33: Impacto no saldo | C33: -1131.8354
B34: Nota: (i) invariante. Fonte: Ministério das Finanças.

Sheet Q-3.3
B9: Quadro 3.3. Passagem de saldos de contabilidade pública a contabilidade nacional
B10: (milhões de euros; percentagem do PIB)
C11: 2026 | D11: 2027 Orçamento | E11: 2026 | F11: 2027 Orçamento
C12: milhões de euros | D12: 0 | E12: % do PIB
B13: 1. Saldo das AP em contabilidade pública | C13: 170.63719 | D13: -401.1605 | E13: 0.052423862 | F13: -0.11780147
B14: Administração Central | C14: -8988.3066 | D14: -9815.322 | E14: -2.7614247 | F14: -2.8822862
B15: Administração Regional e Local | C15: 1396.0889 | D15: 1031.5066 | E15: 0.4289122 | F15: 0.3029037
B16: Segurança Social | C16: 7762.8549 | D16: 8382.6548 | E16: 2.3849363 | F16: 2.461581
B17: 2. Ajustamentos em Contas Nacionais | C17: -84.183695 | D17: 675.84301 | E17: -0.025863262 | F17: 0.19846246
B18: Impostos e contribuições | C18: 397.9821 | D18: 414.77 | E18: 0.1222697 | F18: 0.12179792
B19: Garantias | C19: -100.78933 | D19: -12.34734 | E19: -0.030964914 | F19: -0.0036258176
B20: Fundos de Pensões | C20: 310.45945 | D20: 346.7195 | E20: 0.095380634 | F20: 0.10181478
B21: Diferença entre juros pagos e devidos do Estado | C21: -130 | D21: -511 | E21: -0.039939137 | F21: -0.15005603
B22: SNS e CGA | C22: -334.78455 | D22: -27.425213 | E22: -0.10285389 | F22: -0.008053461
B23: Entidades Públicas Reclassificadas | C23: 3780.816 | D23: 3073.282 | E23: 1.1615579 | F23: 0.90247453
B24: Injeções de capital e empréstimos | C24: -3812.3997 | D24: -2969.8811 | E24: -1.1712612 | F24: -0.87211069
... B30: Segurança Social | C30: 8148.7515 | D30: 8905.0074 | E30: 2.5034931 | F30: 2.6149707
B31: Fonte: Ministério das Finanças.

Sheet Q-3.4
B9: Quadro 3.4. Despesa líquida e conta de controlo
B10: (percentagem e pontos percentuais do PIB)
B11: Cálculo da despesa líquida | C11: 2023 | D11: 2024 | E11: 2025 | F11: 2026 | G11: 2027
B12: Despesa líquida observada (mil milhões de euros)
B13: 1. Despesa total | C13: 113.64089 | D13: 122.72668 | E13: 130.64837 | F13: 146.47233 | G13: 143.08017
B14: 2. Despesa com juros | C14: 5.553291 | D14: 5.983387 | E14: 6.028165 | F14: 6.669165 | G14: 8.217165
B15: 3. Despesa cíclica com subsídio de desemprego | C15: 0.13025353 | D15: 0.16433846 | E15: 0.092765345 | F15: 0.04814374 | G15: 0.018251537
B16: 4. Despesa financiada por fundos da União Europeia | C16: 3.289322 | D16: 3.640641 | E16: 4.772875 | F16: 12.216338 | G16: 4.38
B17: 5. Despesa nacional em programas cofinanciados | C17: 0.79067354 | D17: 0.46431391 | E17: 0.62879815 | F17: 1.472148 | G17: 2.3509548
B18: 6. Medidas pontuais ou temporárias na despesa | C18: 1.143532 | D18: 0 | E18: 0.217564 | F18: 1.5705 | G18: 0.68560903
B19: 7. Despesa líquida (antes de MDR) [=1-2-3-4-5-6] | C19: 102.73382 | D19: 112.474 | E19: 118.90821 | F19: 124.49604 | G19: 127.42819
B20: 8. Variação da despesa líquida (antes de MDR) [Δ7] | D20: 9.7401847 | E20: 6.4342069 | F20: 5.5878298 | G20: 2.9321543
B21: 9. MDR (impacto incremental) | D21: -2.0002019 | E21: -0.17006208 | F21: -1.2320836 | G21: -0.12738312
B22: 10. Variação anual da despesa líquida (após MDR) [8-9] | D22: 11.740387 | E22: 6.6042689 | F22: 6.8199135 | G22: 3.0595374
B23: Desvios anual e acumulado (Δ%)
B24: 11. Crescimento da despesa líquida observada [10(t) / 7(t-1)] | D24: 11.427967 | E24: 5.8718183 | F24: 5.7354438 | G24: 2.457538
B25: 12. Trajetória da despesa líquida recomendada | D25: 11.8 | E25: 5 | F25: 5.1 | G25: 1.2
B26: Desvios anual e acumulado (mil milhões de euros)
B27: 13. Desvio anual [(11-12) x 7(t-1)] | D27: -0.3822037 | E27: 0.98056891 | F27: 0.75559487 | G27: 1.5655849
B28: 14. Desvio acumulado | D28: -0.3822037 | E28: 0.59836521 | F28: 1.3539601 | G28: 2.919545
B29: 15. PIB nominal | C29: 270.35262 | D29: 291.15282 | E29: 308.53823 | F29: 325.49527 | G29: 340.53947
B31: Conta de controlo (% do PIB) | C31: 2023 | D31: 2024 | E31: 2025 | F31: 2026 | G31: 2027
B32: 16. Saldo anual [13/15] | D32: -0.13127254 | E32: 0.31781115 | F32: 0.23213698 | G32: 0.4597367
B33: 17. Saldo acumulado [14/15] | D33: -0.13127254 | E33: 0.19393552 | F33: 0.41596921 | G33: 0.85732941
B34: Conta de controlo aumentada
B35: 21. Despesa em Defesa (COFOG) | C35: 0.73730746 | D35: 0.87617321 | E35: 0.83732432 | F35: 1.0144541 | G35: 1.1749493
B36: 22. Flexibilidade decorrente de maior despesa em Defesa | E36: 0.013629849 | F36: 0.19075961 | G36: 0.35125481
B37: 23. Desvio acumulado após flexibilidade Defesa [17-22] | E37: 0.18030567 | F37: 0.2252096 | G37: 0.5060746
B38: 24. Medidas segurança energética | F38: 0.025 | G38: 0.0006
B39: 25. Desvio acumulado após flexibilidade global [23-24] | E39: 0.18030567 | F39: 0.2002096 | G39: 0.5054746
B40: Fonte: Ministério das Finanças.

Sheet Q-3.5
B9: Quadro 3.5. Despesa líquida e conta de controlo ajustada
C11: 2024 | D11: 2025 | E11: 2026 | F11: 2027
B12: Trajetória da despesa líquida recomendada (Δ%) | C12: 11.8 | D12: 5 | E12: 5.1 | F12: 1.2
B13: Crescimento da despesa líquida observada sem MDR (Δ%) | C13: 9.4809918 | D13: 5.7206171 | E13: 4.6992802 | F13: 2.3552189
B14: Saldo anual (% do PIB) | C14: -0.81826637 | D14: 0.26269251 | E14: -0.14638884 | F14: 0.42233043
B15: Saldo acumulado (% do PIB) | C15: -0.81826637 | D15: -0.50946645 | E15: -0.62931408 | F15: -0.17918209
B16: Crescimento da despesa líquida observada sem MDR e sem medidas temporárias de despesa (Δ%) | C16: 8.3901564 | D16: 5.5719183 | E16: 3.6487172 | F16: 4.5803071
B17: Saldo anual (% do PIB) | C17: -1.2031697 | D17: 0.20640883 | E17: -0.52415419 | F17: 1.2094957
B18: Saldo acumulado (% do PIB) | C18: -1.2031697 | D18: -0.92896504 | E18: -1.4047238 | F18: -0.13317086
B19: Nota: considera-se como medidas temporárias de despesa o montante de empréstimos ao abrigo do Plano de Recuperação e Resiliência, o apoio à Ucrânia e o suplemento dos pensionistas. Fonte: Ministério das Finanças.

Sheet G-3.5
B9: Gráfico 3.5. Trajetória da dívida pública
B10: (pontos percentuais do PIB)
B30: Fonte: Ministério das Finanças.

Sheet Q-3.6
B9: Quadro 3.6. Dívida pública
B10: (percentagem e pontos percentuais do PIB)
C11: 2024 | D11: 2025 | E11: 2026 | F11: 2027 Orçamento
B12: Dívida pública consolidada (%) | C12: 93.029867 | D12: 89.154293 | E12: 87.540734 | F12: 84.500092
B13: Variação (p.p.) | C13: -3.8395867 | D13: -3.875574 | E13: -1.6135588 | F13: -3.0406422
B14: Efeito saldo primário | C14: -2.7788417 | D14: -2.6167302 | E14: -2.075489 | F14: -2.4938512
B15: Efeito dinâmico | C15: -4.8653686 | D15: -3.2882351 | E15: -2.5956621 | F15: -1.454351
B16: Efeito juros | C16: 2.0550675 | D16: 1.9537822 | E16: 2.0489284 | F16: 2.4129846
B17: Efeito PIB | C17: -6.9204361 | D17: -5.2420173 | E17: -4.6445905 | F17: -3.8673357
B18: Efeito deflator do PIB | C18: -4.3760788 | D18: -3.5217711 | E18: -2.6084704 | F18: -2.061242
B19: Efeito PIB real | C19: -2.4263154 | D19: -1.653897 | E19: -1.9751551 | F19: -1.7626714
B20: Ajustamento défice-dívida | C20: 3.8046236 | D20: 2.0293913 | E20: 3.0575923 | F20: 0.90168697
B21: Fonte: Ministério das Finanças.

Sheet G-3.6
B9: Gráfico 3.6. Ratings da República
B10: (pontos percentuais do PIB)
B30: Fonte: IGCP

Sheet CAP. 4
A5: 4. Situação Financeira das Administrações Públicas: Contabilidade Pública

Sheet Q-4.1
B9: Quadro 4.1. Conta das Administrações Públicas em contabilidade pública
B10: (milhões de euros)
C11: 2026 | D11: 2027 | E11: tvh (%) | F11: % do PIB
C12: Estimativa | D12: Orçamento | E12: 2027/2026 | F12: 2026 | G12: 2027
B13: Receitas Correntes | C13: 133767.69 | D13: 139785.44 | E13: 4.4986528 | F13: 41.099832 | G13: 41.057527
B14: Impostos diretos | C14: 35439.479 | D14: 36050.448 | E14: 1.7239769 | F14: 10.888703 | G14: 10.588673
B15: Impostos indiretos | C15: 40728.61 | D15: 42981.464 | E15: 5.5313792 | F15: 12.513776 | G15: 12.624438
B16: Contribuições de segurança social | C16: 37231.442 | D16: 39356.433 | E16: 5.7075162 | F16: 11.439279 | G16: 11.559701
B17: Outras receitas correntes | C17: 20354.746 | D17: 21079.419 | E17: 3.5602146 | F17: 6.2539514 | G17: 6.191409
B18: Diferenças de consolidação | C18: 13.416225 | D18: 317.67483
B19: Receitas de Capital | C19: 6536.3601 | D19: 3891.5017 | E19: -40.463781 | F19: 2.0082824 | G19: 1.1430049
B20: Receita Total | C20: 140304.05 | D20: 143676.94 | E20: 2.4039831 | F20: 43.108114 | G20: 42.200532
B21: Despesas Correntes | C21: 123762.51 | D21: 131991.31 | E21: 6.6488631 | F21: 38.025762 | G21: 38.768251
B22: Despesas com pessoal | C22: 32034.141 | D22: 33765.645 | E22: 5.4051833 | F22: 9.84242 | G22: 9.9175846
B23: Aquisição de bens e serviços | C23: 20603.235 | D23: 20216.788 | E23: -1.8756619 | F23: 6.330299 | G23: 5.9380386
B24: Juros e outros encargos | C24: 7224.5194 | D24: 8575.127 | E24: 18.694775 | F24: 2.2197178 | G24: 2.5186709
B25: Transferências correntes | C25: 59442.562 | D25: 62676.857 | E25: 5.441043 | F25: 18.263597 | G25: 18.409334
B26: Subsídios | C26: 2982.4902 | D26: 2932.1401 | E26: -1.6881917 | F26: 0.91636361 | G26: 0.8612229
B27: Outras despesas correntes | C27: 784.45676 | D27: 3822.3551 | E27: 387.26142 | F27: 0.24102263 | G27: 1.1226953
B28: Diferenças de consolidação | C28: 691.10827 | D28: 2.400138
B29: Despesas de Capital | C29: 16370.904 | D29: 12086.787 | E29: -26.169091 | F29: 5.0299244 | G29: 3.5501093
B30: Investimentos | C30: 12764.497 | D30: 10416.647 | E30: -18.393595 | F30: 3.921864 | G30: 3.0595589
B31: Transferências de capital | C31: 3402.1628 | D31: 1577.5533 | E31: -53.630869 | F31: 1.0453071 | G31: 0.46335612
B32: Outras despesas de capital | C32: 148.72878 | D32: 92.586125 | E32: -37.748345 | F32: 0.045696592 | G32: 0.02719423
B33: Diferenças de consolidação | C33: 55.514577 | D33: 0
B34: Despesa Total | C34: 140133.42 | D34: 144078.1 | E34: 2.8149484 | F34: 43.055686 | G34: 42.31836
B35: Saldo Global | C35: 170.63719 | D35: -401.1605 | F35: 0.052427904 | G35: -0.11782814
B36: Nota: Os montantes de receita e despesa apresentados encontram-se consolidados de fluxos no âmbito da Administração Central relativos a venda e aquisição de bens e serviços dentro do Programa Saúde, juros, subsídios, transferências e ativos e passivos financeiros. Fonte: Ministério das Finanças.

Sheet Q-4.2
B9: Quadro 4.2. Conta consolidada da Administração Central: contabilidade pública
B10: (milhões de euros)
B11: Designação | C11: 2025 Execução final | E11: 2026 Estimativa | G11: 2027 Orçamento | I11: Variação (%) | K11: Variação s/ PRR (%) | M11: Contributo variação 2027/2026 (em pp) | N11: Contributo variação s/ PRR 2027/2026 (em pp)
C12: Total | D12: s/ PRR | E12: Total | F12: s/ PRR | G12: Total | H12: s/ PRR | I12: 2026/ 2025 | J12: 2027/2026 | K12: 2026/ 2025 | L12: 2027/2026
B13: Receita corrente | C13: 85402.363 | D13: 84430.741 | E13: 90075.188 | F13: 87842.25 | G13: 93810.511 | H13: 93250.409 | I13: 5.4715404 | J13: 4.1468952 | K13: 4.0406004 | L13: 6.1566712 | M13: 3.9347474 | N13: 6.0213742
B14: Receita Fiscal | C14: 65587.401 | D14: 65587.401 | E14: 68632.873 | F14: 68632.873 | G14: 71530.353 | H14: 71530.353 | I14: 4.6433799 | J14: 4.2217091 | K14: 4.6433799 | L14: 4.2217091 | M14: 3.0521727 | N14: 3.2260172
B15: Impostos diretos | C15: 28831.283 | D15: 28831.283 | E15: 29672.964 | F15: 29672.964 | G15: 30423.94 | H15: 30423.94 | I15: 2.9193336 | J15: 2.5308431 | K15: 2.9193336 | L15: 2.5308431 | M15: 0.79106973 | N15: 0.8361272
B16: Impostos indiretos | C16: 36756.118 | D16: 36756.118 | E16: 38959.909 | F16: 38959.909 | G16: 41106.413 | H16: 41106.413 | I16: 5.9957116 | J16: 5.5095203 | K16: 5.9957116 | L16: 5.5095203 | M16: 2.2611029 | N16: 2.38989
B17: Contribuições Segurança Social, CGA, ADSE | C17: 4691.8649 | D17: 4691.8649 | E17: 4870.387 | F17: 4870.387 | G17: 4460.4895 | H17: 4460.4895 | I17: 3.8049278 | J17: -8.4161168 | K17: 3.8049278 | L17: -8.4161168 | M17: -0.43178132 | N17: -0.45637456
B18: Transferências correntes | C18: 4205.1117 | D18: 3257.2678 | E18: 5617.5459 | F18: 3407.9256 | G18: 4715.2811 | H18: 4156.465 | I18: 33.588506 | J18: -16.061546 | K18: 4.6252836 | L18: 21.964662 | M18: -0.9504354 | N18: 0.8334141
B19: Outras receitas correntes | C19: 10890.327 | D19: 10863.496 | E19: 10890.527 | F19: 10865.644 | G19: 12752.473 | H19: 12751.187 | I19: 0.0018415267 | J19: 17.096927 | K19: 0.01976518 | L19: 17.353256 | M19: 1.9613522 | N19: 2.0993393
B20: Diferenças de consolidação | C20: 27.658929 | D20: 30.711716 | E20: 63.854733 | F20: 65.421339 | G20: 351.91479 | H20: 351.91479
B21: Receita de capital | C21: 2542.7003 | D21: 905.29487 | E21: 4856.5387 | F21: 1973.7677 | G21: 2456.0286 | H21: 2062.5498 | I21: 90.999258 | J21: -49.428415 | K21: 118.02485 | L21: 4.4981028 | M21: -2.52867 | N21: 0.09884885
B22: Venda de bens de investimento | C22: 74.468585 | D22: 74.468585 | E22: 1259.4472 | F22: 1259.4472 | G22: 530.25732 | H22: 530.25732 | I22: - | J22: -57.897615 | K22: 1591.2464 | L22: -57.897615 | M22: -0.76812036 | N22: -0.81187068
B23: Transferências de capital | C23: 2292.7005 | D23: 692.12194 | E23: 3440.0091 | F23: 614.72841 | G23: 1874.8091 | H23: 1481.1501 | I23: 50.041801 | J23: -45.499878 | K23: -11.182066 | L23: 140.94381 | M23: -1.6487638 | N23: 0.96466274
B24: Outras receitas de capital | C24: 133.9597 | D24: 133.9597 | E24: 58.29469 | F24: 58.293975 | G24: 34.791087 | H24: 34.791087 | I24: -56.483411 | J24: -40.318601 | K24: -56.483945 | L24: -40.317869 | M24: -0.024758428 | N24: -0.026167814
B25: Diferenças de consolidação | C25: 41.57155 | D25: 4.7446478 | E25: 98.787709 | F25: 41.298122 | G25: 16.171065 | H25: 16.351365
B26: Receita efetiva | C26: 87945.063 | D26: 85336.036 | E26: 94931.726 | F26: 89816.018 | G26: 96266.54 | H26: 95312.959 | I26: 7.9443495 | J26: 1.4060774 | K26: 5.2498124 | L26: 6.120223
B27: Despesa corrente | C27: 85791.718 | D27: 85089.934 | E27: 91131.469 | F27: 89330.984 | G27: 97888.368 | H27: 97011.804 | I27: 6.2240871 | J27: 7.4144521 | K27: 4.9841964 | L27: 8.5981599 | M27: 6.5020179 | N27: 7.9212083
B28: Despesas com o pessoal | C28: 23825.109 | D28: 23750.88 | E28: 24695.782 | F28: 24620.836 | G28: 26055.991 | H28: 26052.229 | I28: 3.654432 | J28: 5.5078608 | K28: 3.6628377 | L28: 5.8137442 | M28: 1.3089 | N28: 1.4761909
B29: Aquisição de bens e serviços | C29: 14874.225 | D29: 14628.42 | E29: 15147.742 | F29: 14597.561 | G29: 15110.074 | H29: 15095.615 | I29: 1.8388696 | J29: -0.24867242 | K29: -0.2109516 | L29: 3.4118981 | M29: -0.03624735 | N29: 0.51364156
B30: Juros e outros encargos | C30: 6598.7243 | D30: 6598.6975 | E30: 7021.5421 | F30: 7021.5236 | G30: 8380.361 | H30: 8380.361 | I30: 6.4075687 | J30: 19.352143 | K30: 6.4077219 | L30: 19.352457 | M30: 1.307562 | N30: 1.401365
B31: Transferências correntes | C31: 38582.349 | D31: 38276.139 | E31: 42169.344 | F31: 41063.468 | G31: 43763.388 | H31: 42952.256 | I31: 9.2969847 | J31: 3.7801029 | K31: 7.2821603 | L31: 4.5996789 | M31: 1.5339146 | N31: 1.9479013
B32: Subsídios | C32: 1134.4564 | D32: 1093.3848 | E32: 1486.6102 | F32: 1460.8661 | G32: 991.88391 | H32: 991.88391 | I32: 31.041633 | J32: -33.278818 | K32: 33.609507 | L32: -32.103023 | M32: -0.47606442 | N32: -0.48365997
B33: Outras despesas correntes | C33: 591.80046 | D33: 567.40274 | E33: 558.6594 | F33: 516.94105 | G33: 3584.2698 | H33: 3536.8795 | I33: -5.6000398 | J33: - | K33: -8.8934521 | L33: 584.19397 | M33: 2.9114794 | N33: 3.1144538
B34: Diferenças de consolidação | C34: 185.0539 | D34: 175.01059 | E34: 51.789574 | F34: 49.78726 | G34: 2.400138 | H34: 2.580437
B35: Despesa de capital | C35: 9007.8701 | D35: 5964.6029 | E35: 12788.564 | F35: 7634.2832 | G35: 8193.4935 | H35: 7677.2463 | I35: 41.971005 | J35: -35.931089 | K35: 27.993151 | L35: 0.56276588 | M35: -4.4217367 | N35: 0.044307763
B36: Investimento | C36: 5444.7546 | D36: 4307.1211 | E36: 7207.8946 | F36: 4894.3422 | G36: 6557.8599 | H36: 6533.537 | I36: 32.382359 | J36: -9.018371 | K36: 13.633728 | L36: 33.491625 | M36: -0.62551431 | N36: 1.6904968
B37: Transferências de capital | C37: 3290.212 | D37: 1521.4973 | E37: 5435.5253 | F37: 2593.8262 | G37: 1583.3938 | H37: 1091.4695 | I37: 65.202892 | J37: -70.869536 | K37: 70.478532 | L37: -57.920486 | M37: -3.7068229 | N37: -1.5493762
B38: Outras despesas de capital | C38: 106.00957 | D38: 106.00957 | E38: 114.61705 | F38: 114.61705 | G38: 52.239883 | H38: 52.239883 | I38: 8.119527 | J38: -54.422239 | K38: 8.119527 | L38: -54.422239 | M38: -0.060024195 | N38: -0.064329388
B39: Diferenças de consolidação | C39: 166.89401 | D39: 29.974985 | E39: 30.52682 | F39: 31.497718 | G39: 0 | H39: 0
B40: Despesa efetiva | C40: 94799.588 | D40: 91054.537 | E40: 103920.03 | F40: 96965.267 | G40: 106081.86 | H40: 104689.05 | I40: 9.6207643 | J40: 2.0802812 | K40: 6.4914171 | L40: 7.9655161
B41: Saldo global | C41: -6854.5249 | D41: -5718.5009 | E41: -8988.3066 | F41: -7149.2488 | G41: -9815.322 | H41: -9376.0922
B42: em % do PIB | C42: -2.2216128 | D42: -1.8534172 | E42: -2.7616376 | F42: -2.1965911 | G42: -2.8829387 | H42: -2.7539289
B43: Por memória:
B44: Despesa primária | C44: 88200.864 | D44: 84455.84 | E44: 96898.491 | F44: 89943.743 | G44: 97701.501 | H44: 96308.69
B45: Saldo corrente | C45: -389.35503 | D45: -659.19282 | E45: -1056.2815 | F45: -1488.7334 | G45: -4077.857 | H45: -3761.3956
B46: Saldo de capital | C46: -6465.1698 | D46: -5059.308 | E46: -7932.0251 | F46: -5660.5155 | G46: -5737.4649 | H46: -5614.6965
B47: Saldo primário | C47: -255.80054 | D47: 880.19661 | E47: -1966.7645 | F47: -127.7252 | G47: -1434.961 | H47: -995.73118
B48: Nota: Os montantes de receita e despesa apresentados encontram-se consolidados de fluxos no âmbito da Administração Central relativos a venda e aquisição de bens e serviços dentro do Programa Legado da Saúde, juros, subsídios, transferências e ativos e passivos financeiros. Fonte: Ministério das Finanças.

Sheet Q-4.3
B9: Quadro 4.3. Receita da Administração Central
B10: (milhões de euros)
B11: Designação | C11: 2026 Estimativa | E11: 2027 Orçamento | G11: Variação (%) | I11: Contributo variação (em pp)
C12: Total | D12: s/ PRR | E12: Total | F12: s/ PRR | G12: Total | H12: s/ PRR | I12: Total | J12: s/ PRR
B13: Receita corrente | C13: 90075.188 | D13: 87842.25 | E13: 93810.511 | F13: 93250.409 | G13: 4.1468952 | H13: 6.1566712 | I13: 3.9347474 | J13: 6.0213742
B14: Receita Fiscal | C14: 68632.873 | D14: 68632.873 | E14: 71530.353 | F14: 71530.353 | G14: 4.2217091 | H14: 4.2217091 | I14: 3.0521727 | J14: 3.2260172
B15: Impostos diretos | C15: 29672.964 | D15: 29672.964 | E15: 30423.94 | F15: 30423.94 | G15: 2.5308431 | H15: 2.5308431 | I15: 0.79106973 | J15: 0.8361272
B16: Impostos indiretos | C16: 38959.909 | D16: 38959.909 | E16: 41106.413 | F16: 41106.413 | G16: 5.5095203 | H16: 5.5095203 | I16: 2.2611029 | J16: 2.38989
B17: Receita corrente não fiscal: | C17: 21442.315 | D17: 19209.378 | E17: 22280.158 | F17: 21720.056 | G17: 3.9074297 | H17: 13.070066 | I17: 0.88257469 | J17: 2.795357
B18: Comparticipações para a CGA e outras | C18: 4870.387 | D18: 4870.387 | E18: 4460.4895 | F18: 4460.4895 | G18: -8.4161168 | H18: -8.4161168 | I18: -0.43178132 | J18: -0.45637456
B19: Taxas, multas e outras penalidades | C19: 3794.2307 | D19: 3794.2307 | E19: 4025.7009 | F19: 4025.7009 | G19: 6.1005828 | H19: 6.1005828 | I19: 0.24382806 | J19: 0.25771593
B20: Rendimentos da propriedade | C20: 1313.4489 | D20: 1313.4489 | E20: 1143.1525 | F20: 1143.1525 | G20: -12.965587 | H20: -12.965587 | I20: -0.17938825 | J20: -0.18960578
B21: Transferências correntes | C21: 5617.5459 | D21: 3407.9256 | E21: 4715.2811 | F21: 4156.465 | G21: -16.061546 | H21: 21.964662 | I21: -0.9504354 | J21: 0.8334141
B22: Administrações Públicas | C22: 2406.1845 | D22: 2405.5168 | E22: 2567.5751 | F22: 2567.5751 | G22: 6.7073267 | H22: 6.7369422 | I22: 0.17000708 | J22: 0.1804336
B23: Outras | C23: 3211.3614 | D23: 1002.4088 | E23: 2147.706 | F23: 1588.8899 | G23: -33.121634 | H23: 58.507174 | I23: -1.1204425 | J23: 0.65298049
B24: Venda de bens e serviços correntes | C24: 3993.1667 | D24: 3993.1006 | E24: 6162.5018 | F24: 6162.5018 | G24: 54.326184 | H24: 54.328738 | I24: 2.2851529 | J24: 2.4153834
B25: Outras receitas correntes | C25: 1789.6811 | D25: 1764.8634 | E25: 1421.1177 | F25: 1419.8314 | G25: -20.593802 | H25: -19.550069 | I25: -0.38824047 | J25: -0.38415423
B26: Diferenças de consolidação | C26: 63.854733 | D26: 65.421339 | E26: 351.91479 | F26: 351.91479 | G26: 451.11779 | H26: 437.9205
B27: Receita de capital | C27: 4856.5387 | D27: 1973.7677 | E27: 2456.0286 | F27: 2062.5498 | G27: -49.428415 | H27: 4.4981028 | I27: -2.52867 | J27: 0.09884885
B28: Venda de bens de investimento | C28: 1259.4472 | D28: 1259.4472 | E28: 530.25732 | F28: 530.25732 | G28: -57.897615 | H28: -57.897615 | I28: -0.76812036 | J28: -0.81187068
B29: Transferências de capital | C29: 3440.0091 | D29: 614.72841 | E29: 1874.8091 | F29: 1481.1501 | G29: -45.499878 | H29: 140.94381 | I29: -1.6487638 | J29: 0.96466274
B30: Administrações Públicas | C30: 19.458961 | D30: 17.662163 | E30: 13.840521 | F30: 13.840521 | G30: -28.873278 | H30: -21.637452 | I30: -0.0059184007 | J30: -0.0042549671
B31: Outras | C31: 3420.5501 | D31: 597.06624 | E31: 1860.9686 | F31: 1467.3095 | G31: -45.594464 | H31: 145.75322 | I31: -1.6428454 | J31: 0.96891771
B32: Outras receitas de capital | C32: 58.29469 | D32: 58.293975 | E32: 34.791087 | F32: 34.791087 | G32: -40.318601 | H32: -40.317869 | I32: -0.024758428 | J32: -0.026167814
B33: Diferenças de consolidação | C33: 98.787709 | D33: 41.298122 | E33: 16.171065 | F33: 16.351365 | G33: -83.630489 | H33: -60.406517
B34: Receita efetiva não fiscal | C34: 26298.854 | D34: 21183.145 | E34: 24736.187 | F34: 23782.606 | G34: -5.9419575 | H34: 12.271362 | I34: -1.6460953 | J34: 2.8942058
B35: Receita efetiva | C35: 94931.726 | D35: 89816.018 | E35: 96266.54 | F35: 95312.959 | G35: 1.4060774 | H35: 6.120223
B36: Nota: Os montantes apresentados encontram-se consolidados de fluxos no âmbito da Administração Central relativos a juros, transferências, subsídios e, dentro do Programa Legado da Saúde, venda de bens e serviços correntes. Fonte: Ministério das Finanças.

Sheet Q-4.4
B9: Quadro 4.4. Receita fiscal do Estado
B10: (milhões de euros)
C11: 2026 | D11: 2027 | E11: Variação (%)
B12: Impostos Diretos | C12: 29672.964 | D12: 30423.94 | E12: 2.5308431
B13: - IRS | C13: 19706 | D13: 20385.1 | E13: 3.4461585
B14: - IRC | C14: 9704 | D14: 9604.5 | E14: -1.0253504
B15: - Outros (inclui CESE+AIMI+CSB+CST) | C15: 262.96414 | D15: 434.3403 | E15: 65.170921
B16: Impostos Indiretos | C16: 38135.494 | D16: 40247.952 | E16: 5.5393473
B17: - ISP | C17: 3609.5415 | D17: 3795.6 | E17: 5.1546307
B18: - IVA | C18: 28757 | D18: 30283.2 | E18: 5.3072295
B19: - Impostos sobre veículos | C19: 464.32226 | D19: 486.15 | E19: 4.7009885
B20: - Imposto sobre o tabaco | C20: 1725.1317 | D20: 1864.3 | E20: 8.0671099
B21: - IABA | C21: 364.91746 | D21: 392.3 | E21: 7.503764
B22: - Imposto do selo | C22: 2342.5334 | D22: 2485 | E22: 6.0817317
B23: - Imposto único de circulação | C23: 587.74823 | D23: 610.7 | E23: 3.9050345
... B25: Receita Fiscal do Estado | C25: 67808.459 | D25: 70671.892 | E25: 4.2228266
B26: Fonte: Ministério das Finanças.

Sheet G-4.1
B9: Gráfico 4.1. Despesa fiscal do Estado
B10: (milhões de euros; percentagem do PIB)
B34: Notas: (e) execução provisória; (p) previsão. Fonte: Autoridade Tributária e Aduaneira.

Sheet Q-4.5
B9: Quadro 4.5. Despesa fiscal do Estado por imposto
B10: (milhões de euros; variação homóloga em percentagem)
B11: Imposto | C11: Despesa fiscal em valor absoluto (milhões de euros) | F11: Em percentagem do total | G11: Variação homóloga (%) | I11: Contributo para a variação homóloga
C12: 2025 | D12: 2026(e) | E12: 2027(p) | F12: 2027(p) | G12: 2026(e)/2025 | H12: 2027(p)/2026(e) | I12: 2027(p)
B13: Impostos sobre o rendimento | C13: 5887.5923 | D13: 5855.9987 | E13: 5779.141 | F13: 25.268627 | G13: -0.53661248 | H13: -1.3124617 | I13: -0.34535142
B14: Imposto sobre o Rendimento das Pessoas Singulares (IRS) | C14: 4130.3431 | D14: 4117.91 | E14: 4090.7427 | F14: 17.886301 | G14: -0.30101937 | H14: -0.6597337 | I14: -0.12207287
B15: Imposto sobre o Rendimento das Pessoas Coletivas (IRC) | C15: 1757.2492 | D15: 1738.0887 | E15: 1688.3982 | F15: 7.3823265 | G15: -1.0903646 | H15: -2.8589163 | I15: -0.22327855
B16: Impostos sobre a produção e importações | C16: 15794.13 | D16: 16398.939 | E16: 17091.674 | F16: 74.731373 | G16: 3.8293269 | H16: 4.2242708 | I16: 3.1127276
B17: Imposto sobre Veículos (ISV) | C17: 459.39208 | D17: 479.04305 | E17: 489.73751 | F17: 2.1413208 | G17: 4.2776047 | H17: 2.2324632 | I17: 0.048054326
B18: Imposto sobre o Valor Acrescentado (IVA) | C18: 13003.852 | D18: 13527.973 | E18: 14155.758 | F18: 61.894419 | G18: 4.0305027 | H18: 4.6406454 | I18: 2.8208808
B19: Imposto sobre os Produtos Petrolíferos e Energéticos (ISP) | C19: 435.20271 | D19: 434.10299 | E19: 441.83002 | F19: 1.9318508 | G19: -0.2526915 | H19: 1.78 | I19: 0.034720535
B20: Imposto sobre o Álcool e as Bebidas Alcoólicas (IABA) | C20: 68.488515 | D20: 74.005888 | E20: 75.323193 | F20: 0.32934197 | G20: 8.0559102 | H20: 1.78 | I20: 0.0059191576
B21: Imposto sobre o Tabaco (IT) | C21: 0 | D21: 0 | E21: 0 | F21: 0 | G21: - | H21: - | I21: 0
B22: Imposto do Selo (IS) | C22: 1811.6407 | D22: 1867.7782 | E22: 1912.6048 | F22: 8.3626439 | G22: 3.0987078 | H22: 2.4 | I22: 0.20142351
B23: Imposto Único de Circulação (IUC) | C23: 15.553353 | D23: 16.035507 | E23: 16.42036 | F23: 0.071796127 | G23: 3.1 | H23: 2.4 | I23: 0.001729289
B24: Despesa fiscal | C24: 21681.722 | D24: 22254.937 | E24: 22870.815 | F24: 100 | G24: 2.643772 | H24: 2.7673762 | I24: 2.7673762
B25: Notas: (e) execução provisória; (p) previsão. Fonte: Autoridade Tributária e Aduaneira.

Sheet Q-4.6
B9: Quadro 4.6. Despesa fiscal do Estado por função
B10: (milhões de euros; variação homóloga em percentagem)
B11: Função | D11: Despesa fiscalem valor absoluto (milhões de euros) | G11: Variação homóloga (%)
D12: 2025 | E12: 2026(e) | F12: 2027(p) | G12: 2026(e)/2025 | H12: 2027(p)/2026(e)
B13: CF.01 - Serviços gerais da Administração Pública | D13: 0 | E13: 0 | F13: 0 | G13: - | H13: -
B14: CF.02 – Defesa | D14: 114.54203 | E14: 152.89228 | F14: 159.99113 | G14: 33.481376 | H14: 4.6430395
B15: CF.03 - Segurança e ordem pública | D15: 10.433599 | E15: 11.998638 | F15: 12.555453 | G15: 15 | H15: 4.6406454
B16: CF.04 – Assuntos económicos | C16: CF.04.A – Investimento | D16: 1143.2297 | E16: 1187.6546 | F16: 1237.554 | G16: 3.8859105 | H16: 4.2015061
C17: CF.04.B – Poupança | D17: 113.74084 | E17: 119.76647 | F17: 125.39266 | G17: 5.2976863 | H17: 4.6976316
C18: CF.04.C - Reestruturação empresarial | D18: 15.960904 | E18: 16.115002 | F18: 16.238 | G18: 0.96546968 | H18: 0.76325301
C19: CF.04.D - Criação de emprego | D19: 0 | E19: 0 | F19: 0 | G19: - | H19: -
C20: CF.04.E - Investigação e desenv. empresarial | D20: 367.52658 | E20: 324.07129 | F20: 252.03355 | G20: -11.823715 | H20: -22.228977
C21: CF.04.F - Turismo | D21: 0.31957991 | E21: 0 | F21: 0 | G21: -100 | H21: -
C22: CF.04.G - Promoção regional | D22: 36.397461 | E22: 35.962082 | F22: 35.701954 | G22: -1.1961806 | H22: -0.72333946
C23: CF.04.H - Indústria | D23: 771.96816 | E23: 783.50998 | F23: 791.98901 | G23: 1.4951161 | H23: 1.0821858
C24: CF.04.Z - Outros | D24: 17522.727 | E24: 17965.608 | F24: 18532.165 | G24: 2.5274658 | H24: 3.1535599
C25: Total | D25: 19971.871 | E25: 20432.688 | F25: 20991.074 | G25: 2.3073308 | H25: 2.7328072
B26: CF.05 - Proteção do ambiente | D26: 221.54898 | E26: 231.0426 | F26: 241.19225 | G26: 4.2851124 | H26: 4.3929754
B27: CF.06 - Serviços de habitação e desenvolvimento coletivo | D27: 283.26434 | E27: 291.99346 | F27: 297.44692 | G27: 3.0816167 | H27: 1.8676653
B28: CF.07 – Saúde | D28: 55.986848 | E28: 57.180369 | F28: 58.218063 | G28: 2.1317891 | H28: 1.8147725
B29: CF.08 - Serviços recreativos, culturais e religiosos | D29: 55.625213 | E29: 58.443289 | F29: 58.849428 | G29: 5.0661855 | H29: 0.69492789
B30: CF.09 – Educação | D30: 3.2501573 | E30: 3.160137 | F30: 3.0882822 | G30: -2.7697215 | H30: -2.2737885
B31: CF.10 - Proteção social | D31: 951.27064 | E31: 1000.8716 | F31: 1033.044 | G31: 5.2141827 | H31: 3.2144365
B32: CF.11 - Relações internacionais | D32: 7.9798973 | E32: 8.402141 | F32: 8.7964286 | G32: 5.2913418 | H32: 4.6927041
B33: CF.12 - Criação artística | D33: 5.9496088 | E33: 6.264938 | F33: 6.5593901 | G33: 5.3000001 | H33: 4.7
B34: Total | D34: 21681.722 | E34: 22254.937 | F34: 22870.815 | G34: 2.643772 | H34: 2.7673762
B35: Notas: (e) execução provisória; (p) previsão. Fonte: Autoridade Tributária e Aduaneira.

Sheet G-4.2
B9: Gráfico 4.2. Despesa fiscal do Estado por função
B10: (milhões de euros)
B37: Notas: (e) execução provisória; (p) previsão. Fonte: Autoridade Tributária e Aduaneira.

Sheet G-4.3
B9: Gráfico 4.3. Despesa fiscal do Estado por tipo
B10: (milhões de euros)
B37: Notas: (e) execução provisória; (p) previsão. Fonte: Autoridade Tributária e Aduaneira.

Sheet G-4.4
B9: Gráfico 4.4. Despesa fiscal do Estado: IRS por função
B10: (milhões de euros)
B33: Notas: (e) execução provisória; (p) previsão. Fonte: Autoridade Tributária e Aduaneira.

Sheet G-4.5
B9: Gráfico 4.5. Despesa fiscal do Estado: IRS por tipo
B10: (milhões de euros)
B35: Notas: (e) execução provisória; (p) previsão. Fonte: Autoridade Tributária e Aduaneira.

Sheet G-4.6
B9: Gráfico 4.6. Despesa fiscal do Estado: IRC por função
B10: (milhões de euros)
B34: Notas: (e) execução provisória; (p) previsão. Fonte: Autoridade Tributária e Aduaneira.

Sheet G-4.7
B9: Gráfico 4.7. Despesa fiscal do Estado: IRC por tipo
B10: (milhões de euros)
B34: Notas: (e) execução provisória; (p) previsão. Fonte: Autoridade Tributária e Aduaneira.

Sheet G-4.8
B9: Gráfico 4.8. Despesa fiscal do Estado: IVA por função
B10: (milhões de euros)
B34: Notas: (e) execução provisória; (p) previsão. Fonte: Autoridade Tributária e Aduaneira.

Sheet G-4.9
B9: Gráfico 4.9. Despesa fiscal do Estado: IVA por tipo
B10: (milhões de euros)
B34: Notas: (e) execução provisória; (p) previsão. Fonte: Autoridade Tributária e Aduaneira.

Sheet G-4.10
B9: Gráfico 4.10. Despesa fiscal do Estado: IEC e ISV por função
B10: (milhões de euros)
B34: Notas: (e) execução provisória; (p) previsão. Fonte: Autoridade Tributária e Aduaneira.

Sheet G-4.11
B9: Gráfico 4.11. Despesa fiscal do Estado: IEC e ISV por tipo
B10: (milhões de euros)
B35: Notas: (e) execução provisória; (p) previsão. Fonte: Autoridade Tributária e Aduaneira.

Sheet G-4.12
B9: Gráfico 4.12. Despesa fiscal do Estado: IS por função
B10: (milhões de euros)
B39: Notas: (e) execução provisória; (p) previsão. Fonte: Autoridade Tributária e Aduaneira.

Sheet G-4.13
B9: Gráfico 4.13. Despesa fiscal do Estado: IS por tipo
B10: (milhões de euros)
B34: Notas: (e) execução provisória; (p) previsão. Fonte: Autoridade Tributária e Aduaneira.

Sheet G-4.14
B9: Gráfico 4.14. Despesa fiscal do Estado: IUC por função
B10: (milhões de euros)
B37: Notas: (e) execução provisória; (p) previsão. Fonte: Autoridade Tributária e Aduaneira.

Sheet G-4.15
B9: Gráfico 4.15. Despesa fiscal do Estado: IUC por tipo
B10: (milhões de euros)
B35: Notas: (e) execução provisória; (p) previsão. Fonte: Autoridade Tributária e Aduaneira.

Sheet Q-4.7
B9: Quadro 4.7. Evolução da despesa efetiva consolidada da Administração Central
B10: (milhões de euros)
C11: 2026 Estimativa | E11: 2027 Orçamento | G11: Variação (em %) | I11: Contributo variação (em pp)
C12: Total | D12: s/ PRR | E12: Total | F12: s/ PRR | G12: Total | H12: s/ PRR | I12: Total | J12: s/ PRR
B13: Despesas com pessoal | C13: 24695.782 | D13: 24620.836 | E13: 26055.991 | F13: 26052.229 | G13: 5.5078608 | H13: 5.8137442 | I13: 1.3089 | J13: 1.4761909
B14: Aquisição de bens e serviços | C14: 15147.742 | D14: 14597.561 | E14: 15110.074 | F14: 15095.615 | G14: -0.24867242 | H14: 3.4118981 | I14: -0.03624735 | J14: 0.51364156
B15: Juros e outros encargos | C15: 7021.5421 | D15: 7021.5236 | E15: 8380.361 | F15: 8380.361 | G15: 19.352143 | H15: 19.352457 | I15: 1.307562 | J15: 1.401365
B16: Transferências | C16: 47604.869 | D16: 43657.294 | E16: 45346.782 | F16: 44043.725 | G16: -4.743395 | H16: 0.88514639 | I16: -2.1729083 | J16: 0.39852514
B17: Subsídios | C17: 1486.6102 | D17: 1460.8661 | E17: 991.88391 | F17: 991.88391 | G17: -33.278818 | H17: -32.103023 | I17: -0.47606442 | J17: -0.48365997
B18: Investimento | C18: 7207.8946 | D18: 4894.3422 | E18: 6557.8599 | F18: 6533.537 | G18: -9.018371 | H18: 33.491625 | I18: -0.62551431 | J18: 1.6904968
B19: Outras despesas | C19: 673.27645 | D19: 631.55809 | E19: 3636.5097 | F19: 3589.1193 | G19: 440.12133 | H19: 468.29599 | I19: 2.8514553 | J19: 3.0501244
B20: Diferenças de consolidação | C20: 82.316394 | D20: 81.284978 | E20: 2.400138 | F20: 2.580437
B21: Despesa efetiva | C21: 103920.03 | D21: 96965.267 | E21: 106081.86 | F21: 104689.05 | G21: 2.0802812 | H21: 7.9655161
B22: em % do PIB | C22: 31.929203 | D22: 29.792367 | E22: 31.158174 | F22: 30.74908
B23: Despesa primária | C23: 96898.491 | D23: 89943.743 | E23: 97701.501 | F23: 96308.69 | G23: 0.82871265 | H23: 7.0765863 | I23: 0.7727192 | J23: 6.5641511
B24: em % do PIB | C24: 29.77185 | D24: 27.635019 | E24: 28.696709 | F24: 28.287615
B25: Por memória:
B26: Despesa corrente | C26: 91131.469 | D26: 89330.984 | E26: 97888.368 | F26: 97011.804 | G26: 7.4144521 | H26: 8.5981599
B27: Despesa Total | C27: 286026.73 | D27: 278948.73 | E27: 308970.47 | F27: 307540.56 | G27: 8.0215394 | H27: 10.249853
B28: Nota: Os montantes apresentados encontram-se consolidados de fluxos no âmbito da Administração Central relativos a aquisição de bens e serviços dentro do Programa Legado da Saúde, juros, subsídios, transferências e ativos e passivos financeiros. Fonte: Ministério das Finanças.

Sheet Q-4.8
B9: Quadro 4.8. Despesas com o pessoal da Administração Central
B10: (milhões de euros)
B11: Programa Legado | C11: 2026 Estimativa | E11: 2027 Orçamento | G11: Variação (em %) | I11: Contributo variação (em pp)
C12: Total | D12: s/ PRR | E12: Total | F12: s/ PRR | G12: Total | H12: s/ PRR | I12: Total | J12: s/ PRR
B13: ÓRGÃOS DE SOBERANIA | C13: 375.90175 | D13: 375.90175 | E13: 424.39697 | F13: 424.39697 | G13: 12.901035 | H13: 12.901035 | I13: 0.19637044 | J13: 0.19696819
B14: GOVERNAÇÃO | C14: 256.66816 | D14: 256.6116 | E14: 312.01315 | F14: 312.01315 | G14: 21.562855 | H14: 21.58965 | I14: 0.22410704 | J14: 0.22501895
B15: REPRESENTAÇÃO EXTERNA | C15: 234.97873 | D15: 234.97873 | E15: 244.43886 | F15: 244.43886 | G15: 4.0259515 | H15: 4.0259515 | I15: 0.038306663 | J15: 0.038423268
B16: FINANÇAS | C16: 718.02962 | D16: 718.02962 | E16: 765.22819 | F16: 765.22819 | G16: 6.573345 | H16: 6.573345 | I16: 0.19111994 | J16: 0.19170171
B17: ECONOMIA | C17: 147.05864 | D17: 146.85538 | E17: 172.15614 | F17: 172.15614 | G17: 17.06632 | H17: 17.228348 | I17: 0.10162666 | J17: 0.10276156
B18: COESÃO TERRITORIAL | C18: 139.38698 | D18: 137.85351 | E18: 164.70944 | F18: 164.32087 | G18: 18.167017 | H18: 19.199626 | I18: 0.10253758 | J18: 0.10749984
B19: REFORMA DO ESTADO | C19: 24.430362 | D19: 22.61679 | E19: 26.728098 | F19: 26.571646 | G19: 9.4052458 | H19: 17.48637 | I19: 0.0093041623 | J19: 0.016063044
B20: DEFESA | C20: 1531.1404 | D20: 1530.9153 | E20: 1537.2259 | F20: 1537.2259 | G20: 0.39744865 | H20: 0.41220665 | I20: 0.024641847 | J20: 0.025630871
B21: INFRAESTRUTURAS E HABITAÇÃO | C21: 444.55839 | D21: 440.98015 | E21: 507.60291 | F21: 506.48026 | G21: 14.181382 | H21: 14.853303 | I21: 0.25528458 | J21: 0.2660353
B22: JUSTIÇA | C22: 1320.728 | D22: 1318.1074 | E22: 1355.6074 | F22: 1355.6074 | G22: 2.6409204 | H22: 2.8449879 | I22: 0.14123617 | J22: 0.15231
B23: SEGURANÇA INTERNA | C23: 2312.5208 | D23: 2312.5208 | E23: 2420.7253 | F23: 2420.7253 | G23: 4.6790704 | H23: 4.6790704 | I23: 0.43814963 | J23: 0.43948336
B24: EDUCAÇÃO | C24: 6368.0566 | D24: 6368.0566 | E24: 6624.2421 | F24: 6624.2421 | G24: 4.0229768 | H24: 4.0229768 | I24: 1.0373652 | J24: 1.0405229
... B31: AGRICULTURA E MAR | C31: 221.58681 | D31: 220.68124 | E31: 230.38421 | F31: 230.38421 | G31: 3.9701825 | H31: 4.3968239 | I31: 0.03562309 | J31: 0.03940957
B32: Total | C32: 24695.782 | D32: 24620.836 | E32: 26055.991 | F32: 26052.229 | G32: 5.5078608 | H32: 5.8137442
B33: Fonte: Ministério das Finanças.

Sheet Q-4.9
B9: Quadro 4.9. Despesa com juros e outros encargos da Administração Central
B10: (milhões de euros)
C11: 2026 Estimativa | D11: 2027 Orçamento | E11: Variação (em %) | F11: Contributo variação (em pp)
B12: Juros e Outros Encargos da Administração Central | C12: 7021.5421 | D12: 8380.361 | E12: 19.352143
B13: dos quais:
B14: Juros e outros encargos da Dívida Pública | C14: 6873.9 | D14: 8290.5 | E14: 20.608388 | F14: 20.175055
B15: Juros e encargos financeiros suportados pelas EPR | C15: 72.59509 | D15: 52.178938 | E15: -28.123324 | F15: -0.29076451
B16: das quais:
B17: Infraestruturas de Portugal, S.A. | C17: 39.300164 | D17: 13.057191 | E17: -66.775734 | F17: -0.37374942
B18: Entidade Nacional para o Sector Energético, E.P.E. | C18: 7.0077855 | D18: 10.551019 | E18: 50.561386 | F18: 0.050462326
B19: SUCH - Serviço de Utilização Comum dos Hospitais | C19: 1.2711136 | D19: 6.684548 | E19: 425.88124 | F19: 0.077097514
B20: Outros | C20: 75.04702 | D20: 37.682041 | E20: -49.788758 | F20: -0.53214776
B21: Fonte: Ministério das Finanças.

Sheet Q-4.10
B9: Quadro 4.10. Despesa com transferências correntes e de capital da Administração Central
B10: (milhões de euros)
C11: 2026 Estimativa | E11: 2027 Orçamento | G11: Variação (em %) | I11: Contributo variação (em pp)
C12: Total | D12: s/ PRR | E12: Total | F12: s/ PRR | G12: Total | H12: s/ PRR | I12: Total | J12: s/ PRR
B13: Transferências do Orçamento do Estado para o orçamento da Segurança Social | C13: 12783.283 | D13: 12783.283 | E13: 14051.834 | F13: 14051.834 | G13: 9.9235101 | H13: 9.9235101 | I13: 2.6647493 | J13: 2.9057009
B14: Pensões e outros abonos - Caixa Geral de Aposentações, I.P. | C14: 13293.008 | D14: 13293.008 | E14: 13871.901 | F14: 13871.901 | G14: 4.3548682 | H14: 4.3548682 | I14: 1.2160373 | J14: 1.3259937
B15: Transferências para a Administração Local - Lei das Finanças Locais | C15: 3930.7409 | D15: 3930.7409 | E15: 4232.8448 | F15: 4232.8448 | G15: 7.6856733 | H15: 7.6856733 | I15: 0.63460715 | J15: 0.69198952
B16: Contribuição financeira para a União Europeia | C16: 3081.9422 | D16: 3081.9422 | E16: 3181.9355 | F16: 3181.9355 | G16: 3.2444883 | H16: 3.2444883 | I16: 0.21004838 | J16: 0.22904135
B17: Fundo Ambiental | C17: 1731.3027 | D17: 1029.2522 | E17: 1552.6976 | F17: 1069.8129 | G17: -10.316225 | H17: 3.9408006 | I17: -0.37518237 | J17: 0.092907211
B18: Transferências para a Administração Local - Fundo para o Financiamento da Descentralização | C18: 1455.3294 | D18: 1455.3294 | E18: 1495.566 | F18: 1495.566 | G18: 2.7647788 | H18: 2.7647788 | I18: 0.084522107 | J18: 0.092164754
B19: Instituto de Financiamento da Agricultura e Pescas, I.P. | C19: 884.09973 | D19: 848.97709 | E19: 742.79593 | F19: 742.79593 | G19: -15.982789 | H19: -12.506952 | I19: -0.29682635 | J19: -0.24321515
B20: IAPMEI - Agência para a Competitividade e Inovação, I.P. | C20: 1201.0339 | D20: 19.400746 | E20: 466.84651 | F20: 33.138028 | G20: -61.129616 | H20: 70.808009 | I20: -1.5422528 | J20: 0.031466178
B21: Outros | C21: 9244.1291 | D21: 7215.3611 | E21: 5750.3613 | F21: 5363.898 | G21: -37.794451 | H21: -25.66002 | I21: -7.3390977 | J21: -4.2409021
B22: Total | C22: 47604.869 | D22: 43657.294 | E22: 45346.782 | F22: 44043.725 | G22: -4.743395 | H22: 0.88514639
B23: Fonte: Ministério das Finanças.

Sheet Q-4.11
B9: Quadro 4.11. Orçamento da Entidade Contabilística Estado
B10: (milhões de euros)
C11: 2027 Orçamento
B12: Receita corrente | C12: 74469.879
B13: Impostos diretos | C13: 30419.621
B14: Impostos indiretos | C14: 40229.247
B15: Taxas, multas e outras penalidades | C15: 148.54886
B16: Rendimentos da propriedade | C16: 1120.1797
B17: Transferências correntes | C17: 1906.5342
B18: Venda de bens e serviços correntes | C18: 588.20185
B19: Outras receitas correntes | C19: 57.471652
B20: Receita de capital | C20: 1809.5624
B21: Vendas de bens de investimento | C21: 82.533405
B22: Transferências Capital | C22: 1724.2799
B23: Outras receitas de capital | C23: 2.747323
... B51: Saldo orçamental | C51: 0
B52: Nota: Maior detalhe pode ser obtido por consulta ao Mapa 15 — Desenvolvimentos Orçamentais da Entidade Contabilística Estado.
B53: Fonte: Ministério das Finanças.

Sheet G-4.16
B9: Gráfico 4.16. Saldo orçamental da Administração Regional e Local
B10: (milhões de euros)
B30: Fontes: Ministério das Finanças, Direção Regional do Orçamento e Tesouro da Região Autónoma dos Açores, Entidade Orçamental, do Tesouro e Finanças da Região Autónoma da Madeira e Direção-Geral das Autarquias Locais.

Sheet Q-4.12
B9: Quadro 4.12. Receitas e despesas da Administração Local
B10: (milhões de euros)
C11: 2025 | D11: 2026 Estimativa | E11: 2027 Orçamento | F11: Taxa de Variação (%)
F12: 2026/2025 | G12: 2027/2026
B13: Receita Efetiva | C13: 16469.574 | D13: 18519.788 | E13: 16432.59 | F13: 12.448497 | G13: -11.270099
B14: Receita Fiscal | C14: 4627.0891 | D14: 4955.1414 | E14: 4815.5651 | F14: 7.0898193 | G14: -2.8167978
B15: da qual:
B16: IMI | C16: 1612.808 | D16: 1754.037 | E16: 1655.9707 | F16: 8.7567133 | G16: -5.5908906
B17: IMT | C17: 2146.7258 | D17: 2240.5344 | E17: 2189.0631 | F17: 4.3698485 | G17: -2.2972797
B18: Transferências | C18: 8883.6962 | D18: 10395.545 | E18: 8647.3495 | F18: 17.018242 | G18: -16.816777
B19: das quais:
B20: Lei das Finanças Locais | C20: 4470.9438 | D20: 4573.1804 | E20: 4865.1735 | F20: 2.2866901 | G20: 6.384903
B21: União Europeia | C21: 1197.4182 | D21: 1265.1643 | E21: 1080.8663 | F21: 5.6576846 | G21: -14.56712
B22: Outra Receita | C22: 2958.7884 | D22: 3169.1016 | E22: 2969.6752 | F22: 7.1080845 | G22: -6.2928371
B23: Despesa Efetiva | C23: 15087.898 | D23: 17164.589 | E23: 15408.413 | F23: 13.763955 | G23: -10.231389
B24: Despesas com pessoal | C24: 4788.7689 | D24: 5214.6081 | E24: 5498.0094 | F24: 8.8924579 | G24: 5.4347579
B25: Aquisição de bens e serviços | C25: 4020.8807 | D25: 4358.4194 | E25: 4065.5931 | F25: 8.3946453 | G25: -6.7186349
B26: Investimento | C26: 3688.6837 | D26: 4924.4707 | E26: 3474.523 | F26: 33.502113 | G26: -29.443726
B27: Outras | C27: 2589.5642 | D27: 2667.0907 | E27: 2370.2874 | F27: 2.9938024 | G27: -11.128352
B28: Saldo global | C28: 1381.6762 | D28: 1355.1992 | E28: 1024.1767
B29: Nota: Os valores da Administração Local incluem municípios, freguesias, Incentiva+TP e Plano de Recuperação e Resiliência. As transferências da Lei das Finanças Locais incluem, no que respeita à participação no imposto sobre o rendimento das pessoas singulares (IRS) e imposto sobre valor acrescentado (IVA), apenas os municípios do Continente. Fontes: Ministério das Finanças e Direção-Geral das Autarquias Locais.

Sheet Q-4.13
B9: Quadro 4.13. Transferências do Orçamento do Estado para a Administração Local
B10: (milhões de euros)
C11: 2025 | D11: 2026 Estimativa | E11: 2027 Orçamento | F11: Taxa de Variação (%)
F12: 2026/2025 | G12: 2027/2026
B13: Lei das Finanças Locais | C13: 4470.9438 | D13: 4573.1804 | E13: 4865.1735 | F13: 2.2866901 | G13: 6.384903
B14: Fundo de Equilíbrio Financeiro (FEF) (a) | C14: 3156.6784 | D14: 3227.6288 | E14: 3466.269 | F14: 2.2476291 | G14: 7.3936698
B15: Fundo Social Municipal (FSM) | C15: 286.79578 | D15: 296.35964 | E15: 326.46778 | F15: 3.3347258 | G15: 10.159328
B16: Participação no IRS (b) | C16: 545.62221 | D16: 516.38249 | E16: 498.48667 | F16: -5.3589675 | G16: -3.4656133
B17: Participação no IVA (b) | C17: 85.306851 | D17: 126.05699 | E17: 133.84204 | F17: 47.768897 | G17: 6.1758176
B18: Fundo de Financiamento das Freguesias (FFF) (c) | C18: 396.54057 | D18: 406.7525 | E18: 440.10804 | F18: 2.5752543 | G18: 8.2004515
B19: Fundo de Financiamento da Descentralização (FFD) | C19: 1418.9909 | D19: 1455.3294 | E19: 1495.566 | F19: 2.5608707 | G19: 2.7647788
B20: Outras | C20: 241.04438 | D20: 372.01937 | E20: 133.22175 | F20: 54.336461 | G20: -64.189566
B21: Total | C21: 6130.979 | D21: 6400.5292 | E21: 6493.9613 | F21: 4.3965268 | G21: 1.4597567
B22: Notas: (a) Inclui o montante da coluna (4) do mapa 12 do Orçamento do Estado. (b) Só inclui os municípios do Continente. (c) Inclui o montante da coluna (2) do mapa 13 do Orçamento do Estado. Fontes: Ministério das Finanças e Direção-Geral das Autarquias Locais.

Sheet Q-4.14
B9: Quadro 4.14. Receitas e despesas da Administração Regional
B10: (milhões de euros)
C11: 2025 | D11: 2026 Estimativa | E11: 2027 Orçamento | F11: Taxa de Variação (%)
F12: 2026/2025 | G12: 2027/2026
B13: Receita Efetiva | C13: 3693.2887 | D13: 4273.1077 | E13: 4015.2902 | F13: 15.69926 | G13: -6.0334892
B14: Receita Fiscal | C14: 2249.9363 | D14: 2327.806 | E14: 2427.9599 | F14: 3.4609749 | G14: 4.3025018
B15: Transferências | C15: 1220.6101 | D15: 1693.3283 | E15: 1341.3659 | F15: 38.728027 | G15: -20.785243
B16: das quais:
B17: Lei das Finanças das Regiões Autónomas | C17: 724.03376 | D17: 555.48953 | E17: 587.81325 | F17: -23.278505 | G17: 5.8189619
B18: União Europeia | C18: 395.33355 | D18: 528.79175 | E18: 449.2214 | F18: 33.758379 | G18: -15.047578
B19: Outra Receita | C19: 222.7423 | D19: 251.97335 | E19: 245.96438 | F19: 13.123257 | G19: -2.3847652
B20: Despesa Efetiva | C20: 3785.1105 | D20: 4232.2315 | E20: 4007.9587 | F20: 11.812627 | G20: -5.2991625
B21: Despesa Corrente | C21: 3150.2851 | D21: 3342.3536 | E21: 3403.3947 | F21: 6.0968614 | G21: 1.8262901
B22: da qual:
B23: Despesas com pessoal | C23: 1655.4168 | D23: 1740.6722 | E23: 1802.1475 | F23: 5.1500851 | G23: 3.5316991
B24: Aquisição de bens e serviços | C24: 867.93113 | D24: 907.83473 | E24: 884.04915 | F24: 4.5975537 | G24: -2.6200336
B25: Juros e outros encargos | C25: 202.05733 | D25: 207.32934 | E25: 217.71712 | F25: 2.6091689 | G25: 5.010277
B26: Despesa de Capital | C26: 634.82537 | D26: 889.87783 | E26: 604.56393 | F26: 40.176792 | G26: -32.062142
B27: da qual:
B28: Aquisição de bens de capital | C28: 360.64773 | D28: 479.85845 | E28: 218.0854 | F28: 33.054617 | G28: -54.55214
B29: Saldo global | C29: -91.821806 | D29: 40.876197 | E29: 7.3315304
B30: Fontes: Ministério das Finanças, Direção Regional do Orçamento e Tesouro da Região Autónoma dos Açores e Entidade Orçamental, do Tesouro e Finanças da Região Autónoma da Madeira.

Sheet Q-4.15
B9: Quadro 4.15. Transferências do Orçamento do Estado para a Administração Regional
B10: (milhões de euros)
C11: OE 2026 | D11: OE 2027 | E11: var. abs. | F11: tvh (%)
B12: 1 - Transf. Orçamentais art.º 48.º
B13: RAM | C13: 214.36236 | D13: 228.70035 | E13: 14.337986 | F13: 6.6886677
B14: RAA | C14: 220.08204 | D14: 231.68575 | E14: 11.603702 | F14: 5.2724437
B15: Total RA art 48º | C15: 434.4444 | D15: 460.38609 | E15: 25.941688 | F15: 5.9712331
B16: 2 - Fundo de Coesão art.º 49.º
B17: RAM (transferência extraordinária) | C17: 79.930558 | D17: 79.930558 | E17: 0 | F17: 0
B18: RAA | C18: 121.04512 | D18: 127.42716 | E18: 6.382036 | F18: 5.2724436
B19: Total RA art 49º | C19: 200.97568 | D19: 207.35772 | E19: 6.382036 | F19: 3.1755265
B20: TOTAL TRANSFERÊNCIAS
B21: RAM | C21: 294.29292 | D21: 308.6309 | E21: 14.337986 | F21: 4.8720119
B22: RAA | C22: 341.12717 | D22: 359.11291 | E22: 17.985738 | F22: 5.2724437
B23: Total RA | C23: 635.42009 | D23: 667.74381 | E23: 32.323724 | F23: 5.0869849
B24: Fontes: Ministério das Finanças, Direção Regional do Orçamento e Tesouro da Região Autónoma dos Açores e Entidade Orçamental, do Tesouro e Finanças da Região Autónoma da Madeira.

Sheet Q-4.16
B9: Quadro 4.16. Transferências totais para a Administração Local e Regional
B10: (milhões de euros)
C11: Administração Regional | F11: Administração Local
C12: 2025 | D12: 2026 Estimativa | E12: 2027 Orçamento | F12: 2025 | G12: 2026 Estimativa | H12: 2027 Orçamento
B13: Da Administração Central e Segurança Social
B14: Transferências da Administração Central | C14: 762.70924 | D14: 1018.7669 | E14: 697.39105 | F14: 7574.056 | G14: 9003.5684 | H14: 7460.4037
B15: Transferências da Segurança Social | C15: 142 | D15: 129.51521 | E15: 178.00882 | F15: 37 | G15: 48.924082 | H15: 32.606204
B16: Juros | C16: 0 | D16: 0 | E16: 0 | F16: 0.0662673 | G16: 1e-06 | H16: 0.503209
B17: Subsídios | C17: 10.113564 | D17: 10.052445 | E17: 10.052445 | F17: 354.90866 | G17: 594.04314 | H17: 145.21439
B18: Administração Central | C18: 10.113564 | D18: 10.052445 | E18: 10.052445 | F18: 319.90866 | G18: 480.26308 | H18: 50.325023
B19: Segurança Social | C19: 0 | D19: 0 | E19: 0 | F19: 35 | G19: 113.78006 | H19: 94.889371
B20: Ativos Financeiros | C20: 150 | D20: 0 | E20: 150 | F20: 13.180183 | G20: 299.67886 | H20: 1058.1322
B21: dq.:Emp ML prazo da Administração Central | C21: 150 | D21: 0 | E21: 150 | F21: 13.180183 | G21: 296.0122 | H21: 1031.1322
B22: Outros ativos financeiros da Adm. Central | C22: 0 | D22: 0 | E22: 0 | F22: 0 | G22: 3.6666667 | H22: 26
B23: Títulos a médio e longo prazo da Seg. Social | C23: 0 | D23: 0 | E23: 0 | F23: 0 | G23: 0 | H23: 1
B24: Passivos Financeiros | C24: 0 | D24: 0 | E24: 0 | F24: 4.6 | G24: 0.135257 | H24: 400.02214
B25: dq.: Titulos a curto prazo da Adm. Central | C25: 0 | D25: 0 | E25: 0 | F25: 4.6 | G25: 0 | H25: 400
B26: Outros passivos financeiros da Adm.Central | C26: 0 | D26: 0 | E26: 0 | F26: 0 | G26: 0.135257 | H26: 0.022138
B27: Para Administração Central e Segurança Social
B28: Transferências para a Administração Central | C28: 34.202112 | D28: 60.439618 | E28: 51.337174 | F28: 130.36241 | G28: 129.94052 | H28: 127.02583
B29: Transferências para a Segurança Social | C29: 0 | D29: 0 | E29: 0 | F29: 0 | G29: 0 | H29: 0
B30: Rendimentos de Propriedade-Juros da Adm. Central | C30: 22.964796 | D30: 25.206118 | E30: 24.282462 | F30: 11.543112 | G30: 13.631286 | H30: 7.857087
B31: Ativos Financeiros | C31: 73.796992 | D31: 73.983133 | E31: 73.991284 | F31: 58.579216 | G31: 43.360709 | H31: 39.792878
B32: dq.: Emp ML prazo para a Administração Central | C32: 73.796992 | D32: 0.186141 | E32: 73.991284 | F32: 58.579216 | G32: 33.922528 | H32: 38.792878
B33: Títulos de curto prazo para a Administração Central | C33: 0 | D33: 73.796992 | E33: 0 | F33: 0 | G33: 9.438181 | H33: 0
B34: Títulos a médio e longo prazo p/a Seg. Social | C34: 0 | D34: 0 | E34: 0 | F34: 0 | G34: 0 | H34: 1
B35: Passivos Financeiros | C35: -0.65355569 | D35: 0 | E35: 0 | F35: 0 | G35: 1849.0133 | H35: 1952.8953
B36: dq.: Títulos de Curto Prazo para a Adm.Central | C36: 0 | D36: 0 | E36: 0 | F36: 0 | G36: 1847.9418 | H36: 1952.7641
B37: Outr.Passivos Financeiros para a AC | C37: -0.65355569 | D37: 0 | E37: 0 | F37: 0 | G37: 1.071494 | H37: 0.131254
B38: Fonte: Ministério das Finanças.

Sheet Q-4.17
B9: Quadro 4.17. Principais receitas e despesas da Segurança Social
B10: (milhões de euros)
C11: Lei n.º 73-A/2025, de 30.12 OSS 2026 | D11: Previsão de execução 2026 | E11: OSS 2027 | F11: Variação 2027-2026 (prev.) (milhões de euros) | G11: Variação 2027-2026 (prev.) %
B12: 1. Receitas correntes | C12: 49354216639 | D12: 4.9792103e+10 | E12: 53148102712 | F12: 3.3559995e+09 | G12: 0.067400235
B13: Contribuições e quotizações | C13: 32091173593 | D13: 3.2361055e+10 | E13: 34895943052 | F13: 2.5348881e+09 | G13: 0.078331441
B14: Receitas de jogos sociais (SCML - Departamento de Jogos) | C14: 228382002 | D14: 222474935 | E14: 225418809 | F14: 2943874 | G14: 0.013232385
B15: Adicional de solidariedade sobre o setor bancário | C15: 0 | D15: 0 | E15: 0 | F15: 0
B16: Adicional ao IVA/Transferência do OE relativa a Iva Social | C16: 1192831598 | D16: 1192831598 | E16: 1252379148 | F16: 59547550 | G16: 0.049921171
B17: Adicional ao IMI/Transferência do OE relativa ao Adicional ao IMI | C17: 162591203 | D17: 162591203 | E17: 160800000 | F17: -1791203 | G17: -0.011016605
B18: Transferência do OE relativo a reembolso do IVA do PRR | C18: 0 | D18: 10254250 | E18: 0 | F18: -10254250 | G18: -1
B19: Consignação da receita de IRC/Transferência do OE relativa ao IRC | C19: 493555776 | D19: 493555776 | E19: 484711257 | F19: -8844519 | G19: -0.017919999
B20: Transferências do OE para cumprimento da LBSS | C20: 10411102105 | D20: 10411102105 | E20: 11639123135 | F20: 1228021030 | G20: 0.11795303
B21: Transferências do OE - CPN (Programas Operacionais da UE) | C21: 165171932 | D21: 165171932 | E21: 169222461 | F21: 4050529 | G21: 0.024523107
B22: Transferências do OE - Regime Substitutivo Bancário | C22: 357780612 | D22: 3.5616146e+08 | E22: 345497630 | F22: -10663834 | G22: -0.029941011
B23: Transferências do OE - COFACO | C23: 250000 | D23: 20833.33 | E23: 100000 | F23: 79166.67 | G23: 3.8000008
B24: Transferências do OE - FESSPAC | C24: 0 | D24: 0 | E24: 0 | F24: 0
B25: Transferências Administração Central - outras entidades | C25: 791166835 | D25: 1.0459691e+09 | E25: 742185590 | F25: -3.037835e+08 | G25: -0.29043258
B26: Transferências de fundos da União Europeia | C26: 2112259793 | D26: 1.7632955e+09 | E26: 1721369462 | F26: -41926013 | G26: -0.023777077
B27: Outras receitas e transferências correntes | C27: 1347951190 | D27: 1.6076196e+09 | E27: 1511352168 | F27: -96267427 | G27: -0.059881969
B28: 2. Receitas de capital | C28: 4466105 | D28: 3051128.9 | E28: 3299405 | F28: 248276.06 | G28: 0.081371867
B29: Transferências do Orçamento de Estado | C29: 3547700 | D29: 2050512.9 | E29: 2000000 | F29: -50512.94 | G29: -0.024634295
B30: Transferências de fundos da União Europeia | C30: 218500 | D30: 0 | E30: 300000 | F30: 300000
B31: Outras receitas capital | C31: 699905 | D31: 1000616 | E31: 999405 | F31: -1211.0014 | G31: -0.0012102559
B32: 3. Total da receita (1+2) | C32: 49358682744 | D32: 4.9795154e+10 | E32: 53151402117 | F32: 3.3562477e+09 | G32: 0.067401091
B33: 4. Despesas correntes | C33: 42755792411 | D33: 4.1877411e+10 | E33: 44598662094 | F33: 2.7212507e+09 | G33: 0.06498135
B34: Pensões | C34: 25817218082 | D34: 2.543601e+10 | E34: 26420067988 | F34: 9.8405774e+08 | G34: 0.038687582
B35: Sobrevivência* | C35: 3493489283 | D35: 3.4294051e+09 | E35: 3598234763 | F35: 1.6882963e+08 | G35: 0.049230004
B36: Invalidez* | C36: 1452359350 | D36: 1.419423e+09 | E36: 1475985359 | F36: 56562330 | G36: 0.039848818
B37: Velhice* | C37: 19795394687 | D37: 1.9173088e+10 | E37: 20248619819 | F37: 1.0755318e+09 | G37: 0.056095909
B38: Beneficiários dos Antigos Combatentes | C38: 54058306 | D38: 52767902 | E38: 54403705 | F38: 1635803.1 | G38: 0.030999965
B39: Parcela de atualização extraordinária de pensões | C39: 1021916456 | D39: 1.006858e+09 | E39: 1042824342 | F39: 35966391 | G39: 0.035721415
B40: Complemento excecional de pensão | C40: 0 | D40: 1500 | E40: 0 | F40: -1500 | G40: -1
B41: Suplemento extraordinário de pensão | C41: 0 | D41: 354466723 | E41: 0 | F41: -354466723 | G41: -1
B42: Regime Subsitutivo Bancário | C42: 357396113 | D42: 3.5574955e+08 | E42: 345077061 | F42: -10672486 | G42: -0.029999999
... B62: Outras despesas correntes | C62: 1906658182 | D62: 1.8892719e+09 | E62: 2073837248 | F62: 1.8456536e+08 | G62: 0.097691265
B63: das quais:
B64: Transferências e subsídios correntes | C64: 1905508762 | D64: 1.8883348e+09 | E64: 2072614381 | F64: 1.8427955e+08 | G64: 0.097588388
B65: Subsidios/transferências correntes (ações de form. prof. e ação social) | C65: 1750532769 | D65: 1.5641733e+09 | E65: 1806242859 | F65: 2.4206955e+08 | G65: 0.15475878
B66: das quais:
B67: Com suporte no Fundo Social Europeu / FEAC / FAMI / FEDER | C67: 1585785867 | D67: 1.4278364e+09 | E67: 1637835338 | F67: 2.099989e+08 | G67: 0.1470749
B68: 5. Despesas de capital | C68: 164374482 | D68: 1.5488817e+08 | E68: 170085193 | F68: 15197021 | G68: 0.098116088
B69: Projetos de investimento em equipamento sociais (ex-PIDDAC OE) | C69: 3547700 | D69: 2243725 | E69: 5686000 | F69: 3442275 | G69: 1.5341787
B70: Outras | C70: 160826782 | D70: 1.5264445e+08 | E70: 164399193 | F70: 11754746 | G70: 0.077007364
B71: 6. Total da despesa (4+5) | C71: 42920166893 | D71: 4.20323e+10 | E71: 44768747287 | F71: 2.7364478e+09 | G71: 0.065103451
B72: 7. Ativos financeiros líquidos de reembolsos | C72: 731067095 | D72: 2.1801312e+08 | E72: 880329321 | F72: 6.623162e+08 | G72: 3.0379648
B73: 8. Passivos financeiros líquidos de amortizações | C73: -40000000 | D73: 0 | E73: -40000000 | F73: -40000000
B74: 9. Saldo global (3-6) | C74: 6438515851 | D74: 7.7628549e+09 | E74: 8382654830 | F74: 6.1979997e+08 | G74: 0.079841757
B75: * No quadro relatório do Orçamento do Estado dos anos anteriores, estas rubricas incluem prestações sociais que, em 2027, transitarão para a prestação social única (PSU). Assim, no quadro deste Relatório, para os anos de 2025 e 2026, os valores foram ajustados de forma a excluir os montantes daquelas prestações para garantir a comparabilidade com a previsão para 2027. Esses valores foram agregados na linha correspondente à PSU. No caso do rendimento social de inserção (RSI), uma vez que todo o valor desta prestação transitará para a PSU, deixa de constar neste quadro numa linha autónoma (uma vez mais, para assegurar a comparabilidade com 2027 na linha da PSU). ** Esta rubrica apresenta a totalidade da verba relativa à PSU, incluindo todas as 13 prestações que, em 2025 e 2026, estavam alocadas a outras prestações e que serão substituídas pela PSU em 2027.
B76: Fonte: Ministério do Trabalho, Solidariedade e Segurança Social
B78: NOTA: A versão do quadro «4.17. Principais receitas e despesas da Segurança Social» publicada na página 84 do Relatório que acompanha a Proposta de Orçamento do Estado para 2027 apresenta, por lapso, a ocultação da linha relativa a «pensões de velhice». Esta situação não afeta os cálculos nem os valores finais apresentados. A presente versão reproduz, deste modo, o detalhe integral da informação.

Sheet Q-4.18
B9: Quadro 4.18. Investimentos estruturantes: Administração Central e Segurança Social — Parte I
B10: (milhões de euros)
C11: 2025 | D11: 2026 | E11: 2027 | F11: TOTAL projeto | H11: Entidade Responsável | J11: Inclui PRR
B12: Total | C12: 2845658855 | D12: 9540320025 | E12: 3301377579 | F12: 37324994424 | H12: - | J12: -
B13: Uma política de rendimentos que valoriza o trabalho e a poupança, mérito e a justiça social | C13: 27043406 | D13: 33742004 | E13: 0 | F13: 97759699 | H13: - | J13: -
B14: Promover a inclusão | C14: 27043406 | D14: 33742004 | E14: 0 | F14: 97759699
B15: Acessibilidades 360.º | C15: 10910632 | D15: 6178928 | E15: 0 | F15: 24480592 | H15: INR, I.P. | J15: X
B16: Residência Universitária da Universidade de Lisboa | C16: 16132774 | D16: 27563076 | E16: 0 | F16: 62860660 | H16: UL | J16: -
B17: Remodelação do Pavilhão Portugal | C17: 0 | E17: 0 | F17: 10418447 | H17: UL | J17: -
B18: Reforma do Estado e guerra à burocracia: simplificar a vida dos cidadãos e das empresas | C18: 72693694 | D18: 321277862 | E18: 23906456 | F18: 560310613 | H18: - | J18: -
B19: Reforma da governação, organização e da prestação do setor público administrativo | C19: 58294867 | D19: 199180195 | E19: 23906456 | F19: 388929524
B20: Reforço do quadro geral de segurança | C20: 1273101 | D20: 17477470 | E20: 0 | F20: 20213887 | H20: GAF PCM | J20: X
B21: Reformulação Atendimento Serviços Públicos | C21: 27583106 | D21: 109173558 | E21: 0 | F21: 193444874 | H21: ARTE, I.P | J21: X
B22: Serviços Eletrónicos Sustentáveis | C22: 17264421 | D22: 4351444 | E22: 23906456 | F22: 79268000 | H22: ARTE, I.P | J22: X
B23: Sistemas de Informação de Gestão Financeira Pública | C23: 12174239 | D23: 68177723 | E23: 0 | F23: 96002763 | H23: ESPAP,I.P. | AT | J23: X
B24: Inovação, empreendedorismo e digitalização | C24: 14398827 | D24: 122097667 | E24: 0 | F24: 171381089
B25: Reforço do quadro geral de segurança | C25: 1007434 | D25: 15083173 | E25: 0 | F25: 16873735 | H25: GAF PCM | J25: X
B26: Modernização, simplificação e desburocratização do Estado | C26: 138402 | D26: 15637252 | E26: 0 | F26: 15775654 | H26: GAF PCM | J26: X
B27: Redes Culturais e Transição Digital | C27: 12817599 | D27: 80850335 | E27: 0 | F27: 126431700 | H27: GAF Cultura | J27: X
B28: Desmaterialização da faturação | C28: 435392 | D28: 10526907 | E28: 0 | F28: 12300000 | H28: ARTE, I.P | J28: X
B29: Criar riqueza, acelerar a economia e aumentar o valor acrescentado | C29: 318813343 | D29: 921288284 | E29: 9011661 | F29: 1765477551 | H29: - | J29: -
B30: Alinhar a formação profissional com o mercado e o valor acrescentado | C30: 133049407 | D30: 299549487 | E30: 0 | F30: 654096548
B31: Modernização da Oferta e dos Estabel. de Ensino e da Form. Prof. | C31: 39690895 | D31: 154135998 | E31: 0 | F31: 252166064 | H31: IEFP | J31: X
B32: Centros Tecnológicos Especializados (instalação/modernização) | C32: 93358512 | D32: 145413489 | E32: 0 | F32: 401930484 | H32: IGEFE, IP / AGSE,IP | J32: X
B33: Financiamento e crescimento empresarial | C33: 4109000 | D33: 20891000 | E33: 0 | F33: 25000000
B34: Capacitação Digital das empresas | C34: 4109000 | D34: 20891000 | E34: 0 | F34: 25000000 | H34: ARTE, I.P. | J34: -
B35: Reforçar as condições para maior impacto de todos os investigadores | C35: 27841380 | D35: 200106158 | E35: 8385031 | F35: 320580186
B36: Projeto Teaming | C36: 12643922 | D36: 15453071 | E36: 8266821 | F36: 44037262 | H36: FCT, I.P. | J36: -
B37: PRR Ciência Mais Digital | C37: 14343290 | D37: 176454716 | E37: 33210 | F37: 190831216 | H37: FCT, I.P. | J37: X
B38: Novas Instalações do ISCAL | C38: 0 | D38: 0 | E38: 0 | F38: 16220653 | H38: IPL | J38: -
B39: Instalações MIA Portugal | C39: 800729 | D39: 6807990 | E39: 0 | F39: 35288578 | H39: UC | J39: -
B40: Centro de Valorização e Transferência de Tecnologias - ISCTE | C40: 0 | D40: 0 | E40: 0 | F40: 12154125 | H40: ISCTE - IUL, FP | J40: -
B41: Computação Avançada | C41: 53439 | D41: 1390381 | E41: 85000 | F41: 22048352 | H41: FCT, I.P. | J41: -
B42: Reduzir desigualdades e promover o investimento fora dos grandes centros | C42: 4216794 | D42: 65880535 | E42: 0 | F42: 70247248
B43: Reformulação Atendimento Serviços Públicos | C43: 4216794 | D43: 65880535 | E43: 0 | F43: 70247248 | H43: ARTE, I.P | J43: X
B44: Aumentar a produtividade e o valor acrescentado nos setores primários | C44: 29299390 | D44: 93312501 | E44: 626630 | F44: 169641399
B45: Cadastro Propriedade Rústica e Sistema Monitorização e Ocupação do Solo | C45: 27599645 | D45: 20490188 | E45: 0 | F45: 72109191 | H45: DGT | SGMJ | J45: X
B46: Regadio | C46: 0 | D46: 10839000 | E46: 626630 | F46: 11465630 | H46: IFAP, I.P | J46: -
B47: Meios de prevenção e combate a incêndios rurais | C47: 0 | D47: 27372410 | E47: 0 | F47: 46556194 | H47: ICNF, I.P | J47: X
B48: Eficiência Energética | C48: 1699745 | D48: 34610903 | E48: 0 | F48: 39510384 | H48: FA | J48: X
B49: Aumentar as oportunidades e condições de vida para os jovens em Portugal | C49: 120297372 | D49: 241548603 | E49: 0 | F49: 525912170
B50: Programa Nacional para o Alojamento no Ensino Superior | C50: 120297372 | D50: 241548603 | E50: 0 | F50: 525912170 | H50: AN-Erasmus+ | ISCTE | J50: X
B51: Serviços essenciais a funcionar para todos e com qualidade, com complementaridade entre oferta pública, privada e social | C51: 531780937 | D51: 2644312956 | E51: 633249590 | F51: 6117506180 | H51: - | J51: -
B52: Combater a desigualdade de acesso à saúde | C52: 0 | D52: 0 | E52: 0 | F52: 14761094
B53: Projeto UCCI - Rainha D. Leonor | C53: 0 | D53: 0 | E53: 0 | F53: 14761094 | H53: SCML | J53: -
B54: Transformação digital na saúde | C54: 84738169 | D54: 245897431 | E54: 0 | F54: 390104073
B55: Reforma dos Sistemas de Informação e da Rede de Dados da Saúde | C55: 78273314 | D55: 215202855 | E55: 0 | F55: 352944642 | H55: SPMS | J55: X
B56: Modernização tecnológica do parque de equipamentos médicos pesados do IPO Coimbra | C56: 0 | D56: 14253757 | E56: 0 | F56: 14253757 | H56: IPO Coimbra, EPE | J56: X
B57: Modernização tecnológica do parque de equipamentos médicos pesados do IPO Porto | C57: 6464855 | D57: 16440819 | E57: 0 | F57: 22905674 | H57: IPO Porto, EPE | J57: X
B58: Notas: 1. Não reflete os encargos com as parcerias público-privadas (execução financeira e investimento). 2. Inclui os valores de sinalização e telecomunicações transversais a corredores/linhas. — Montantes resultantes do reporte referente ao primeiro semestre de 2026. — Valores sistematizados a partir de informação reportada pelas entidades executoras e gestoras das Missões de Base Orgânica. — Valores com imposto sobre valor acrescentado (IVA), quando aplicável. — Consideram-se investimentos estruturantes aqueles cujo valor seja superior a 0,01% da despesa das Administrações Públicas e que se encontrem em contratação ou em execução, tal como previsto na alínea k) do nº 1 do artigo 75º da Lei nº 151/2015, de 11 de setembro (Lei de Enquadramento Orçamental, na sua redação atual). — Incluídos projetos no âmbito do Plano de Recuperação e Resiliência de natureza estruturante com procedimentos de contratação iniciados ou em execução. — Os valores apresentados poderão conter diferenças imateriais, resultantes de arredondamentos. Fonte: Ministério das Finanças.

Sheet Q-4.19
B9: Quadro 4.19. Investimentos estruturantes: Administração Central e Segurança Social — Parte II
B10: (milhões de euros)
C11: 2025 | D11: 2026 | E11: 2027 | F11: TOTAL projeto | H11: Entidade Responsável | J11: Inclui PRR
B12: Total | C12: 2845658855 | D12: 9540320025 | E12: 3301377579 | F12: 37324994424 | H12: - | J12: -
B13: Investimentos no SNS | C13: 64402417 | D13: 236241822 | E13: 42842041 | F13: 665919048
B14: Novo Hospital Central do Alentejo | C14: 39974002 | D14: 132060972 | E14: 14568735 | F14: 298015529 | H14: ACSS, I.P. | J14: -
B15: Novo Hospital Lisboa Oriental (Equipamento e Terreno) | C15: 0 | D15: 0 | E15: 0 | F15: 43500000 | H15: ACSS, I.P. | J15: -
B16: IPO de Coimbra | C16: 7492172 | D16: 10849654 | E16: 0 | F16: 40936346 | H16: IPO Coimbra, EPE | J16: -
B17: Centro Hospitalar de Vila Nova de Gaia - Espinho | C17: 555269 | D17: 71262 | E17: 0 | F17: 50120292 | H17: CHVNG/E, EPE | J17: X
B18: Hospital Pediátrico de São João | C18: 0 | D18: 0 | E18: 0 | F18: 26700461 | H18: ULS S. João, E.P.E. | J18: -
B19: Centro de Ambulatório e Radioterapia - Tondela/Viseu | C19: 0 | D19: 20963521 | E19: 7273306 | F19: 28236827 | H19: ULS Dão-Lafóes, EPE | J19: X
B20: Novo Hospital de Proximidade de Sintra (equipamento) | C20: 7340416 | D20: 8083180 | E20: 0 | F20: 21660300 | H20: ULS Amadora/Sintra, EPE | J20: X
B21: Centro Hospitalar de Setúbal | C21: 8746947 | D21: 3846954 | E21: 0 | F21: 23467287 | H21: ULS Arrábida, EPE | J21: -
B22: Centro Nacional de Prontonterapia | C22: 0 | D22: 29000000 | E22: 21000000 | F22: 100000000 | H22: IPO Porto, EPE | J22: -
B23: Qualificação de instalações e equipamentos hospitalares | C23: 293611 | D23: 31366279 | E23: 0 | F23: 33282006 | H23: ULS Alto Alentejo, EPE | J23: X
B24: Modernizar o sistema educativo e confiar nas escolas públicas: mais autonomia para ensinar | C24: 94624302 | D24: 177166110 | E24: 71677876 | F24: 614742440
B25: Programa de Recuperação/Reabilitação de Escolas | C25: 90787584 | D25: 169284669 | E25: 69431667 | F25: 454940717 | H25: CCDRN/C/LVT/ALENT/ALG | J25: X
B26: ES António Arroio | C26: 630823 | D26: 175632 | E26: 0 | F26: 39379936 | H26: CPub, E.P.E. | J26: -
B27: ES João de Barros | C27: 146900 | D27: 3070391 | E27: 152648 | F27: 30938880 | H27: CPub, E.P.E. | J27: -
B28: ES Camões | C28: 0 | D28: 159200 | E28: 0 | F28: 19556443 | H28: CPub, E.P.E. | J28: -
B29: ES Gago Coutinho - Alverca | C29: 0 | D29: 0 | E29: 0 | F29: 19383714 | H29: CPub, E.P.E. | J29: -
B30: ES Monte da Caparica | C30: 0 | D30: 0 | E30: 0 | F30: 17474555 | H30: CPub, E.P.E. | J30: -
B31: Conservatório Nacional de Lisboa | C31: 3058995 | D31: 4476218 | E31: 2093561 | F31: 20530229 | H31: CPub, E.P.E. | J31: -
B32: Construção do Campus de Santiago da Universidade de Aveiro | C32: 0 | D32: 0 | E32: 0 | F32: 12537966 | H32: UA, F.P. | J32: -
B33: Melhorar a aprendizagem: um currículo exigente e flexível para contextos de incerteza | C33: 76428 | D33: 1498545 | E33: 0 | F33: 19511199
B34: Digitalização do Ensino Português no Estrangeiro | C34: 76428 | D34: 1498545 | E34: 0 | F34: 19511199 | H34: Camões, ICL, I.P. | J34: X
B35: Transformar digitalmente o sistema de informação educativo | C35: 18500878 | D35: 72177490 | E35: 0 | F35: 583627153
B36: Transição Digital Educação | C36: 18500878 | D36: 72177490 | E36: 0 | F36: 583627153 | H36: AGSE, I.P. | EduQA, I.P. | DGEstE | SGMEC | J36: X
B37: Património cultural | C37: 76378846 | D37: 185045222 | E37: 0 | F37: 324724837
B38: Requalificação e conservação (Teatros, Museus, Monumentos e palácios do Estado) | C38: 76378846 | D38: 185045222 | E38: 0 | F38: 324724837 | H38: OPART, EPE | PC, I.P. | FSCP, I.P. | J38: X
B39: Diversificar a oferta de mobilidade | C39: 84905511 | D39: 210159298 | E39: 496082773 | F39: 1651036422
B40: Metro de Lisboa | C40: 28121873 | D40: 52439821 | E40: 8000005 | F40: 155594137 | H40: MdL, EPE | J40: -
B41: Metro de Lisboa (Rato-Cais do Sodré) | C41: 45458685 | D41: 53262324 | E41: 59957037 | F41: 383919918 | H41: MdL, EPE | J41: -
B42: Metro de Lisboa (linha vermelha até Alcântara) | C42: 11065880 | D42: 101059234 | E42: 89915694 | F42: 409027917 | H42: MdL, EPE | J42: -
B43: Metro Ligeiro de Superfície (Odivelas/Loures) | C43: 259073 | D43: 3397919 | E43: 338210037 | F43: 702494450 | H43: MdL, EPE | J43: -
B44: Acelerar a transferência modal para o transporte público | C44: 108154386 | D44: 1516127038 | E44: 22646900 | F44: 1853079914
B45: Metro do Porto | C45: 0 | D45: 61992000 | E45: 0 | F45: 61992000 | H45: MdP, S.A. | J45: -
B46: Metro do Porto (Linha Amarela e Rosa) | C46: 0 | D46: 714727745 | E46: 10593375 | F46: 725321120 | H46: MdP, S.A. | J46: -
B47: Metro do Porto (Linha Casa da Música - Santo Ovídio) | C47: 67338168 | D47: 451791371 | E47: 12053525 | F47: 600221872 | H47: MdP, S.A. | J47: X
B48: BRT Boavista - Império | C48: 6306085 | D48: 55717625 | E48: 0 | F48: 93480000 | H48: MdP, S.A. | J48: X
B49: Barcos da Transtejo | C49: 15566394 | D49: 4862596 | E49: 0 | F49: 97064922 | H49: Transtejo, S.A. | J49: -
B50: Eficiência Energética | C50: 18943739 | D50: 227035701 | E50: 0 | F50: 275000000 | H50: FA, I.P. | J50: X
B51: Segurança mais próxima, justiça mais rápida e combate à corrupção | C51: 93772287 | D51: 158015681 | E51: 131257240 | F51: 512854207 | H51: - | J51: -
B52: Investir em novos meios tecnológicos capazes de aumentar a capacidade de vigilância das forças de segurança | C52: 13227749 | D52: 4346948 | E52: 1663919 | F52: 50143545
B53: Centros Operacionais do 112 | C53: 1898461 | D53: 1661833 | E53: 1663919 | F53: 14043157 | H53: SGMAI | J53: X
B54: Novos Radares ANSR | C54: 1669688 | D54: 1640618 | E54: 0 | F54: 5350388 | H54: ANSR | J54: -
B55: Reforço do quadro geral de segurança | C55: 9659600 | D55: 1044497 | E55: 0 | F55: 30750000 | H55: GAF PCM | J55: -
B56: Fortalecimento da capacidade operacional das forças, em especial para combater a criminalidade violenta e grave, o tráfico de droga e a criminalidade organizada | C56: 12068733 | D56: 0 | E56: 0 | F56: 37478486
B57: Aquisição de viaturas para as Forças e Serviços de Segurança | C57: 12068733 | D57: 0 | E57: 0 | F57: 26634269 | H57: SGMAI | J57: -
B58: Embarcações GNR | C58: 0 | D58: 0 | E58: 0 | F58: 10844217 | H58: GNR | J58: -
B59: Fortalecimento da capacidade operacional das forças de emergência e proteção civil | C59: 2799600 | D59: 0 | E59: 0 | F59: 16597125
B60: Veículos Bombeiros | C60: 2799600 | D60: 0 | E60: 0 | F60: 16597125 | H60: ANEPC | J60: X
B61: Promover a celeridade processual | C61: 0 | D61: 8564101 | E61: 15865694 | F61: 24468702
B62: Modernização de Infraestruturas no âmbito da Justiça | C62: 0 | D62: 8564101 | E62: 15865694 | F62: 24468702 | H62: IGFEJ, I.P. | J62: -
B63: Transformação digital da justiça | C63: 59173882 | D63: 132382182 | E63: 113727627 | F63: 360171558
B64: Sistemas de Informação da Justiça | C64: 50102619 | D64: 67438263 | E64: 0 | F64: 160485330 | H64: IRN, I.P. | IGFEJ, I.P. | PJ | DGPJ | J64: X
B65: Modernização de Infraestruturas no âmbito da Justiça | C65: 7035974 | D65: 8139961 | E65: 1494025 | F65: 24761622 | H65: PJ | J65: X
B66: Requalificação e modernização das infraestruturas da justiça | C66: 2035289 | D66: 56803958 | E66: 112233602 | F66: 174924606 | H66: IGFEJ, I.P. | J66: -
B67: Promover a prevenção e reforçar a capacidade de repressão das atividades criminosas | C67: 6502323 | D67: 12722450 | E67: 0 | F67: 23994791
B68: Remodelação de Pavilhões Prisionais | C68: 6502323 | D68: 12722450 | E68: 0 | F68: 23994791 | H68: IGFEJ, I.P. | J68: -
B69: Notas: 1. Não reflete os encargos com as parcerias público-privadas (execução financeira e investimento). 2. Inclui os valores de sinalização e telecomunicações transversais a corredores/linhas. — Montantes resultantes do reporte referente ao primeiro semestre de 2026. — Valores sistematizados a partir de informação reportada pelas entidades executoras e gestoras das Missões de Base Orgânica. — Valores com imposto sobre valor acrescentado (IVA), quando aplicável. — Consideram-se investimentos estruturantes aqueles cujo valor seja superior a 0,01% da despesa das Administrações Públicas e que se encontrem em contratação ou em execução, tal como previsto na alínea k) do nº 1 do artigo 75º da Lei nº 151/2015, de 11 de setembro (Lei de Enquadramento Orçamental, na sua redação atual). — Incluídos projetos no âmbito do Plano de Recuperação e Resiliência de natureza estruturante com procedimentos de contratação iniciados ou em execução. — Os valores apresentados poderão conter diferenças imateriais, resultantes de arredondamentos. Fonte: Ministério das Finanças.
B70: Notas: Fonte: Ministério das Finanças.

Sheet Q-4.20
B9: Quadro 4.20. Investimentos estruturantes: Administração Central e Segurança Social — Parte III
B10: (milhões de euros)
C11: 2025 | D11: 2026 | E11: 2027 | F11: TOTAL projeto | H11: Entidade Responsável | J11: Inclui PRR
B12: Total | C12: 2845658855 | D12: 9540320025 | E12: 3301377579 | F12: 37324994424
B13: Construir Portugal: mobilização de todos para ultrapassar a crise da habitação | C13: 693301164 | D13: 2905333575 | E13: 1061488007 | F13: 7522222280
B14: Mobilizar património imobiliário do Estado e aumentar a oferta de habitação | C14: 14806776 | D14: 65364132 | E14: 15017417 | F14: 181349472
B15: Parque público de habitação a custos acessíveis | C15: 14806776 | D15: 65364132 | E15: 15017417 | F15: 181349472 | H15: IHRU, I.P | FNRE | J15: X
B16: Requalificar e expandir áreas urbanas de forma planeada e integrada | C16: 678494388 | D16: 2839969443 | E16: 1046470590 | F16: 7340872808
B17: Programa de apoio ao acesso à habitação | C17: 546949354 | D17: 2216450925 | E17: 424000000 | F17: 4517649502 | H17: IHRU, I.P. | J17: X
B18: Reabilitação do Parque Habitacional | C18: 11209494 | D18: 22210878 | E18: 10000000 | F18: 174914343 | H18: IHRU, I.P. | J18: -
B19: Bolsa nacional de alojamento urgente e temporário | C19: 21827208 | D19: 138768571 | E19: 0 | F19: 194620963 | H19: IHRU, I.P. | J19: X
B20: Parque público de habitação a custos acessíveis | C20: 98508332 | D20: 462539069 | E20: 612470590 | F20: 2453688000 | H20: IHRU, I.P. | J20: X
B21: As infraestruturas que alavancam o País | C21: 538481097 | D21: 1883411374 | E21: 1069831227 | F21: 16163417340
B22: Modernização da ferrovia e concretização do plano ferroviário nacional, assegurando um sistema moderno e competitivo de transporte de passageiros e de mercadorias | C22: 205641312 | D22: 638547946 | E22: 735785678 | F22: 13648481574
B23: Corredores Complementares | C23: 50992401 | D23: 104155436 | E23: 67611279 | F23: 388600243 | H23: I.P, S.A. | J23: -
B24: Corredor Internacional Norte | C24: 32245937 | D24: 139366443 | E24: 431254520 | F24: 10892981808 | H24: I.P, S.A. | J24: X
B25: Corredor Internacional Sul | C25: 54725209 | D25: 42572649 | E25: 44100200 | F25: 611841335 | H25: I.P, S.A. | J25: -
B26: Corredor Norte-Sul | C26: 20358561 | D26: 63080537 | E26: 61128793 | F26: 401385202 | H26: I.P, S.A. | J26: -
B27: Sistema de Mobilidade do Mondego | C27: 18014505 | D27: 18365429 | E27: 1389685 | F27: 92169352 | H27: I.P, S.A. | MM, S.A. | J27: -
B28: Digitalização do Transporte Ferroviário | C28: 6803664 | D28: 49828882 | E28: 0 | F28: 56632546 | H28: I.P, S.A. | J28: X
B29: Comboios da CP | C29: 0 | D29: 212426644 | E29: 129298173 | F29: 1128145052 | H29: CP, EPE | J29: -
B30: Material Circulante Mondego | C30: 22501035 | D30: 8751926 | E30: 1003028 | F30: 76726036 | H30: MM, S.A. | J30: -
B31: Expandir e modernizar as redes rodoviárias | C31: 173906256 | D31: 229428561 | E31: 106726371 | F31: 959667204
B32: Ligações Transfronteiriças | C32: 0 | D32: 29434176 | E32: 10355832 | F32: 42720000 | H32: CCDR N., e Alg. | J32: X
B33: Missing links - Eixo Rodoviário Aveiro-Águeda | C33: 0 | D33: 40806741 | E33: 0 | F33: 46904300 | H33: CCDR C. | J33: X
B34: Ponte do Mondego (Tirantes) | C34: 4879917 | D34: 340978 | E34: 0 | F34: 16750000 | H34: I.P, S.A. | J34: -
B35: IC17 Cril - Túnel do Grilo | C35: 9874835 | D35: 775623 | E35: 0 | F35: 13996557 | H35: I.P, S.A. | J35: -
B36: IC2/EN1 Asseiceira/Freires e Meirinhas/Pombal | C36: 1378717 | D36: 550429 | E36: 0 | F36: 24983808 | H36: I.P, S.A. | J36: X
B37: IP3 (troço Penacova/Lagoa Azul e outros) | C37: 11593078 | D37: 52433331 | E37: 48071965 | F37: 130470315 | H37: I.P, S.A. | J37: -
B38: Ponte 25 de Abril | C38: 0 | D38: 0 | E38: 0 | F38: 11331670 | H38: I.P, S.A. | J38: -
B39: Ponte Rio Guadiana | C39: 0 | D39: 0 | E39: 0 | F39: 12656188 | H39: I.P, S.A. | J39: -
B40: EN326 - Feira (A32/IC2)/Escariz/Arouca | C40: 0 | D40: 0 | E40: 0 | F40: 28081878 | H40: I.P, S.A. | J40: -
B41: IP5 - Vilar Formoso/Fronteira | C41: 0 | D41: 0 | E41: 0 | F41: 12086711 | H41: I.P, S.A. | J41: -
B42: Ligação do Parq. de Formariz à A3 | C42: 0 | D42: 0 | E42: 0 | F42: 8901585 | H42: I.P, S.A. | J42: -
B43: IC31 Castelo Branco/Monfortinho | C43: 43435 | D43: 779249 | E43: 192102 | F43: 45079304 | H43: I.P, S.A. | J43: -
... B63: EN222 - A32/IC2 (NÓ DE CANEDO) / SERRINHA - MELHORIA DAS ACESSIBILIDADES À ÁREA DE LOCALIZAÇÃO EMPRESARIAL DE LAVAGUEIRAS (CASTELO DE PAIVA) | C63: 0 | D63: 9600000 | E63: 35200000 | F63: 80000000 | H63: I.P, S.A. | J63: -
B64: Notas: 1. Não reflete os encargos com as parcerias público-privadas (execução financeira e investimento). 2. Inclui os valores de sinalização e telecomunicações transversais a corredores/linhas. — Montantes resultantes do reporte referente ao primeiro semestre de 2026. — Valores sistematizados a partir de informação reportada pelas entidades executoras e gestoras das Missões de Base Orgânica. — Valores com imposto sobre valor acrescentado (IVA), quando aplicável. — Consideram-se investimentos estruturantes aqueles cujo valor seja superior a 0,01% da despesa das Administrações Públicas e que se encontrem em contratação ou em execução, tal como previsto na alínea k) do nº 1 do artigo 75º da Lei nº 151/2015, de 11 de setembro (Lei de Enquadramento Orçamental, na sua redação atual). — Incluídos projetos no âmbito do Plano de Recuperação e Resiliência de natureza estruturante com procedimentos de contratação iniciados ou em execução. — Os valores apresentados poderão conter diferenças imateriais, resultantes de arredondamentos. Fonte: Ministério das Finanças.

Sheet Q-4.21
B9: Quadro 4.21. Investimentos estruturantes: Administração Central e Segurança Social — Parte IV
B10: (milhões de euros)
C11: 2025 | D11: 2026 | E11: 2027 | F11: TOTAL projeto | H11: Entidade Responsável | J11: Inclui PRR
B12: Total | C12: 2845658855 | D12: 9540320025 | E12: 3301377579 | F12: 37324994424
B13: Modernizar as infraestruturas energéticas para a competitividade nacional | C13: 129339412 | D13: 842637267 | E13: 168200553 | F13: 1265002563
B14: Remoção de Resíduos Perigosos (São Pedro da Cova) | C14: 0 | D14: 0 | E14: 0 | F14: 15773398 | H14: CCDR N. | J14: -
B15: Projeto Fotovoltaico de Alqueva | C15: 6098652 | D15: 21579334 | E15: 17322014 | F15: 45000000 | H15: EDIA, S.A. | J15: X
B16: Eficiência Energética | C16: 123028348 | D16: 791270345 | E16: 150878539 | F16: 1174229165 | H16: FA | J16: X
B17: Reciclagem e Valorização de Resíduos | C17: 212412 | D17: 29787588 | E17: 0 | F17: 30000000 | H17: FA | J17: X
B18: Garantir capacidade de provisão dos serviços e funções do Estado | C18: 6475171 | D18: 73947181 | E18: 426000 | F18: 83326000
B19: Eficiência Energética | C19: 6475171 | D19: 61047181 | E19: 0 | F19: 70000000 | H19: FA | J19: X
B20: Infraestruturas de acesso de provisão de serviços públicos | C20: 0 | D20: 12900000 | E20: 426000 | F20: 13326000 | H20: ULS Alentejo Central, EPE | J20: -
B21: Assegurar coordenação e planeamento integrado dos investimentos públicos | C21: 23118946 | D21: 98850419 | E21: 58692625 | F21: 206939999
B22: Áreas de Acolhimento Empresarial | C22: 23053616 | D22: 92758466 | E22: 54362400 | F22: 195343999 | H22: CCDR Alg., N, C, L.V.T e Alent. | J22: X
B23: Ligações Transfronteiriças | C23: 65330 | D23: 6091953 | E23: 4330225 | F23: 11596000 | H23: CCDR Alent. | J23: X
B24: Água que Une: salvaguardar o futuro | C24: 43504012 | D24: 47491712 | E24: 33199918 | F24: 316012422
B25: Garantir a segurança de abastecimento à população e aos setores de atividade prevenindo crises hidrológicas | C25: 0 | D25: 0 | E25: 10253641 | F25: 26014488
B26: Plano de Ação Mondego Mais Seguro | C26: 0 | D26: 0 | E26: 10253641 | F26: 26014488 | H26: APA, I.P. | J26: -
B27: Expandir e modernizar as infraestruturas de aproveitamento hidroagrícola | C27: 6774627 | D27: 14094837 | E27: 0 | F27: 51805864
B28: Aproveitamento Hidroagrícola (Óbidos, Amoreira, Cela e Algarve) | C28: 6774627 | D28: 14094837 | E28: 0 | F28: 51805864 | H28: DGADR | J28: X
B29: Expandir e modernizar as infraestruturas de armazenamento | C29: 14497843 | D29: 19730200 | E29: 22862997 | F29: 155110899
B30: Regadio | C30: 14497843 | D30: 19730200 | E30: 22862997 | F30: 155110899 | H30: EDIA, S.A. | J30: -
B31: Restaurar rios e ecossistemas | C31: 18675540 | D31: 9817807 | E31: 83280 | F31: 60470775
B32: Dragagens de manutenção dos portos de pesca | C32: 0 | D32: 0 | E32: 0 | F32: 16333921 | H32: DGRM | J32: -
B33: Dragagens da Zona Superior da Lagoa de Óbidos | C33: 859969 | D33: 0 | E33: 0 | F33: 16420196 | H33: APA, I.P. | J33: -
B34: Alimentação artificial do troço costeiro a sul da Figueira da Foz (Cova-Gala – Costa de Lavos) | C34: 17815571 | D34: 9817807 | E34: 83280 | F34: 27716658 | H34: APA, I.P. | J34: -
B35: Reformar a gestão dos recursos hídricos | C35: 3556002 | D35: 3848868 | E35: 0 | F35: 22610396
B36: Hub Azul (inclui radares) | C36: 3556002 | D36: 3848868 | E36: 0 | F36: 22610396 | H36: IPMA, I.P. | J36: X
B37: Plano de reforço estratégico de investimento em defesa | C37: 526268915 | D37: 625446577 | E37: 339433480 | F37: 4269434132
B38: Cumprir os compromissos de investimento OTAN e organizações multilaterais | C38: 194382310 | D38: 111667379 | E38: 101880128 | F38: 1179883274
B39: Defesa (incluindo Lei de Programação Militar) | C39: 194382310 | D39: 111667379 | E39: 101880128 | F39: 1179883274 | H39: DGRDN | J39: -
B40: Desenvolver e capacitar o setor industrial de defesa nacional | C40: 28337661 | D40: 52117523 | E40: 21791237 | F40: 227739231
B41: Aquisição de meios aéreos (DECIR) | C41: 28337661 | D41: 52117523 | E41: 21791237 | F41: 227739231 | H41: F.Aér. | J41: X
B42: Garantir Forças Armadas capacitadas | C42: 301703787 | D42: 452619692 | E42: 215762115 | F42: 2850456605
B43: Centro de Operações de Defesa e Plataforma Naval | C43: 54483648 | D43: 37113369 | E43: 0 | F43: 178249260 | H43: Mar. | J43: X
B44: Defesa (incluindo Lei de Programação Militar) | C44: 247220139 | D44: 415506323 | E44: 215762115 | F44: 2672207345 | H44: DGRDN | Mar. | Exé. | F.Aér. | J44: -
B45: Aprofundar a integração e o alargamento europeus | C45: 1845157 | D45: 9041983 | E45: 0 | F45: 11355022
B46: Reforço do quadro geral de segurança | C46: 1845157 | D46: 9041983 | E46: 0 | F46: 11355022 | H46: GAF PCM | J46: X
B47: Notas: 1. Não reflete os encargos com as parcerias público-privadas (execução financeira e investimento). 2. Inclui os valores de sinalização e telecomunicações transversais a corredores/linhas. — Montantes resultantes do reporte referente ao primeiro semestre de 2026. — Valores sistematizados a partir de informação reportada pelas entidades executoras e gestoras das Missões de Base Orgânica. — Valores com imposto sobre valor acrescentado (IVA), quando aplicável. — Consideram-se investimentos estruturantes aqueles cujo valor seja superior a 0,01% da despesa das Administrações Públicas e que se encontrem em contratação ou em execução, tal como previsto na alínea k) do nº 1 do artigo 75º da Lei nº 151/2015, de 11 de setembro (Lei de Enquadramento Orçamental, na sua redação atual). — Incluídos projetos no âmbito do Plano de Recuperação e Resiliência de natureza estruturante com procedimentos de contratação iniciados ou em execução. — Os valores apresentados poderão conter diferenças imateriais, resultantes de arredondamentos. Fonte: Ministério das Finanças.
B48: Projeto Fotovoltaico de Alqueva

Sheet Q-4.22
B9: Quadro 4.22. Síntese evolutiva das participações do Estado
B10: (milhões de euros)
C11: 31.12.2025 | E11: Entradas | F11: Saídas | G11: 31.05.2026
C12: Nº Empresas | D12: Montante * | G12: Nº Empresas | H12: Montante *
B13: Carteira principal | C13: 81 | D13: 53405.1 | G13: 81 | H13: 53850.4
B14: Carteira acessória | C14: 22 | D14: 1.7 | E14: 7 | F14: 18 | G14: 11 | H14: 1.3
B15: Nota: * Montante do capital social/estatutário detido pelo Estado através da Entidade do Tesouro e Finanças. Fonte: Entidade do Tesouro e Finanças.

Sheet Q-4.23
B9: Quadro 4.23. Dividendos pagos e/ou a pagar ao Estado / Entidade do Tesouro e Finanças pelas empresas públicas
B10: (euros)
B11: Entidades | C11: OE2026
C12: Capitais Próprios | D12: Resultado Líquido | E12: Dividendos Distribuídos (a) | F12: Execução até 30.05.2026* | H12: Estimativa de 01.06 a 31.12 de 2026 *
B13: APDL- Adm. dos Portos do Douro, Leixões e Viana do Castelo, SA | C13: 459930745 | D13: 13682001 | H13: 142500 | I13: (b)
B14: Caixa Geral de Depósitos, SA | C14: 10427547000 | D14: 1980669405 | E14: 1250000000 | H14: 987500000
B15: Climaespaço, SA | C15: n.d. | D15: 2427318 | E15: 2063216 | H15: 56326 | I15: c)
B16: Docapesca - Portos e Lotas, S.A. | C16: 29981576 | D16: 989912 | E16: 247478 | F16: 185608
B17: EDM - Empresa de Desemvovlimento Mineiro, S.A. | C17: 55151173 | D17: 990053 | E17: 127046 | F17: 102908
B18: IHRU - Instituto da Habitação e da Reabilitação Urbana, IP | C18: n.d. | D18: n.d. | E18: n.d. | H18: 1762656
B19: NAV Portugal, EPE | C19: 100487663 | D19: 5872703 | E19: 2936351 | F19: 7123743 | G19: d)
B20: Parpública, SGPS, SA | C20: n.d. | D20: n.d. | E20: n.d. | H20: 32185960
B21: Parques de Sintra - Monte da Lua, SA | C21: 65645736 | D21: 10094474 | E21: 2523619 | H21: 697780 | I21: (c)
B22: Total | F22: 7412259 | H22: 1022345222
B23: Notas: * Valores em numerário líquidos de imposto sobre o rendimento das pessoas coletivas (IRC). n.a, — Não se aplica. a) Montante total dos dividendos distribuídos. b) Referente ao exercício económico de 2020. c) Montante correspondente à percentagem do capital social detido pela Entidade do Tesouro e Finanças. d) Referente ao exercício económico de 2023 Fonte: Entidade do Tesouro e Finanças.

Sheet Q-4.24
B9: Quadro 4.24. Fluxos financeiros entre Portugal e a União Europeia
B10: (milhões de euros)
C11: 2024 | D11: 2025 | E11: 2026 Estimativa | F11: 2027 Orçamento
B12: 1. Transferências de Portugal para a UE | C12: 2256.4933 | D12: 2730.2784 | E12: 3227.0561 | F12: 3463.0556
B13: Recursos próprios tradicionais (a) | C13: 327.09458 | D13: 371.82084 | E13: 383.55766 | F13: 397.59284
B14: Recursos próprios IVA | C14: 409.848 | D14: 441.231 | E14: 474.7053 | F14: 496.48976
B15: Recursos próprios RNB | C15: 1389.2957 | D15: 1614.002 | E15: 2212.0924 | F15: 2293.555
B16: Recursos Próprios Plástico | C16: 191.72368 | D16: 198.97528 | E16: 174.78009 | F16: 150.72194
B17: Financiamento da redução do RNB Aústria/Dinamarca/Alemanha/Holanda/Suécia | C17: 137.20096 | D17: 145.73624 | E17: 153.68037 | F17: 150.61076
B18: Ajustamentos aos recursos próprios IVA, RNB e Plásticos de anos anteriores (b) | C18: 32.086113 | D18: 158.29664 | E18: 83.028718 | F18: 90.558033
B19: Restituições e reembolsos referentes a pagamentos de anos anteriores (c) | C19: -148.98212 | D19: -106.82991 | E19: -133.70811 | F19: -17.074525
B20: Restituições e reembolsos referentes a pagamentos do próprio ano (d) | C20: 0 | D20: 0 | E20: -25.190893 | F20: 0
B21: Despesas de cobrança Direitos Aduaneiros (e) | C21: -81.773645 | D21: -92.953638 | E21: -95.889415 | F21: -99.39821
B22: 2. Transferências da UE para Portugal (f) | C22: 4848.3911 | D22: 5161.7799 | E22: 9846.7214 | F22: 6567.1073
B23: 2.1 PT2020 | C23: 889.92661 | D23: 37.79001 | E23: 202.45908 | F23: 0
... B56: Saldo global (2-1) | C56: 2591.8978 | D56: 2431.5014 | E56: 6619.6653 | F56: 3104.0517
B57: Legenda: BAR — Reserva de Ajustamento ao Brexit | FAMI — Fundo para o Asilo, a Migração e a Integração | FEAC — Fundo Europeu de Apoio a Carenciados | FEADER — Fundo Europeu Agrícola de Desenvolvimento Rural | FEAGA — Fundo Europeu Agrícola de Garantia | FEAMP — Fundo Europeu dos Assuntos Marítimos e das Pescas | FEDER — Fundo Europeu de Desenvolvimento Regional | FEP — Fundo Europeu das Pescas | FSE — Fundo Social Europeu | FSE+ — Fundo Social Europeu Mais | IFOP — Instrumento Financeiro de Orientação da Pesca | IVA — Imposto sobre o valor acrescentado | MRR — Mecanismo de Recuperação e Resiliência | PEPAC — Plano estratégico da Política Agrícola Comum | PT2020 — Acordo de parceria Portugal 2020 | REACT-EU — Assistência de Recuperação para a Coesão e os Territórios da Europa | RNB — Rendimento nacional bruto | UE — União Europeia. Notas: a) Os montantes expressos no quadro correspondem a valores brutos disponibilizados à Comissão Europeia. A estimativa para 2026 depende da evolução da atividade económica e, em particular, das importações extracomunitárias, influindo sobre o valor bruto de direitos aduaneiros apurados e a disponibilizar à Comunidade Europeia. (b) Inclui os pagamentos de ajustamentos aos recursos próprios IVA, RNB e plásticos de exercícios anteriores e de juros respeitantes a recursos próprios. (c) Respeita aos montantes recebidos por Portugal referentes a restituições de pagamentos ocorridos em anos anteriores nos recursos próprios IVA, RNB e plásticos (reposições não abatidas aos pagamentos). (d) Respeita aos montantes recebidos por Portugal referentes a restituições de pagamentos ocorridos no próprio ano no recurso próprio plásticos (reposições abatidas aos pagamentos). (e) Despesas de cobrança previstas no nº 2 do artigo 9º da Decisão do Conselho nº 2020/2053/UE, EURATOM, de 14 de dezembro, relativa ao Sistema de Recursos Próprios da União Europeia. (f) Trata-se de fluxos de tesouraria, não sendo comparáveis com os valores que constam da proposta de Orçamento do Estado para 2027, que refletem a previsão de execução orçamental dos projetos, ou seja, nesse caso, a receita é registada no momento em que ocorre a despesa. Os valores para 2024 e 2025 correspondem aos da Conta Geral do Estado de 2025, não incluindo programas de ação de iniciativa comunitária e diversos. (g) Devoluções e restituições à Comunidade Europeia no âmbito dos diversos Fundos. (h) Inclui medidas veterinárias. Período de programação do quadro financeiro plurianual da União Europeia 2014-2020. (i) No PT2030, não está previsto fundo do Fundo de Auxílio Europeu às Pessoas mais Carenciadas, sendo que os financiamentos dessa medida/objetivo são integrados no Fundo Social Europeu+. (j) Inclui medidas veterinárias. Período de programação do quadro financeiro plurianual da União Europeia 2021-2027. A partir de 2026, por alteração do reporte do Instituto de Financiamento da Agricultura e Pescas, I.P., inclui Fundo Europeu Agrícola de Garantia (FEAGA) do período de programação do quadro financeiro plurianual da União Europeia 2014-2020, dado que a submissão da declaração do pedido de pagamento do FEAGA junto da Comissão Europeia é única. (k) Referente ao período de programação 2021-2027, tendo passado a Agência para o Desenvolvimento e Coesão a ser o órgão pagador ao abrigo do Decreto-Lei nº 5/2023, de 25 de janeiro. Fontes: Entidade Orçamental, Autoridade Tributária e Aduaneira, Agência para o Desenvolvimento e Coesão I.P. e Instituto de Financiamento da Agricultura e Pescas I.P.

Sheet Q-4.25
B9: Quadro 4.25. Previsão dos encargos plurianuais com as parcerias público-privadas
B10: (milhões de euros)
B11: Setores | C11: 2026 | D11: 2027 | E11: 2028 | F11: 2029 | G11: 2030 | H11: 2031 | I11: 2032 | J11: 2033 | K11: 2034 | L11: 2035 | M11: 2036 | N11: 2037 | O11: 2038 | P11: 2039
B12: Rodoviário | C12: 942.30153 | D12: 888.89318 | E12: 704.67346 | F12: 647.94599 | G12: -220.06936 | H12: 391.07036 | I12: 243.81987 | J12: 153.94945 | K12: 140.33778 | L12: 77.110323 | M12: 3.6565086 | N12: 12.653138 | O12: 21.803691 | P12: 48.54417
B13: encargos brutos | C13: 1229.724 | D13: 1152.0931 | E13: 964.90682 | F13: 863.0127 | G13: 728.26526 | H13: 655.94792 | I13: 473.90453 | J13: 348.95344 | K13: 336.33335 | L13: 275.28816 | M13: 188.92295 | N13: 162.15187 | O13: 183.40823 | P13: 50.469515
B14: receitas | C14: 287.42245 | D14: 263.19989 | E14: 260.23336 | F14: 215.06671 | G14: 948.33462 | H14: 264.87756 | I14: 230.08466 | J14: 195.00398 | K14: 195.99557 | L14: 198.17783 | M14: 185.26644 | N14: 149.49873 | O14: 161.60453 | P14: 1.9253454
B15: Ferroviário | C15: 190.42099 | D15: 311.8163 | E15: 228.2158 | F15: 40.884235 | G15: 132.9146 | H15: 209.04984 | I15: 206.15118 | J15: 193.7134 | K15: 190.3669 | L15: 187.08599 | M15: 184.37319 | N15: 180.71595 | O15: 177.62428 | P15: 174.59324
B16: Saúde | C16: 231.08298 | D16: 253.54378 | E16: 265.83139 | F16: 264.76308 | G16: 268.22916 | H16: 106.37027 | I16: 68.645213 | J16: 65.20559 | K16: 63.265632 | L16: 63.606543 | M16: 64.131813 | N16: 64.595917 | O16: 61.217351 | P16: 53.243398
B17: Aeroportuário | C17: -14.284435 | D17: -13.158487 | E17: -26.112474 | F17: -25.942674 | G17: -25.827376 | H17: -26.186775 | I17: -26.226165 | J17: -39.628542 | K17: -39.984889 | L17: -40.062644 | M17: -40.095724 | N17: -40.230427 | O17: -53.803542 | P17: -53.598415
B18: encargos brutos | C18: 0 | D18: 0 | E18: 0 | F18: 0 | G18: 0 | H18: 0 | I18: 0 | J18: 0 | K18: 0 | L18: 0 | M18: 0 | N18: 0 | O18: 0 | P18: 0
B19: receitas | C19: 14.284435 | D19: 13.158487 | E19: 26.112474 | F19: 25.942674 | G19: 25.827376 | H19: 26.186775 | I19: 26.226165 | J19: 39.628542 | K19: 39.984889 | L19: 40.062644 | M19: 40.095724 | N19: 40.230427 | O19: 53.803542 | P19: 53.598415
B20: Oceanário | C20: -3.0269197 | D20: -3.0773037 | E20: -3.130106 | F20: -3.1169508 | G20: -3.0894582 | H20: -3.0609686 | I20: -3.0330376 | J20: -3.0056543 | K20: -2.9788079 | L20: -2.9524879 | M20: -2.926684 | N20: -2.901386 | O20: -2.8765841 | P20: -2.8522685
B21: encargos brutos | C21: 0 | D21: 0 | E21: 0 | F21: 0 | G21: 0 | H21: 0 | I21: 0 | J21: 0 | K21: 0 | L21: 0 | M21: 0 | N21: 0 | O21: 0 | P21: 0
B22: receitas | C22: 3.0269197 | D22: 3.0773037 | E22: 3.130106 | F22: 3.1169508 | G22: 3.0894582 | H22: 3.0609686 | I22: 3.0330376 | J22: 3.0056543 | K22: 2.9788079 | L22: 2.9524879 | M22: 2.926684 | N22: 2.901386 | O22: 2.8765841 | P22: 2.8522685
... B37: Total | C37: 169.87607 | D37: 144.53381 | E37: 138.87044 | F37: 123.38265 | G37: 120.68558 | H37: 118.32595 | I37: 117.5458 | J37: 115.38054 | K37: 112.27929 | L37: 97.662885 | M37: 86.970439 | N37: 85.536923 | O37: 82.563014 | P37: 3.328425
B39: Setores | C39: 2054 | D39: 2055 | E39: 2056 | F39: 2057 | G39: 2058 | H39: 2059 | I39: 2060 | J39: 2061 | K39: 2062
B40: Rodoviário | C40: - | D40: - | E40: - | F40: - | G40: - | H40: - | I40: - | J40: - | K40: -
B41: Ferroviário | C41: 69.032848 | D41: 41.196537 | E41: 0 | F41: 0 | G41: 0 | H41: 0 | I41: 0 | J41: 0 | K41: 0
B42: Saúde | C42: 5.0777395 | D42: 0 | E42: 0 | F42: 0 | G42: 0 | H42: 0 | I42: 0 | J42: 0 | K42: 0
B43: Aeroportuário | C43: -144.73239 | D43: -143.95901 | E43: -146.68006 | F43: -149.32639 | G43: -148.26907 | H43: -147.4598 | I43: -150.18115 | J43: -152.85077 | K43: -151.72936
B44: encargos brutos | C44: 0 | D44: 0 | E44: 0 | F44: 0 | G44: 0 | H44: 0 | I44: 0 | J44: 0 | K44: 0
B45: receitas | C45: 144.73239 | D45: 143.95901 | E45: 146.68006 | F45: 149.32639 | G45: 148.26907 | H45: 147.4598 | I45: 150.18115 | J45: 152.85077 | K45: 151.72936
B46: Oceanário | C46: 0 | D46: 0 | E46: 0 | F46: 0 | G46: 0 | H46: 0 | I46: 0 | J46: 0 | K46: 0
B47: Total | C47: -70.6218 | D47: -102.76247 | E47: -146.68006 | F47: -149.32639 | G47: -148.26907 | H47: -147.4598 | I47: -150.18115 | J47: -152.85077 | K47: -151.72936
B48: Notas: 1 — Os valores são apresentados em milhões de euros, numa ótica de fluxo de caixa e, quando aplicável, incluem imposto sobre valor acrescentado (IVA) à taxa legal em vigor. 2 — Os valores de 2026 correspondem a estimativas para o fecho do ano, a preços do ano corrente. 3 — Os valores futuros estão a preços constantes de 2027. Fontes: Ministério das Finanças e entidades gestoras das parcerias público-privadas.

Sheet Q-4.26
B9: Quadro 4.26. Estrutura da dívida direta do Estado
B10: (ótica da contabilidade pública; milhões de euros)
B11: Instrumentos | C11: 2025 | E11: 2026(p) | G11: 2027(p)
C12: Montante | D12: % | E12: Montante | F12: % | G12: Montante | H12: %
B13: OT - Obrigações do Tesouro | C13: 170666 | D13: 54.1 | E13: 184288 | F13: 55.5 | G13: 196534 | H13: 56.2
B14: OTRV - Obrigações do Tesouro Rendimento Variável | C14: 612 | D14: 0.2 | E14: 612 | F14: 0.2 | G14: 612 | H14: 0.2
B15: CT - Certificados do Tesouro | C15: 7740 | D15: 2.5 | E15: 6396 | F15: 1.9 | G15: 5770 | H15: 1.6
B16: CA - Certificados de Aforro | C16: 40191 | D16: 12.7 | E16: 47405 | F16: 14.3 | G16: 51188 | H16: 14.6
B17: Dívida de curto prazo em euros | C17: 35431 | D17: 11.2 | E17: 34492 | F17: 10.4 | G17: 36523 | H17: 10.4
B18: da qual: BT - Bilhetes do Tesouro | C18: 10712 | D18: 3.4 | E18: 11680 | F18: 3.5 | G18: 16111 | H18: 4.6
B19: Outra dívida em euros (excluindo empréstimos oficiais) | C19: 7372 | D19: 2.3 | E19: 7082 | F19: 2.1 | G19: 9577 | H19: 2.7
B20: Dívida em moedas não euro (excluindo empréstimos oficiais) | C20: 0 | D20: 0 | E20: 248 | F20: 0.1 | G20: 248 | H20: 0.1
B21: PAEF - Programa de Assistência Económica e Financeira | C21: 43603 | D21: 13.8 | E21: 38603 | F21: 11.6 | G21: 35583 | H21: 10.2
B22: FEEF - Fundo Europeu de Estabilidade Financeira | C22: 23803 | D22: 7.6 | E22: 23003 | F22: 6.9 | G22: 21983 | H22: 6.3
B23: MEEF - Mecanismo Europeu de Estabilização Financeira | C23: 19800 | D23: 6.3 | E23: 15600 | F23: 4.7 | G23: 13600 | H23: 3.9
B24: UE - SURE | C24: 6234 | D24: 2 | E24: 6234 | F24: 1.9 | G24: 6234 | H24: 1.8
... B27: TOTAL | C27: 315237 | D27: 100 | E27: 331823 | F27: 100 | G27: 349972 | H27: 100
B28: Efeito cambial da cobertura de derivados (líquido) | C28: 0 | E28: -6 | G28: -6
B29: Dívida total após cobertura de derivados | C29: 315237 | E29: 331817 | G29: 349966
B30: Nota: (P) Previsão. Fonte: Agência de Gestão da Tesouraria e da Dívida Pública — IGCP, E.P.E.

Sheet Q-4.27
B9: Quadro 4.27. Necessidades e fontes de financiamento do Estado em 2025-2027
B10: (milhões de euros)
C11: 2025 | D11: 2026(p) | E11: 2027(p)
B12: 1. NECESSIDADES LÍQUIDAS DE FINANCIAMENTO | C12: 10625 | D12: 13261 | E12: 16744
B13: Défice Orçamental | C13: 7436 | D13: 9405 | E13: 9566
B14: Aquisição líquida de activos financeiros (excepto privatizações) | C14: 3189 | D14: 4623 | E14: 7178
B15: Receita de privatizações (-) | C15: 0 | D15: 767 | E15: 0
B16: 2. AMORTIZAÇÕES E ANULAÇÕES (Dívida Fundada) | C16: 56976 | D16: 57367 | E16: 58746
B17: Certificados de Aforro + Certificados do Tesouro | C17: 4482 | D17: 5152 | E17: 5061
B18: Dívida de curto prazo em euros | C18: 32976 | D18: 35431 | E18: 34482
B19: Dívida de médio e longo prazo em euros | C19: 19518 | D19: 16786 | E19: 19203
B20: Dívida em moedas não euro | C20: 0 | D20: 0 | E20: 0
B21: Fluxos de capital de swaps (líq.) | C21: 0 | D21: -1 | E21: 0
B22: 3. NECESSIDADES BRUTAS DE FINANCIAMENTO (1. + 2.) | C22: 67601 | D22: 70628 | E22: 75489
B23: 4. FONTES DE FINANCIAMENTO | C23: 67720 | D23: 70887 | E23: 75684
... B31: Relativas ao Orçamento do ano | C31: 65214 | D31: 70791 | E31: 75424
B32: Nota: (p) previsão. Fonte: Agência de Gestão da Tesouraria e da Dívida Pública — IGCP, E.P.E.

Sheet Q-4.28
B9: Quadro 4.28. Composição do financiamento do Estado em 2026
B10: (dívida fundada ao valor de encaixe — ano civil; milhões de euros)
C11: Emissão | D11: Amortização | E11: Líquido
B12: DÍVIDA EURO | C12: 73022 | D12: 57368 | E12: 15654
B13: CA | C13: 9477 | D13: 2263 | E13: 7214
B14: CT | C14: 1546 | D14: 2889 | E14: -1343
B15: CEDIC | C15: 22802 | D15: 24715 | E15: -1914
B16: CEDIM | C16: 830 | D16: 720 | E16: 110
B17: BT | C17: 11680 | D17: 10712 | E17: 968
B18: OT | C18: 22500 | D18: 9562 | E18: 12938
B19: OTRV | C19: 0 | D19: 0 | E19: 0
B20: FEEF | C20: 0 | D20: 800 | E20: -800
B21: MEEF | C21: 0 | D21: 4200 | E21: -4200
B22: SURE | C22: 0 | D22: 0 | E22: 0
B23: PRR | C23: 2197 | D23: 0 | E23: 2197
... B29: TOTAL | C29: 73270 | D29: 57367 | E29: 15903
B30: Legenda: CA — certificados de aforro | CT — certificados do tesouro | CEDIC — certificados especiais de dívida pública de Curto prazo | CEDIM — certificados especiais de dívida pública de médio e longo prazos | BT — bilhetes do tesouro | OT — obrigações do tesouro | OTRV — obrigações do tesouro de rendimento variável | FEEF — Fundo Europeu de Estabilidade Financeira | MEEF — Mecanismo Europeu de Estabilização Financeira | SURE — Support to Mitigate Unemployment Risks in an Emergency (instrumento europeu de apoio temporário para atenuar os riscos de desemprego em situação de emergência) | PRR — Plano de Recuperação e Resiliência | SAFE — Ação para a Segurança da Europa. Fonte: Agência de Gestão da Tesouraria e da Dívida Pública — IGCP, E.P.E.

Sheet Q-4.29
B9: Quadro 4.29. Composição do financiamento do Estado em 2027
B10: (estimativa da dívida fundada ao valor de encaixe — ano civil; milhões de euros)
C11: Emissão | D11: Amortização | E11: Líquido
B12: DÍVIDA EURO | C12: 75424 | D12: 58746 | E12: 16678
B13: CA | C13: 6340 | D13: 2557 | E13: 3783
B14: CT | C14: 1878 | D14: 2504 | E14: -626
B15: CEDIC | C15: 20402 | D15: 22802 | E15: -2400
B16: CEDIM | C16: 0 | D16: 959 | E16: -959
B17: BT | C17: 16111 | D17: 11680 | E17: 4431
B18: OT | C18: 25952 | D18: 15178 | E18: 10774
B19: OTRV | C19: 0 | D19: 0 | E19: 0
B20: FEEF | C20: 0 | D20: 1020 | E20: -1020
B21: MEEF | C21: 0 | D21: 2000 | E21: -2000
B22: SURE | C22: 0 | D22: 0 | E22: 0
B23: PRR | C23: 0 | D23: 0 | E23: 0
... B29: TOTAL | C29: 75424 | D29: 58746 | E29: 16678
B30: Legenda: CA — certificados de aforro | CT — certificados do tesouro | CEDIC — certificados especiais de dívida pública de Curto prazo | CEDIM — certificados especiais de dívida pública de médio e longo prazos | BT — bilhetes do tesouro | OT — obrigações do tesouro | OTRV — obrigações do tesouro de rendimento variável | FEEF — Fundo Europeu de Estabilidade Financeira | MEEF — Mecanismo Europeu de Estabilização Financeira | SURE — Support to Mitigate Unemployment Risks in an Emergency (instrumento europeu de apoio temporário para atenuar os riscos de desemprego em situação de emergência) | PRR — Plano de Recuperação e Resiliência | SAFE — Ação para a Segurança da Europa. Fonte: Agência de Gestão da Tesouraria e da Dívida Pública — IGCP, E.P.E.

Sheet Q-4.30
B9: Quadro 4.30. Situação da tesouraria: saldos pontuais
B10: (milhões de euros)
C11: 45627 | D11: 45992 | E11: jun/26 (p)
B12: Contas no BdP | C12: 6305 | D12: 4288 | E12: 2600
B13: Apli. Financeiras nas IC | C13: 0 | D13: 0 | E13: 0
B14: Apli. Financeiras nos Soberanos | C14: 0 | D14: 0 | E14: 0
B15: Apli. Financeiras em Repos ao abrigo do GMRA | C15: 0 | D15: 0 | E15: 16990
B16: Contas em Divisas | C16: 9 | D16: 6 | E16: 4
B17: Contas Receb. IGCP-DUC | C17: 358 | D17: 344 | E17: 859
B18: Outras Contas Bancárias | C18: 0 | D18: 0 | E18: 0
B19: Contas RCE (Bancos, CTT, SIBS, IRN e Caixas do Tesouro) | C19: 27 | D19: 31 | E19: 161
B20: Depósitos Externos nas IC | C20: 1 | D20: 1 | E20: 1
B21: Cheques a Cobrar | C21: 0 | D21: 0 | E21: 0
B22: Títulos emitidos por Empresas Públicas | C22: 0 | D22: 51 | E22: 51
B23: TOTAL | C23: 6700 | D23: 4721 | E23: 20666
B24: Nota: (p) Preliminar. Legenda: BdP — Banco de Portugal | IC — Instituições de Crédito | GMRA — Global Master Repurchase Agreement | IGCP — Agência de Gestão da Tesouraria e da Dívida Pública — IGCP, E.P.E. | DUC — Documento único de cobrança | SIBS — Sociedade Interbancária de Serviços | IRN — Instituto dos Registos e do Notariado, IP. Fonte: Ministério das Finanças.

Sheet Q-4.31
B9: Quadro 4.31. Centralização de fundos de terceiros
B10: (milhões de euros)
C11: Depósitos à Ordem | D11: Aplicações Financeiras (CEDIC+CEDIM) | E11: Total
B12: 45627 | C12: 7486 | D12: 25970 | E12: 33456
B13: 45992 | C13: 8223 | D13: 26799 | E13: 35022
B14: jun/26 (p) | C14: 24441.1 | D14: 12359.43 | E14: 36800.53
B15: Nota: (p) Provisório. Fonte: Ministério das Finanças.

Sheet Q-4.32
B9: Quadro 4.32. Despesa total consolidada de cada Programa Legado
B10: (milhões de euros)
B11: Programa Legado | C11: 2027 Orçamento | E11: PRR
B12: ÓRGÃOS DE SOBERANIA | C12: 7657.3011 | E12: 0
B13: GOVERNAÇÃO | C13: 794.58462 | E13: 0
B14: REPRESENTAÇÃO EXTERNA | C14: 512.159 | E14: 0
B15: FINANÇAS | C15: 50731.787 | E15: 464.50413
B16: GESTÃO DA DÍVIDA PÚBLICA | C16: 176500.62 | E16: 0
B17: ECONOMIA | C17: 3149.5288 | E17: 532.3737
B18: COESÃO TERRITORIAL | C18: 725.42955 | E18: 38.712123
B19: REFORMA DO ESTADO | C19: 107.63576 | E19: 10.804907
B20: DEFESA | C20: 3798.7789 | E20: 0
B21: INFRAESTRUTURAS E HABITAÇÃO | C21: 8115.7726 | E21: 49.832368
B22: JUSTIÇA | C22: 2128.4424 | E22: 0
B23: SEGURANÇA INTERNA | C23: 3164.0053 | E23: 0
... B34: Despesa total consolidada da Administração Central (3)=(1)-(2) | C34: 257800.01 | E34: 1446.4749
B35: Por memória:
B36: Dotações centralizadas MF (4) | C36: 1833.8533 | E36: 0
B37: Despesa total consolidada da Administração Central - Mapa 1 (5)=(3)+(4) | C37: 259633.86 | E37: 1446.4749
B38: Despesa de ativos e passivos financeiros consolidados (6) | C38: 153554.4 | E38: 53.483603
B39: Diferenças de consolidação (despesa efetiva) (7) | C39: 2.400138 | E39: 0.1803
B40: Despesa efetiva consolidada da Administração Central - Quadro 4.2 (conta AC) (8)=(5)-(6)+(7) | C40: 106081.86 | E40: 1393.1716
B41: Notas: Os valores por Programa legado não incluem a dotação provisional e as dotações centralizadas no Ministério das Finanças, nem as diferenças de consolidação. A despesa total inclui ativos e passivos financeiros. Fonte: Ministério das Finanças.

Sheet Q-4.33
B9: Quadro 4.33. Despesa: atividades e projetos
B10: (milhões de euros)
B11: Programas Legado | C11: 2026 | F11: 2027 | I11: Variação (%) | J11: Estrutura (%)
C12: Estimativa | F12: Orçamento
C13: FC | D13: FN | E13: Total | F13: FC | G13: FN | H13: Total
B14: Atividades | C14: 910.51584 | D14: 136821.15 | E14: 137731.67 | F14: 1288.5066 | G14: 143642.71 | H14: 144931.22 | I14: 5.2272309 | J14: 93.092528
B15: Projetos | C15: 6614.7556 | D15: 11678.658 | E15: 18293.414 | F15: 2621.3596 | G15: 8132.5472 | H15: 10753.907 | I15: -41.214326 | J15: 6.9074721
B16: Despesa Efetiva (a) | C16: 7525.2715 | D16: 148499.81 | E16: 156025.08 | F16: 3909.8662 | G16: 151775.26 | H16: 155685.13 | I16: -0.21788476 | J16: 100
B17: PRR | C17: 5715.1817 | D17: 3277.1978 | E17: 8992.3795 | F17: 955.81092 | G17: 581.48211 | H17: 1537.293 | I17: -82.904491 | J17: 0.98743731
B18: Despesa efetiva s/ PRR | C18: 1810.0898 | D18: 145222.61 | E18: 147032.7 | F18: 2954.0553 | G18: 151193.78 | H18: 154147.83 | I18: 4.839149 | J18: 99.012563
B19: Nota: (a) Valor não consolidado e sem ativos e passivos. Fonte: Ministério das Finanças.

Sheet Q-4.34
B9: Quadro 4.34. Projetos: por tipo de despesa e fonte de financiamento
B10: (milhões de euros)
B11: Valores Totais
C12: 2023 | D12: 2024 | E12: 2025 | F12: 2026 Estimativa | G12: 2027 Orçamento
B13: Despesa Corrente | C13: 1592.6583 | D13: 2472.0409 | E13: 2687.4038 | F13: 3836.6 | G13: 3034.4866
B14: Despesa de Capital | C14: 6296.7951 | D14: 9097.2402 | E14: 10236.097 | F14: 13187.808 | G14: 8164.5524
B15: Despesa total excluíndo transf. do OE p/ SFA's | C15: 7889.4534 | D15: 11569.281 | E15: 12923.501 | F15: 17024.408 | G15: 11199.039
B16: Financiamento Nacional | C16: 4932.9029 | D16: 8264.4349 | E16: 8620.793 | F16: 10405.701 | G16: 8577.6794
B17: Financiamento Comunitário | C17: 2956.5505 | D17: 3304.8462 | E17: 4302.7077 | F17: 6618.7067 | G17: 2621.3596
B18: Despesa total excluíndo transf. do OE p/ SFA's | C18: 7889.4534 | D18: 11569.281 | E18: 12923.501 | F18: 17024.408 | G18: 11199.039
B20: Valores s/ PRR
C21: 2023 | D21: 2024 | E21: 2025 | F21: 2026 Estimativa | G21: 2027 Orçamento
B22: Despesa Corrente | C22: 1170.4706 | D22: 1760.3862 | E22: 1854.8297 | F22: 1876.8159 | G22: 2157.2294
B23: Despesa de Capital | C23: 4465.2061 | D23: 4392.3777 | E23: 4580.9238 | F23: 5580.0624 | G23: 7361.4167
B24: Despesa total excluíndo transf. do OE p/ SFA's | C24: 5635.6767 | D24: 6152.7638 | E24: 6435.7535 | F24: 7456.8783 | G24: 9518.6461
B25: Financiamento Nacional | C25: 4507.2315 | D25: 5064.2516 | E25: 5419.2825 | F25: 6547.8656 | G25: 7853.0975
B26: Financiamento Comunitário | C26: 1128.4451 | D26: 1088.5122 | E26: 1016.471 | F26: 909.01278 | G26: 1665.5487
B27: Despesa total excluíndo transf. do OE p/ SFA's | C27: 5635.6767 | D27: 6152.7638 | E27: 6435.7535 | F27: 7456.8783 | G27: 9518.6461
B28: Nota: O valor da despesa total está de acordo com a execução apurada no âmbito da Conta Geral do Estado de 2023, 2024 e 2025. A despesa total inclui ativos e passivos financeiros e exclui transferências do Orçamento do Estado para entidades com autonomia financeira. Fonte: Ministério das Finanças.

Sheet Q-4.35
B9: Quadro 4.35. Projetos: por Programa Legado
B10: (milhões de euros)
B11: Programa Legado | C11: 2027 Orçamento | F11: por memória
C12: Montante | D12: Estrutura (%) | F12: Montante PRR
B13: ÓRGÃOS DE SOBERANIA | C13: 4.209347 | D13: 0.037586681 | F13: 0
B14: GOVERNAÇÃO | C14: 52.597773 | D14: 0.46966327 | F14: 0
B15: REPRESENTAÇÃO EXTERNA | C15: 14.418585 | D15: 0.12874841 | F15: 0
B16: FINANÇAS | C16: 524.45738 | D16: 4.683057 | F16: 464.50413
B17: GESTÃO DA DÍVIDA PÚBLICA | C17: 0 | D17: 0 | F17: 0
B18: ECONOMIA | C18: 565.2513 | D18: 5.0473197 | F18: 532.3737
B19: COESÃO TERRITORIAL | C19: 109.46023 | D19: 0.97740732 | F19: 38.712123
B20: REFORMA DO ESTADO | C20: 56.827675 | D20: 0.5074335 | F20: 10.804907
B21: DEFESA | C21: 409.64603 | D21: 3.6578678 | F21: 0
B22: INFRAESTRUTURAS E HABITAÇÃO | C22: 6490.1687 | D22: 57.952908 | F22: 49.832368
B23: JUSTIÇA | C23: 147.80096 | D23: 1.3197647 | F23: 0
B24: SEGURANÇA INTERNA | C24: 206.69166 | D24: 1.8456196 | F24: 0
... B34: Despesa Efetiva excluindo transf. do OE p/ SFA | C34: 9008.7724 | D34: 80.438425 | F34: 1537.293
B35: Notas: A despesa total inclui ativos e passivos financeiros e exclui transferências do Orçamento do Estado para entidades com autonomia financeira. A despesa efetiva exclui ativos e passivos financeiros e transferências do Orçamento do Estado para entidades com autonomia financeira. Fonte: Ministério das Finanças.

Sheet Q-4.36
B9: Quadro 4.36. Projetos: por Programa Legado e fonte de financiamento
B10: (milhões de euros)
B11: Programa Legado | C11: 2027 Orçamento
C12: Financiamento nacional | E12: Financiamento europeu | F12: Total
C13: Total (todas as fontes) | D13: das quais receitas de impostos
B14: ÓRGÃOS DE SOBERANIA | C14: 3.669 | D14: 3.069 | E14: 0.540347 | F14: 4.209347
B15: GOVERNAÇÃO | C15: 38.730965 | D15: 2.118513 | E15: 13.866808 | F15: 52.597773
B16: REPRESENTAÇÃO EXTERNA | C16: 13.545585 | D16: 11.420585 | E16: 0.873 | F16: 14.418585
B17: FINANÇAS | C17: 508.21236 | D17: 34.049025 | E17: 16.245014 | F17: 524.45738
B18: GESTÃO DA DÍVIDA PÚBLICA | C18: 0 | D18: 0 | E18: 0 | F18: 0
B19: ECONOMIA | C19: 173.21892 | D19: 22.399808 | E19: 392.03238 | F19: 565.2513
B20: COESÃO TERRITORIAL | C20: 58.119853 | D20: 11.016802 | E20: 51.340374 | F20: 109.46023
B21: REFORMA DO ESTADO | C21: 46.022766 | D21: 4.876742 | E21: 10.804909 | F21: 56.827675
B22: DEFESA | C22: 389.64605 | D22: 305.39099 | E22: 19.99998 | F22: 409.64603
B23: INFRAESTRUTURAS E HABITAÇÃO | C23: 5877.591 | D23: 1063.7623 | E23: 612.57779 | F23: 6490.1687
B24: JUSTIÇA | C24: 103.21158 | D24: 0 | E24: 44.589381 | F24: 147.80096
B25: SEGURANÇA INTERNA | C25: 188.47869 | D25: 117.37954 | E25: 18.21297 | F25: 206.69166
... B34: Despesa Total excluindo transf. do OE p/ SFA | C34: 8577.6794 | D34: 2368.7868 | E34: 2621.3596 | F34: 11199.039
B35: Nota: Despesa total inclui ativos e passivos financeiros e exclui transferências do Orçamento do Estado para entidades com autonomia financeira. Fonte: Ministério das Finanças.

Sheet Q-4.37
B9: Quadro 4.37. Projetos novos e em curso
B10: (milhões de euros)
B11: Programa Legado | C11: 2027 Orçamento
C12: Número de Projetos | F12: Montante
C13: Novos | D13: Em curso | E13: Total | F13: Novos | G13: Em curso | H13: Total
B14: ÓRGÃOS DE SOBERANIA | C14: 1 | D14: 8 | E14: 9 | F14: 0.025145 | G14: 4.184202 | H14: 4.209347
B15: GOVERNAÇÃO | C15: 8 | D15: 17 | E15: 25 | F15: 38.915441 | G15: 13.682332 | H15: 52.597773
B16: REPRESENTAÇÃO EXTERNA | C16: 0 | D16: 5 | E16: 5 | F16: 0 | G16: 14.418585 | H16: 14.418585
B17: FINANÇAS | C17: 3 | D17: 39 | E17: 42 | F17: 34 | G17: 490.45738 | H17: 524.45738
B18: GESTÃO DA DÍVIDA PÚBLICA | C18: 0 | D18: 0 | E18: 0 | F18: 0 | G18: 0 | H18: 0
B19: ECONOMIA | C19: 10 | D19: 49 | E19: 59 | F19: 1.529651 | G19: 563.72165 | H19: 565.2513
B20: COESÃO TERRITORIAL | C20: 21 | D20: 83 | E20: 104 | F20: 10.01623 | G20: 99.443997 | H20: 109.46023
B21: REFORMA DO ESTADO | C21: 5 | D21: 12 | E21: 17 | F21: 45.952766 | G21: 10.874909 | H21: 56.827675
B22: DEFESA | C22: 0 | D22: 61 | E22: 61 | F22: 0 | G22: 409.64603 | H22: 409.64603
B23: INFRAESTRUTURAS E HABITAÇÃO | C23: 11 | D23: 90 | E23: 101 | F23: 566.68963 | G23: 5923.4791 | H23: 6490.1687
B24: JUSTIÇA | C24: 1 | D24: 31 | E24: 32 | F24: 4 | G24: 143.80096 | H24: 147.80096
B25: SEGURANÇA INTERNA | C25: 0 | D25: 31 | E25: 31 | F25: 0 | G25: 206.69166 | H25: 206.69166
... B33: AGRICULTURA E MAR | C33: 7 | D33: 59 | E33: 66 | F33: 12.253167 | G33: 774.39676 | H33: 786.64993
C34: 182 | D34: 929 | E34: 1111 | F34: 847.7581 | G34: 10351.281 | H34: 11199.039
B35: Fonte: Ministério das Finanças.

Sheet Q-4.38
B9: Quadro 4.38. Projetos por agrupamento económico
B10: (milhões de euros)
B11: Despesa por classificação económica | C11: 2027 Orçamento | F11: por memória
C12: Montante | D12: Estrutura (%) | F12: Montante PRR
B13: Despesa Corrente | C13: 3034.4866 | D13: 27.095955 | F13: 877.25719
B14: Despesas com Pessoal | C14: 55.313978 | D14: 0.49391719 | F14: 3.762654
B15: Aquisição de Bens e Serviços | C15: 966.1121 | D15: 8.6267411 | F15: 14.459008
B16: Encargos Correntes da Dívida | C16: 21.472439 | D16: 0.19173466 | F16: 0
B17: Transferências Correntes | C17: 1909.1066 | D17: 17.047058 | F17: 811.64519
B18: - Empresas Públicas | C18: 0.128458 | D18: 0.0011470449 | F18: 0
B19: - Empresas Privadas | C19: 648.32641 | D19: 5.7891254 | F19: 307.97955
B20: - Administração Central | C20: 147.99414 | D20: 1.3214896 | F20: 0.513065
B21: - Administração Regional | C21: 0.494 | D21: 0.0044110928 | F21: 0
B22: - Administração Local | C22: 90.315763 | D22: 0.80645994 | F22: 74.602751
B23: - Famílias | C23: 375.1617 | D23: 3.3499455 | F23: 60.130477
B24: - Outras | C24: 646.68615 | D24: 5.7744789 | F24: 368.41934
... B41: Despesa Total excluindo transf. do OE p/ SFA's | C41: 11199.039 | D41: 100 | F41: 1680.3928
B42: Nota: A despesa total efetiva exclui ativos e passivos financeiros e transferências do Orçamento do Estado para entidades com autonomia financeira. A despesa total inclui ativos e passivos financeiros e exclui transferências do Orçamento do Estado para entidades com autonomia financeira. Fonte: Ministério das Finanças.

Sheet Q-4.39
B9: Quadro 4.39. Projetos: regionalização — óticas NUTS I e II
B10: (milhões de euros)
B11: NUTS I e II | C11: 2027 Orçamento
C12: Montante | D12: Estrutura (%)
B13: Continente | C13: 7395.1816 | D13: 66.034073
B14: Norte | C14: 685.44223 | D14: 6.1205451
B15: Centro | C15: 189.45821 | D15: 1.6917363
B16: Grande Lisboa | C16: 374.02522 | D16: 3.3397975
B17: Oeste e Vale do Tejo | C17: 15.068336 | D17: 0.13455026
B18: Península de Setúbal | C18: 11.609034 | D18: 0.10366098
B19: Alentejo | C19: 116.9922 | D19: 1.0446628
B20: Algarve | C20: 35.953768 | D20: 0.32104333
B21: Várias NUTS II do Continente | C21: 5966.6326 | D21: 53.278077
B22: Açores | C22: 0 | D22: 0
B23: Madeira | C23: 0.065818 | D23: 0.00058771114
B24: Várias NUTS I do País | C24: 3728.4917 | D24: 33.292961
... B26: Despesa Total excluindo transf do OE p/SFA | C26: 11199.039 | D26: 100
B27: Nota: Despesa total inclui ativos e passivos financeiros e exclui transferências do Orçamento do Estado para entidades com autonomia financeira. Fonte: Ministério das Finanças.

Sheet Q-4.40
B9: Quadro 4.40. Plano de Transformação, Recuperação e Resiliência: despesa por Programa Legado
B10: (milhões de euros)
B11: Programa Legado | C11: 2027 Orçamento
B12: GOVERNAÇÃO | C12: 34
B13: REPRESENTAÇÃO EXTERNA | C13: 0
B14: FINANÇAS | C14: 34
B15: GESTÃO DA DÍVIDA PÚBLICA | C15: 0
B16: ECONOMIA | C16: 0
B17: COESÃO TERRITORIAL | C17: 0
B18: REFORMA DO ESTADO | C18: 0
B19: INFRAESTRUTURAS E HABITAÇÃO | C19: 16.6176
B20: JUSTIÇA | C20: 0
B21: SEGURANÇA INTERNA | C21: 0
B22: EDUCAÇÃO | C22: 0
B23: ENSINO SUPERIOR, CIÊNCIA E INOVAÇÃO | C23: 0
... B35: Despesa total consolidada da Administração Central (6)=(3)+(4)+(5) | C35: 267.80163
B36: Fonte: Ministério das Finanças.

Sheet Q-4.41
B9: Quadro 4.41. Quadro plurianual das despesas públicas
B10: (milhões de euros)
B11: Limites de Despesa por Missão de Base Orgânica | I11: Por memória:
B12: Missões de Base Orgânica | C12: QPDP 2027 | D12: OE 2027 | E12: QPDP 2028 | F12: QPDP 2029 | G12: QPDP 2030 | I12: Var. OE2027 / QPDP 2027
B13: ENCARGOS GERAIS DO ESTADO | C13: 8439.4218 | D13: 8177.2107 | E13: 8626.7761 | F13: 8829.577 | G13: 9047.0582 | I13: -262.21114
B14: PRESIDÊNCIA DO CONSELHO DE MINISTROS | C14: 1011.5519 | D14: 1066.9068 | E14: 1023.8622 | F14: 1036.9595 | G14: 1052.5005 | I14: 55.354969
B15: NEGÓCIOS ESTRANGEIROS | C15: 619.12316 | D15: 632.20718 | E15: 623.62001 | F15: 631.21947 | G15: 638.31495 | I15: 13.084026
B16: FINANÇAS | C16: 222755.05 | D16: 230222.98 | E16: 224610.18 | F16: 225626.41 | G16: 226468.22 | I16: 7467.9281
B17: Finanças | C17: 37665.231 | D17: 53692.671 | E17: 38461.321 | F17: 38358.542 | G17: 38108.355 | I17: 16027.44
B18: Gestão da Dívida Pública | C18: 185089.82 | D18: 176530.31 | E18: 186148.86 | F18: 187267.86 | G18: 188359.87 | I18: -8559.5117
B19: ECONOMIA E COESÃO TERRITORIAL | C19: 3209.9266 | D19: 4174.314 | E19: 3319.7236 | F19: 3327.1206 | G19: 3335.89 | I19: 964.38742
B20: Economia | C20: 2371.0164 | D20: 3347.9671 | E20: 2476.0666 | F20: 2478.7432 | G20: 2483.3555 | I20: 976.95069
B21: Coesão Territorial | C21: 838.91027 | D21: 826.34699 | E21: 843.65698 | F21: 848.37743 | G21: 852.53446 | I21: -12.563274
B22: REFORMA DO ESTADO | C22: 74.862011 | D22: 137.64702 | E22: 76.207364 | F22: 77.573599 | G22: 78.83818 | I22: 62.785007
B23: DEFESA NACIONAL | C23: 3804.8688 | D23: 3872.0563 | E23: 3834.602 | F23: 3796.6693 | G23: 3830.1069 | I23: 67.187499
B24: INFRAESTRUTURAS E HABITAÇÃO | C24: 9681.6346 | D24: 9458.0426 | E24: 9494.8209 | F24: 8595.2459 | G24: 8543.5966 | I24: -223.59199
... B40: Total da AC+SS excluindo Gestão da Dívida Pública | C40: 276792.84 | D40: 293346.82 | E40: 289611.15 | F40: 300688.21 | G40: 311316.57 | I40: 16553.981
B42: Projeção de Receitas por Fonte de Financiamento | I42: Por memória:
B43: Fontes de Financiamento | C43: QPDP 2027 | D43: OE 2027 | E43: QPDP 2028 | F43: QPDP 2029 | G43: QPDP 2030 | I43: Var. OE2027 / QPDP 2027
B44: Administração Central e Segurança Social
B45: Receitas de Impostos | C45: 311266.32 | D45: 313167.32 | E45: 317444.71 | F45: 322423.07 | G45: 327899.94 | I45: 1901.0058
B46: Receitas de Fundos Europeus | C46: 4364.2862 | D46: 6155.5767 | E46: 4573.3393 | F46: 4509.6116 | G46: 2984.9728 | I46: 1791.2906
B47: Outras receitas | C47: 146252.05 | D47: 150554.22 | E47: 153741.97 | F47: 161023.39 | G47: 168791.53 | I47: 4302.1725
B48: TOTAL AC+SS | C48: 461882.66 | D48: 469877.13 | E48: 475760.02 | F48: 487956.07 | G48: 499676.44 | I48: 7994.4689
B50: SALDO ESTRUTURAL % | C50: 0.2
B51: Nota: Os valores das colunas «QPDP» correspondem aos incluídos no Anexo II da proposta de Lei nº 70/XVII/1ª, que visa proceder à alteração da Lei nº 73-*B/2025, de 31 de dezembro (Lei das Grandes Opções 2025-2029). Fonte: Ministério das Finanças.

Sheet Q-4.42
B9: Quadro 4.42. Recursos humanos nas Administrações Públicas
B10: (milhões de euros)
B11: Grupo | C11: 46174 | E11: 2026 | F11: Estimativa 2027
C12: Número de funcionários (milhares) | E12: Orçamento (milhões de euros) | F12: Número de funcionários (milhares) | G12: Orçamento (milhões de euros)
B13: Assistentes Operacionais e Técnicos | C13: 262.971 | D13: 768.378 | E13: 34171 | F13: 768.4 | G13: 35983
B14: Educadores, Professores e Investigadores | C14: 177.242
B15: Profissionais de Saúde | C15: 106.609
B16: Técnicos Superiores e Inspetores | C16: 96.113
B17: Forças Armadas, Polícias e Bombeiros | C17: 81.301
B18: Dirigentes | C18: 16.638
B19: Magistrados e Oficiais de Justiça/Registos/Notariado | C19: 14.796
B20: Pessoal da Administração Tributária e Aduaneira | C20: 7.648
B21: Representantes do poder legislativo e de órgãos executivos | C21: 4.622
B22: Diplomatas | C22: 0.438
B23: Fonte: Ministério das Finanças.

Sheet CAP. 5
A5: 5. Orçamentação por Programas e Políticas Públicas Setoriais

Sheet G-5.1
B9: Gráfico 5.1. Despesa da Missão de Base Orgânica Encargos Gerais do Estado desagregada nas principais fontes de financiamento e programas
B11: (milhões de euros)
B30: Legenda: RI — Receitas de impostos; RP — Receitas próprias; FE — Fundos Europeus; TRF — Transferências; P1 — Reforço do sistema de justiça e da atividade judicial; P2 — Transparência, fiscalização e combate à corrupção; P3 — Promoção da representatividade e da cidadania democrática; P4 — Valorização do património institucional e cultural; P5 — Transferências para a Administração Local. Fontes: Ministério das Finanças.

Sheet Q-5.1
B9: Quadro 5.1. Objetivos e indicadores da Missão de Base Orgânica Encargos Gerais do Estado
B10: (milhões de euros)
B11: Código | C11: Designação e objetivo estratégico da MBO | E11: Orçamento
B12: MBO 01 | C12: Encargos Gerais do Estado | E12: 7 657
B13: Objetivo estratégico
B15: Código | C15: Programa / Ação / Objetivo | D15: Indicador
B16: P1 | C16: Reforço do sistema de justiça e da atividade judicial | E16: 295
B17: Ação 1.1 | C17: Apoio à atividade judicial e investigação criminal | E17: 286
B18: Ação 1.2 | C18: Sistemas de informação judiciária | E18: 9
B19: P2 | C19: Transparência, fiscalização e combate à corrupção | E19: 55
B20: Ação 2.1 | C20: Prevenção e combate à corrupção | E20: 3
B21: Ação 2.2 | C21: Controlo da legalidade e regularidade da gestão financeira | E21: 52
B22: P3 | C22: Promoção da representatividade e cidadania democrática | E22: 808
B23: Ação 3.1 | C23: Apoio à atividade parlamentar e órgãos consultivos e de participação | E23: 166
B24: Ação 3.2 | C24: Representação do Estado e proteção de direitos | E24: 622
B25: Ação 3.3 | C25: Regulação e supervisão da comunicação social e garantia do pluralismo | E25: 7
B26: Ação 3.4 | C26: Proteção de direitos fundamentais e da cidadania | E26: 12
B27: P4 | C27: Valorização do património institucional e cultural | E27: 6
... B33: Ação 5.3 | C33: Compensações e apoios às autarquias locais | E33: 110
B34: Fontes: Ministério das Finanças.

Sheet Q-5.2
B9: Quadro 5.2. Órgãos de Soberania (PL01) — Conta do Programa Legado
B10: (milhões de euros)
B11: Classificador Económico | C11: 2026 | E11: 2027 | G11: Variação (%) | H11: Variação (Sem PRR) (%) | I11: Estrutura 2027 (%) | J11: Estrutura 2027 (Sem PRR) (%)
C12: Estimativa | D12: Estimativa (Sem PRR) | E12: Orçamento | F12: Orçamento (Sem PRR)
B13: DESPESA
B14: Despesa corrente | C14: 6608.4758 | D14: 6607.6655 | E14: 7233.8711 | F14: 7233.8711 | G14: 9.463533 | H14: 9.4769565 | I14: 94.470245 | J14: 94.470245
B15: Despesas com o pessoal | C15: 375.90175 | D15: 375.90175 | E15: 424.39697 | F15: 424.39697 | G15: 12.901035 | H15: 12.901035 | I15: 5.5423832 | J15: 5.5423832
B16: Aquisição de bens e serviços | C16: 50.882071 | D16: 50.071777 | E16: 57.937971 | F16: 57.937971 | G16: 13.867164 | H16: 15.709837 | I16: 0.75663697 | J16: 0.75663697
B17: Juros e outros encargos | C17: 0.00318467 | D17: 0.00318467 | E17: 0.004024 | F17: 0.004024 | G17: 26.355321 | H17: 26.355321 | I17: 5.2551153e-05 | J17: 5.2551153e-05
B18: Transferências correntes | C18: 6127.6445 | D18: 6127.6445 | E18: 6690.282 | F18: 6690.282 | G18: 9.1819537 | H18: 9.1819537 | I18: 87.37128 | J18: 87.37128
B19: Subsídios | C19: 53.754465 | D19: 53.754465 | E19: 23.295086 | F19: 23.295086 | G19: -56.663905 | H19: -56.663905 | I19: 0.30422058 | J19: 0.30422058
B20: Outras despesas correntes | C20: 0.2897893 | D20: 0.2897893 | E20: 37.955019 | F20: 37.955019 | G20: n.r. | H20: n.r. | I20: 0.49567097 | J20: 0.49567097
B21: Despesa de capital | C21: 842.755 | D21: 840.90802 | E21: 423.43002 | F21: 423.43002 | G21: -49.75645 | H21: -49.646095 | I21: 5.5297554 | J21: 5.5297554
B22: Investimento | C22: 13.720123 | D22: 11.873145 | E22: 30.526143 | F22: 30.526143 | G22: 122.49175 | H22: 157.10241 | I22: 0.39865408 | J22: 0.39865408
B23: Transferências de capital | C23: 829.03487 | D23: 829.03487 | E23: 392.40388 | F23: 392.40388 | G23: -52.667385 | H23: -52.667385 | I23: 5.1245716 | J23: 5.1245716
B24: Outras despesas de capital | C24: 0 | E24: 0.5 | F24: 0.5 | I24: 0.0065297158 | J24: 0.0065297158
B25: Diferenças de consolidação | C25: 0.079 | D25: 0.079 | E25: 0 | F25: 0
B26: Despesa efetiva consolidada | C26: 7451.3098 | D26: 7448.6525 | E26: 7657.3011 | F26: 7657.3011 | G26: 2.7644981 | H26: 2.8011588
B27: Ativos Financeiros | C27: 1 | D27: 1
B28: Passivos Financeiros
B29: Diferenças de consolidação de ativos e passivos
B30: Despesa total consolidada | C30: 7452.3098 | D30: 7449.6525 | E30: 7657.3011 | F30: 7657.3011 | G30: 2.7507085 | H30: 2.7873594
B31: Da qual: despesa relativa à Descentralização de competências | C31: 1455.3294 | D31: 1455.3294 | E31: 1495.566 | F31: 1495.566 | G31: 2.7647788 | H31: 2.7647788
B32: Despesa total consolidada sem Despesa relativa à Descentralização de competências | C32: 5996.9804 | D32: 5994.3231 | E32: 6161.7351 | F32: 6161.7351 | G32: 2.7472939 | H32: 2.7928416
B33: Receita total consolidada | C33: 7489.4172 | D33: 7486.76 | E33: 7657.3011 | F33: 7657.3011 | G33: 2.2416146 | H33: 2.277095
B35: Saldo Orçamental | C35: 37.107445 | D35: 37.107445
B37: por memória:
B38: Despesas por Fonte de Financiamento consolidada | C38: Orçamento 2026 | D38: Orçamento 2027
B39: Receitas de Impostos | C39: 7127.5268 | D39: 7549.8546
B40: Receitas Próprias | C40: 50.539176 | D40: 15.223385
B41: Fundos Europeus | C41: 1.744244 | D41: 0.590347
B42: Transferências entre entidades | C42: 92.038584 | D42: 91.632757
B43: Diferenças de consolidação
B44: Nota: O presente quadro exclui, nas rubricas de juros, transferências, subsídios, ativos e passivos provenientes e destinados a entidades do Programa Legado. Fonte: Ministério das Finanças.

Sheet Q-5.3
B9: Quadro 5.3. Órgãos de Soberania (PL01) — Dotações específicas
B10: (milhões de euros)
B11: Agregados / Programas Legados | C11: 2026 | D11: 2027 | E11: Variação (%)
C12: Estimativa | D12: Orçamento
B13: ÓRGÃOS DE SOBERANIA | C13: 7104.4082 | D13: 7272.8718 | E13: 2.3712544
B14: ASSEMBLEIA DA REPÚBLICA | C14: 148.38951 | D14: 191.09723 | E14: 28.780819
B15: TRANSFERÊNCIAS ADMINISTRAÇÕES LOCAIS | C15: 6400.5292 | D15: 6493.9613 | E15: 1.4597567
B16: CONSIGNAÇÃO DO IVA AOS MUNICÍPIOS | C16: 126.05699 | D16: 133.84204 | E16: 6.1758176
B17: FUNDO DE FINANCIAMENTO DA DESCENTRALIZAÇÃO | C17: 1455.3294 | D17: 1495.566 | E17: 2.7647788
B18: LEI FINANÇAS LOCAIS | C18: 3930.7409 | D18: 4232.8448 | E18: 7.6856733
B19: OUTRAS | C19: 372.01937 | D19: 133.22175 | E19: -64.189566
B20: PARTICIPAÇÃO VARIÁVEL DOS MUNICÍPIOS NO IRS (CONTINENTE) | C20: 516.38249 | D20: 498.48667 | E20: -3.4656133
B21: TRANSFERÊNCIAS REGIÕES AUTÓNOMAS | C21: 555.48953 | D21: 587.81325 | E21: 5.8189619
B22: FUNDO COESÃO | C22: 121.04512 | D22: 127.42716 | E22: 5.2724436
B23: LEI FINANÇAS REGIONAIS | C23: 434.44441 | D23: 460.38609 | E23: 5.9712331
B24: Fonte: Ministério das Finanças.

Sheet Q-5.4
B9: Quadro 5.4. Órgãos de Soberania (PL01) — Fundo de financiamento da descentralização
B10: (milhões de euros)
B11: Área setorial | C11: Tipologia de encargos | D11: Orçamento 2027
B12: Cultura | C12: Despesas com pessoal | D12: 1186189
C13: Outras despesas | D13: 230967
B14: Saúde | C14: Assistentes operacionais | D14: 53606919
C15: Custos Logísticos | D15: 92296990
C16: Edifícios | D16: 15551913
C17: Seguros e higiene no trabalho | D17: 419601
B18: Educação | C18: Pessoal não docente | D18: 852226642
C19: Apoios alimentares | D19: 90474504
C20: Transporte | D20: 22362169
C21: Escola a tempo inteiro | D21: 99272377
C22: Encargos das Instalações | D22: 93942575
C23: Conservação das instalações | D23: 51619118
C24: Encargos das Instalações – Residências | D24: 194395
C25: Conservação das instalações – Residências | D25: 501906
C26: Equipamentos | D26: 9747528
C27: Contratos interadministrativos | D27: 1855010
C28: Seguros e higiene no trabalho | D28: 7100780
C29: ASE Contratos interadministrativos | D29: 2533985
C30: Transporte e Alojamento | D30: 1537494
B31: Ação social | C31: Recursos Humanos | D31: 18281785
C32: Acordos SAAS | D32: 21144389
C33: Protocolos acordos RSI | D33: 31521547
C34: Subsídios eventuais | D34: 12100961
C35: Instalações e funcionamento | D35: 15744985
C36: Seguros e higiene no trabalho | D36: 103435
B37: TOTAL | D37: 1495566019
B38: Fonte: Ministério das Finanças.

Sheet G-5.2
B9: Gráfico 5.2. Despesa da Missão de Base Orgânica Presidência do Conselho de Ministros desagregada nas principais fontes de financiamento e programas
B11: (milhões de euros)
B30: Legenda: RI — Receitas de impostos; RP — Receitas próprias; FE — Fundos Europeus; TRF — Transferências; P1 — Coordenação governativa, planeamento e informação; P2 — Segurança e soberania nacional; P3 — Imigração; P4 — Comunicação social; P5 — Suporte à atividade da Missão de Base Orgânica. Fontes: Ministério das Finanças e Presidência do Conselho de Ministros.

Sheet Q-5.5
B9: Quadro 5.5. Objetivos e indicadores da Missão de Base Orgânica Presidência do Conselho de Ministros
B10: (milhões de euros)
B11: Código | C11: Designação e objetivo estratégico da MBO | E11: Orçamento
B12: MBO 02 | C12: Presidência do Conselho de Ministros | E12: 795
B13: Objetivo estratégico | C13: Garantir uma coordenação eficiente e ágil no centro do Governo, promover uma política de imigração regulada e humanista, uma comunicação social livre e independente e um Estado seguro fisicamente e no ciberespaço
B15: Código | C15: Programa / Ação / Objetivo | D15: Indicador
B16: P1 | C16: Coordenação governativa, planeamento e informação | E16: 110
B17: Obj. 1.1 | C17: Apoiar a definição e execução das políticas públicas de qualidade | D17: Índice global de reconhecimento do trabalho do PLANAPP pelos parceiros envolvidos na REPLAN e respetivas equipas multissetoriais (Índice 0 a 5)
D18: Taxa de execução das Entidades do P1. Coordenação governativa, planeamento e informação
B19: Ação 1.1 | C19: Apoio à definição e implementação de políticas públicas | E19: 20
B20: Obj. 1.1.1 | C20: Reforçar o apoio do centro do Governo no suporte à decisão e acompanhamento da ação governativa | D20: Percentagem de serviços e produtos apresentados pela SG GOV para efeitos de suporte à decisão política
D21: Percentagem de medidas acompanhadas pela SG GOV em fase de implementação
D22: Taxa de execução do orçamento de atividades da SG GOV
D23: Número de documentos do PLANAPP relevantes para o desenho e a implementação de propostas concretas da Agenda Transformadora
B24: Ação 1.2 | C24: Consultoria, assessoria e aconselhamento jurídicos | E24: 43
B25: Obj. 1.2.1 | C25: Assegurar a prestação de serviços oportuna e tempestivamente | D25: Média de dias úteis para envio de cada parecer CEJURE
D26: Rácio entre a massa salarial e número de processos CEJURE (Euros/processo)
D27: Percentagem de procedimentos de avaliação CRESAP concluídos dentro do período de 4 meses após a respetiva entrada
B28: Ação 1.3 | C28: Produção de informação estatística oficial | E28: 47
B29: Obj. 1.3.1 | C29: Prosseguir com a modernização do sistema de produção estatística | D29: Percentagem das operações estatísticas programadas para 2027 cuja informação é divulgada sem atraso
D30: Número de Relatórios de Retorno de Informação Personalizada nos inquéritos às empresas e instituições
D31: Variação do montante de receitas próprias FF 513 do INE
D32: Número de estudos estatísticos disponibilizados relativos a estimativas da população residente e dos fluxos migratórios (emigração e imigração), com base em dados administrativos
B33: P2 | C33: Segurança e soberania nacional | E33: 78
B34: Obj. 2.1 | C34: Assegurar que Portugal é um dos países mais seguros e resilientes do mundo
B35: Ação 2.1 | C35: Proteção do ciberespaço, das infraestruturas digitais do Estado e informação classificada | E35: 13
B36: Obj. 2.1.1 | C36: Reforçar as capacidades de detecção, prevenção e resposta às ciberameaças e incidentes de cibersegurança
B37: Ação 2.2 | C37: Articulação das forças e dos serviços de segurança | E37: 48
B38: Obj. 2.2.1 | C38: Garantir a articulação eficiente e eficaz entre forças e serviços de segurança
B39: Ação 2.3 | C39: Produção de informações para a salvaguarda da segurança nacional | E39: 16
B40: Obj. 2.3.1 | C40: Intensificar a sensibilização e cooperação institucional com outras entidades públicas e privadas, nacionais e estrangeiras, de modo a garantir uma prevenção e/ou mitigação de fatores geradores de ameaças no território nacional
B41: Obj. 2.3.2 | C41: Incrementar o volume das avaliações de segurança e de risco associadas a ferramentas de inteligência artificial
B42: Obj. 2.3.3 | C42: Incrementar o volume e a audiência de difusão das avaliações de ameaça e de risco associados a fornecedores de alto risco em linha com as responsabilidades do novo regime jurídico de cibersegurança
B43: P3 | C43: Imigração | E43: 135
B44: Obj. 3.1 | C44: Cumprir com o Plano de Ação para as Migrações | D44: Taxa de execução do Plano de Ação para as Migrações
D45: Execução orçamental da AIMA
B46: Ação 3.1 | C46: Regulação da imigração | E46: 108
B47: Obj. 3.1.1 | C47: Assegurar a resolução eficiente e atempada das pendências nos processos de regularização de imigrantes | D47: Número de pendências processuais relativas a Pedidos de ARI
D48: Número de pendências processuais referentes a pedidos de Reagrupamento Familiar
D49: Número de pendências processuais de concessões e renovações de autorizações de residência
D50: Rácio entre a massa salarial (OMNI+DPAQ) e número de processos de regularização de imigrantes (Euros/processo)
B51: Ação 3.2 | C51: Atração de talento | E51: 5
B52: Obj. 3.2.1 | C52: Assegurar a emissão célere e eficiente de vistos no âmbito da migração laboral regulada, contribuindo para a atração de talento | D52: Tempo médio (em dias úteis após recolha dos pareceres das entidades envolvidas) de emissão de pareceres de idoneidade no âmbito do Protocolo de Cooperação para a Migração Laboral Regulada (PCMLR)
D53: Rácio entre a massa salarial (Equipa de PCMLR) e número de processos do PCMLR (Euros/processo)
B54: Ação 3.3 | C54: Acolhimento e integração humanista | E54: 22
B55: Obj. 3.3.1 | C55: Promover a integração sustentável e humanista de imigrantes no mercado de trabalho | D55: Valor do apoio financeiro às associações de imigrantes, às organizações não governamentais e/ou da sociedade civil que operam no setor e aos projetos/programas de imigração.
D56: Número de novos utilizadores da Plataforma Português Online da AIMA
D57: Número de imigrantes integrados em programas de formação e inserção profissional (Programa Integrar para o Mercado) por ano
B58: P4 | C58: Comunicação social | E58: 287
B59: Obj. 4.1 | C59: Assegurar a vitalidade e pluralismo do setor, respeitando a autonomia editorial | D59: Taxa de execução das iniciativas do Plano de Ação para a Comunicação Social (PACS)
D60: Variação do volume de negócios do setor da comunicação social
B61: Ação 4.1 | C61: Sustentabilidade e promoção do serviço público de media | E61: 280
B62: Obj. 4.1.1 | C62: Apoiar a modernização do setor público de media | D62: Taxa de execução dos projetos previstos nos Planos de Investimentos e Modernização da RTP
D63: Grau de execução do investimento em transformação digital
B64: Obj. 4.1.2 | C64: Promover uma reestruturação profunda da RTP | D64: Variação da quota de mercado da RTP (em visualizações)
D65: Rácio de gastos operacionais por volume de negócio («eficiência operacional»)
B66: Ação 4.2 | C66: Execução das políticas públicas de comunicação social | E66: 6.183601
B67: Obj. 4.2.1 | C67: Assegurar a coordenação da execução e a monitorização das políticas públicas no domínio da comunicação social | D67: Taxa de execução das iniciativas do Plano de Ação para a Comunicação Social (PACS)
D68: Execução orçamental do #PortugalMediaLab
B69: P5 | C69: Suporte à atividade da MBO | E69: 184.70108
B70: Ação 5.1 | C70: Apoio à governação | E70: 126.76616
B71: Ação 5.2 | C71: Controlo interno e acompanhamento | E71: 19.549991
B72: Ação 5.3 | C72: Reserva orçamental | E72: 38.384925
B73: Fontes: Ministério das Finanças e Presidência do Conselho de Ministros.

Sheet Q-5.6
B9: Quadro 5.6. Governação (PL02) — Conta do Programa Legado
B10: (milhões de euros)
B11: Classificador Económico | C11: 2026 | E11: 2027 | G11: Variação (%) | H11: Variação (Sem PRR) (%) | J11: Estrutura 2027 (%) | K11: Estrutura 2027 (Sem PRR) (%)
C12: Estimativa | D12: Estimativa (Sem PRR) | E12: Orçamento | F12: Orçamento (Sem PRR)
B13: DESPESA
B14: Despesa corrente | C14: 590.62018 | D14: 567.30966 | E14: 718.06539 | F14: 718.06539 | G14: 21.578201 | H14: 26.573799 | J14: 90.369908 | K14: 90.369908
B15: Despesas com o pessoal | C15: 256.66816 | D15: 256.6116 | E15: 312.01315 | F15: 312.01315 | G15: 21.562855 | H15: 21.58965 | J15: 39.267454 | K15: 39.267454
B16: Aquisição de bens e serviços | C16: 263.2647 | D16: 240.0227 | E16: 304.26595 | F16: 304.26595 | G16: 15.574155 | H16: 26.765487 | J16: 38.292453 | K16: 38.292453
B17: Juros e outros encargos | C17: 6.1124846 | D17: 6.1124846 | E17: 4.521911 | F17: 4.521911 | G17: -26.02172 | H17: -26.02172 | J17: 0.56909118 | K17: 0.56909118
B18: Transferências correntes | C18: 32.209633 | D18: 32.197672 | E18: 32.464355 | F18: 32.464355 | G18: 0.79082506 | H18: 0.82826749 | J18: 4.0857014 | K18: 4.0857014
B19: Subsídios | C19: 4.5 | D19: 4.5 | E19: 4.867997 | F19: 4.867997 | G19: 8.1777111 | H19: 8.1777111 | J19: 0.61264677 | K19: 0.61264677
B20: Outras despesas correntes | C20: 27.865202 | D20: 27.865202 | E20: 59.932032 | F20: 59.932032 | G20: 115.0784 | H20: 115.0784 | J20: 7.5425613 | K20: 7.5425613
B21: Despesa de capital | C21: 81.41742 | D21: 39.026643 | E21: 68.06869 | F21: 68.06869 | G21: -16.395422 | H21: 74.415951 | J21: 8.5665753 | K21: 8.5665753
B22: Investimento | C22: 81.41742 | D22: 39.026643 | E22: 68.06869 | F22: 68.06869 | G22: -16.395422 | H22: 74.415951 | J22: 8.5665753 | K22: 8.5665753
B23: Transferências de capital | C23: 0 | D23: 0 | E23: 0 | F23: 0
B24: Outras despesas de capital | C24: 0
B25: Diferenças de consolidação | C25: 0 | D25: 0 | E25: 0 | F25: 0
B26: Despesa efetiva consolidada | C26: 672.0376 | D26: 606.3363 | E26: 786.13408 | F26: 786.13408 | G26: 16.977693 | H26: 29.653143
B27: Ativos Financeiros | C27: 100 | D27: 100 | E27: 0.126098 | F27: 0.126098 | G27: -99.873902 | H27: -99.873902 | J27: 0.015869675 | K27: 0.015869675
B28: Passivos Financeiros | C28: 1.851929 | D28: 1.851929 | E28: 8.324443 | F28: 8.324443 | G28: 349.5012 | H28: 349.5012 | J28: 1.0476471 | K28: 1.0476471
B29: Diferenças de consolidação de ativos e passivos | C29: 0 | D29: 0 | E29: 0 | F29: 0
B30: Despesa total consolidada | C30: 773.88953 | D30: 708.18823 | E30: 794.58462 | F30: 794.58462 | G30: 2.6741663 | H30: 12.199636
B33: Receita total consolidada | C33: 908.16774 | D33: 842.46645 | E33: 795.91911 | F33: 795.91911 | G33: -12.359901 | H33: -5.5
B35: Saldo Orçamental | C35: 134.27822 | D35: 134.27822 | E35: 1.334489 | F35: 1.334489
B37: por memória:
B38: Despesas por Fonte de Financiamento consolidada | C38: Orçamento 2026 | D38: Orçamento 2027
B39: Receitas de Impostos | C39: 470.6724 | D39: 495.97426
B40: Receitas Próprias | C40: 171.98113 | D40: 216.11582
B41: Fundos Europeus | C41: 85.95438 | D41: 35.985766
B42: Transferências entre entidades | C42: 20.025779 | D42: 46.508774
B43: Diferenças de consolidação | C43: 0 | D43: 0
B44: Nota: O presente quadro exclui, nas rubricas de juros, transferências, subsídios, ativos e passivos provenientes e destinados a entidades do Programa Legado. Fonte: Ministério das Finanças.

Sheet Q-5.7
B9: Quadro 5.7. Governação (PL02) — Dotações específicas
B10: (milhões de euros)
B11: Agregados/Programas Legados | C11: 2026 | D11: 2027 | E11: Variação (%)
C12: Estimativa | D12: Orçamento
B13: GOVERNAÇÃO | C13: 215.65951 | D13: 215.65951
B14: PORTE PAGO / APOIOS À COMUNICAÇÃO SOCIAL | C14: 4.5 | D14: 4.5
B15: TRANSFERÊNCIA DE RECEITA CONSIGNADA | C15: 211.15951 | D15: 211.15951
B16: CONTRIBUIÇÃO SOBRE O AUDIOVISUAL | C16: 211.15951 | D16: 211.15951
B17: Fonte: Ministério das Finanças.

Sheet G-5.3
B9: Gráfico 5.3. Despesa da Missão de Base Orgânica Negócios Estrangeiros desagregada nas principais fontes de financiamento e programas
B11: (milhões de euros)
B30: Legenda: RI — Receitas de impostos; RP — Receitas próprias; FE — Fundos europeus; TRF — Transferências; P1 — Política externa e assuntos europeus; P2 — Cooperação para o desenvolvimento, língua e cultura; P3 — Embaixadas, consulados e missões; P4 — Suporte à atividade da Missão de Base Orgânica. Fontes: Ministério das Finanças e Ministério dos Negócios Estrangeiros.

Sheet Q-5.8
B9: Quadro 5.8. Objetivos e indicadores da Missão de Base Orgânica Negócios Estrangeiros
B10: (milhões de euros)
B11: Código | C11: Designação e objetivo estratégico da MBO | E11: Orçamento
B12: MBO 03 | C12: Negócios Estrangeiros | E12: 512
B13: Objetivo estratégico | C13: Reforçar a posição e a relevância política e geoestratégica de Portugal no cenário internacional
B15: Código | C15: Programa / Ação / Objetivo | D15: Indicador
B16: P1 | C16: Política externa e assuntos europeus | E16: 97
B17: Obj. 1.1 | C17: Reforçar a projeção e influência de Portugal no contexto Europeu e Internacional | D17: Taxa de participação em reuniões internacionais, em particular no âmbito da UE e Nações Unidas, assim como noutras organizações multilaterais em que Portugal é membro (e.g. CPLP)
D18: Percentagem de aumento de contribuições voluntárias
B19: Ação 1.1 | C19: Reforço do papel de Portugal no Mundo | E19: 89
B20: Obj. 1.1.1 | C20: Assegurar a preparação, o acompanhamento e a execução da participação de Portugal no Conselho de Segurança das Nações Unidas, no quadro do mandato, bem como das iniciativas de politica externa da competência da DGPE | D20: Taxa de concretização das iniciativas planeadas, no âmbito da preparação, acompanhamento e execução da Participação de Portugal no Conselho de Segurança das Nações Unidas.
D21: Taxa de iniciativas de politica externa preparadas ou acompanhadas pela DGPE
D22: Taxa de execução de dotação afeta a deslocações e estadas da DGPE
B23: Obj. 1.1.2 | C23: Manter Portugal no Quadro de Honra das contribuições para as Nações Unidas | D23: Percentagem de quotizações pagas dentro do prazo
D24: Volume de contribuições pagas às Nações Unidas
B25: Ação 1.2 | C25: Reforço do papel de Portugal na Europa | E25: 8
B26: Obj. 1.2.1 | C26: Reforçar a participação de Portugal em fóruns europeus | D26: Taxa de participação nas reuniões mais relevantes relativas ao Quadro Financeiro Plurianual e respetivos orçamentos anuais da União Europeia
D27: Taxa de iniciativas realizadas no âmbito da Presidência Rotativa da Aliança dos Países da União Europeia (MED09) a cargo de Portugal em 2027
D28: Taxa de realização de ações de promoção da presença de portugueses em instituições europeias
D29: Taxa de execução da dotação afeta a deslocações e estadas da DGAE
B30: P2 | C30: Cooperação para o desenvolvimento, língua e cultura | E30: 110
B31: Obj. 2.1 | C31: Concretizar reformas e ações no domínio da cooperação para o desenvolvimento e promoção da língua e cultura portuguesas | D31: Percentagem de aumento do contributo do Camões I.P. para a Ajuda Pública ao Desenvolvimento (APD) Nacional
D32: Número de países com programa de cooperação em vigor
B33: Ação 2.1 | C33: Cooperação para o desenvolvimento | E33: 68
B34: Obj. 2.1.1 | C34: Concretizar a reestruturação do Camões - Instituto da Cooperação e da Língua | D34: Taxa de cumprimento do plano de reestruturação
D35: Taxa de execução da dotação afeta à reestruturação
B36: Obj. 2.1.2 | C36: Reforço do contributo de Portugal para Parcerias Para o Desenvolvimento | D36: Taxa de iniciativas de cooperação internacional para o desenvolvimento concretizadas pelo Camões
D37: Taxa de execução do orçamento de cooperação
B38: Ação 2.2 | C38: Promoção da lusofonia | E38: 41
B39: Obj. 2.2.1 | C39: Promover o reconhecimento internacional da língua e da cultura portuguesa | D39: Percentagem de aumento de exames realizados nos sistemas de certificação PLE e PLH desenvolvidos pelo Camões IP
D40: Nº de países com ensino de português apoiado por Portugal
D41: Taxa de execução do orçamento de língua e cultura
B42: P3 | C42: Embaixadas, consulados e missões | E42: 67
B43: Obj. 3.1 | C43: Reforçar a ação do Estado junto das comunidades portuguesas no estrangeiro | D43: Número de visitas oficiais a comunidades portuguesas no estrangeiro
D44: Percentagem do aumento do número de atos consulares realizados nas principais categorias, face ao ano anterior
D45: Número de novos postos consulares / embaixadas
D46: Percentagem de aumento de investimento na rede externa
B47: Ação 3.1 | C47: Coordenação da rede externa | E47: 23
B48: Obj. 3.1.1 | C48: Assegurar a coordenação da rede externa | D48: N.º de contratualizações de apoio financeiro ao associativismo nas comunidades portuguesas
D49: Taxa de execução da verba afeta a apoios ao associativismo
B50: Obj. 3.1.2 | C50: Desenvolver iniciativas que que promovam a ligação económica, social e cultural com a diáspora | D50: Número de inscrições de participantes da diáspora no Fórum Portugal Nação Global
D51: Custo máximo por participante no Fórum Portugal Nação Global
B52: Ação 3.2 | C52: Funcionamento da rede externa | E52: 38
B53: Obj. 3.2.1 | C53: Melhorar o funcionamento da rede externa | D53: Taxa de execução do mecanismo de substituição de trabalhadores dos SPE
D54: Taxa de execução da receita própria arrecadada (no âmbito da receita própria da DGACCP e ECM, em despesa interna dos serviços)
B55: Ação 3.3 | C55: Investimento na rede externa | E55: 7
B56: Obj. 3.3.1 | C56: Assegurar a instalação de novos serviços e a conservação das instalações dos Serviços Periféricos Externos | D56: Taxa de concretização do Plano de Obras
D57: Taxa de execução orçamental do Plano de Obras face à dotação inicial
B58: P4 | C58: Suporte à atividade da MBO | E58: 238
B59: Ação 4.1 | C59: Apoio à governação | E59: 198
B60: Ação 4.2 | C60: Controlo interno e acompanhamento | E60: 1
B61: Ação 4.3 | C61: Reserva orçamental | E61: 32
B62: Ação 4.4 | C62: Projetos transversais | E62: 8
B63: Fontes: Ministério das Finanças e Ministério dos Negócios Estrangeiros.

Sheet Q-5.9
B9: Quadro 5.9. Representação Externa (PL03) — Conta do Programa Legado
B10: (milhões de euros)
B11: Classificador Económico | C11: 2026 | E11: 2027 | G11: Variação (%) | H11: Variação (Sem PRR) (%) | J11: Estrutura 2027 (%) | K11: Estrutura 2027 (Sem PRR) (%)
C12: Estimativa | D12: Estimativa (Sem PRR) | E12: Orçamento | F12: Orçamento (Sem PRR)
B13: DESPESA
B14: Despesa corrente | C14: 462.42945 | D14: 456.23809 | E14: 499.6277 | F14: 499.6277 | G14: 8.0440923 | H14: 9.5102994 | J14: 97.55324 | K14: 97.55324
B15: Despesas com o pessoal | C15: 234.97873 | D15: 234.97873 | E15: 244.43886 | F15: 244.43886 | G15: 4.0259515 | H15: 4.0259515 | J15: 47.727144 | K15: 47.727144
B16: Aquisição de bens e serviços | C16: 70.781756 | D16: 64.590399 | E16: 68.9 | F16: 68.938175 | G16: -2.6045993 | H16: 6.7313037 | J16: 13.460307 | K16: 13.460307
B17: Juros e outros encargos | C17: 0.0025 | D17: 0.0025 | E17: 0.0025 | F17: 0.0025 | G17: 0 | H17: 0 | J17: 0.00048812966 | K17: 0.00048812966
B18: Transferências correntes | C18: 134.51346 | D18: 134.51346 | E18: 130.55267 | F18: 130.55267 | G18: -2.9445298 | H18: -2.9445298 | J18: 25.490653 | K18: 25.490653
B19: Subsídios | C19: 0
B20: Outras despesas correntes | C20: 22.152998 | D20: 22.152998 | E20: 55.69549 | F20: 55.69549 | G20: 151.41288 | H20: 151.41288 | J20: 10.874648 | K20: 10.874648
B21: Despesa de capital | C21: 24.204181 | D21: 18.460281 | E21: 12.531303 | F21: 12.531303 | G21: -48.226701 | H21: -32.117485 | J21: 2.4467603 | K21: 2.4467603
B22: Investimento | C22: 22.788685 | D22: 17.044785 | E22: 10.16 | F22: 10.16 | G22: -55.416471 | H22: -40.392325 | J22: 1.9837589 | K22: 1.9837589
B23: Transferências de capital | C23: 0.070125 | D23: 0.070125 | E23: 0.371303 | F23: 0.371303 | G23: 429.48734 | H23: 429.48734 | J23: 0.072497603 | K23: 0.072497603
B24: Outras despesas de capital | C24: 1.345371 | D24: 1.345371 | E24: 2 | F24: 2 | G24: 48.657879 | H24: 48.657879 | J24: 0.39050373 | K24: 0.39050373
B25: Diferenças de consolidação | C25: 0.826182 | D25: 0.826182 | E25: 0 | F25: 0
B26: Despesa efetiva consolidada | C26: 487.45981 | D26: 475.52456 | E26: 512.159 | F26: 512.159 | G26: 5.0669185 | H26: 7.7040077
B27: Ativos Financeiros
B28: Passivos Financeiros
B29: Diferenças de consolidação de ativos e passivos | C29: 0 | D29: 0 | E29: 0 | F29: 0
B30: Despesa total consolidada | C30: 487.45981 | D30: 475.52456 | E30: 512.159 | F30: 512.159 | G30: 5.0669185 | H30: 7.7040077
B33: Receita total consolidada | C33: 684.49903 | D33: 672.56378 | E33: 512.159 | F33: 512.159 | G33: -25.177541 | H33: -23.8
B35: Saldo Orçamental | C35: 197.03922 | D35: 197.03922 | E35: 0 | F35: 0
B37: por memória:
B38: Despesas por Fonte de Financiamento consolidada | C38: Orçamento 2026 | D38: Orçamento 2027
B39: Receitas de Impostos | C39: 398.76 | D39: 423.92
B40: Receitas Próprias | C40: 23.152906 | D40: 26.760305
B41: Fundos Europeus | C41: 23.466037 | D41: 18.7537
B42: Transferências entre entidades | C42: 40.025 | D42: 42.725
B43: Diferenças de consolidação | C43: 0 | D43: 0
B44: Nota: O presente quadro exclui, nas rubricas de juros, transferências, subsídios, ativos e passivos provenientes e destinados a entidades do Programa Legado. Fonte: Ministério das Finanças.

Sheet G-5.4
B9: Gráfico 5.4. Despesa da Missão de Base Orgânica Finanças desagregada nas principais fontes de financiamento e programas
B11: (milhões de euros)
B30: Legenda: RI — Receitas de impostos; RP — Receitas próprias; FE — Fundos Europeus; TRF — Transferências; P1 — Administração tributária e aduaneira; P2 — Gestão e monitorização da despesa fiscal; P3 — Tesouro e finanças; P4 — Administração Pública; P5 — Obrigações e políticas externas; P6 — Resposta a despesa imprevisíveis e inadiáveis; P7 — Gestão da dívida pública; P8 — Suporte à atividade da Missão de Base Orgânica. Nota: O orçamento da Missão de Base Orgânica inclui diferenças de consolidação no montante de 53 milhões de euros. Fonte: Ministério das Finanças.

Sheet Q-5.10
B9: Quadro 5.10. Objetivos e indicadores da Missão de Base Orgânica Finanças
B10: (milhões de euros)
